Workbook
Name CHK_TOL: Inputs_Con!$F$138
Name SMU: COMMUS_23FS_Model!#REF!
Name SMU: Inputs_Con!$F$146
Name USDMN: COMMUS_23FS_Model!#REF!
Name USDMN: Inputs_Con!$F$148

Sheet ToDo
B3: AW comments 22 July 2025
B5: SHEET | C5: LINK | D5: LINK
A7: =MAX(A$5:A6) + 1 -> 1 | B7: =COMMUS_Model!A1 -> COMMUS_Model | C7: =COMMUS_Model!E1208 -> Government share: excluding payroll & indirect taxes | E7: revised AETR without indirect tax formula
A9: =MAX(A$5:A8) + 1 -> 2 | B9: =Charts!A1 -> Charts | E9: All charts hard coded to specific time period! V.Clunky approach rather than using filters
E10: but at least timeline starts 2006
A12: =MAX(A$5:A11) + 1 -> 3 | B12: =COMMUS_Model!E18 -> 2025 onwards flag | E12: 2024 was hardcoded in formula
E13: Several instances of hardcoding years in formulas. Even if unlikely to change should be made explicit as constants
A15: =MAX(A$5:A14) + 1 -> 4 | B15: =COMMUS_Model!A1 -> COMMUS_Model | C15: =COMMUS_Model!E222 -> Copper sulfide concentrates price ratio future | E15: Strange variation in FS sulphides price versus Cu
E16: Do we know why?
A18: =MAX(A$5:A17) + 1 -> 5 | B18: =COMMUS_Model!$A$1 -> COMMUS_Model | C18: =COMMUS_Model!E191 -> Other copper to copper benchmark ratio | E18: Could alternatively use ratio from FS for this, rather than arbitrary avge of 2 years
A20: =MAX(A$5:A19) + 1 -> 6 | B20: =COMMUS_Model!F486 -> Alternative | E20: Selected cost per unit revenue. Not an appropriate basis for projecting costs. What if Cu price jumps?
E21: Some correlation for sure (if we had data), but not linear and we don't usually model costs that way
A23: =MAX(A$5:A22) + 1 -> 7 | B23: =COMMUS_Model!$A$1 -> COMMUS_Model | C23: ='T&E'!E43 -> Cost inflation from 2022 | E23: created new cost inflation index from 2022, as that’s when costs determined in FS and from unit opex
E24: means about ~10% increase in costs versus original
E25: to consider price esclation for FS case, but I think ok.
A27: =MAX(A$5:A26) + 1 -> 8 | B27: =COMMUS_Model!E1197 -> PARTICIPANT CASHFLOWS | E27: why start the sumproduct calcs in 2011? Does no harm but weird…
A29: =MAX(A$5:A28) + 1 -> 9 | B29: =Scenarios!B28 -> Production case: FS or original | E29: brought these into scenario sheet
B30: =Scenarios!B29 -> Operating costs: FS or original
B31: =Scenarios!B30 -> Capital costs: FS or original
B32: =Scenarios!B31 -> Depreciation: calculated or per FS

Sheet Track
A1: =RIGHT(CELL("filename", $A$3), LEN(CELL("filename", $A$3)) - SEARCH("]", CELL("filename", $A$3))) -> Track
F2: =Track!$F$80 -> 0 | G2: Error chks
F3: =SUM(I9:I78) -> 0 | G3: Track chgs
E4: 23July.1 | F4: <= Compare live results to
I5: =MATCH(E4, L5:P5, 0) -> 2 | J5: Difference | M5: 23July.1 | N5: 21July.1 | O5: Baseline
A6: DASHBOARD PARAMETERS AND RESULTS
B8: Dashboard parameters
E9: =Inputs_Con!E40 -> Copper forecast price | F9: =Inputs_Con!F40 -> IMF_WEO | G9: =Inputs_Con!G40 -> option selected | I9: =IF(ABS(J9) > CHK_TOL, 1, 0) -> 0 | J9: =IF(F9=INDEX(L9:O9, $I$5), 0, 1) -> 0 | M9: IMF_WEO | N9: IMF_WEO | O9: IMF_WEO | R9: Purpose of this sheet is to save a set of baseline results so that the model can be confirmed to be / brought back to baseline, or changes in results over time can be documented. Process for creating a new saved case:
E10: =Inputs_Con!E41 -> Cobalt forecast price | F10: =Inputs_Con!F41 -> IMF_WEO | G10: =Inputs_Con!G41 -> option selected | I10: =IF(ABS(J10) > CHK_TOL, 1, 0) -> 0 | J10: =IF(F10=INDEX(L10:O10, $I$5), 0, 1) -> 0 | M10: IMF_WEO | N10: IMF_WEO | O10: IMF_WEO
E11: =Inputs_Con!E42 -> Cu realized price method | F11: =Inputs_Con!F42 -> SOM_Contract | G11: =Inputs_Con!G42 -> selected | I11: =IF(ABS(J11) > CHK_TOL, 1, 0) -> 0 | J11: =IF(F11=INDEX(L11:O11, $I$5), 0, 1) -> 0 | M11: SOM_Contract | N11: SOM_Contract | O11: %LME(actual)
E12: =Inputs_Con!E43 -> Copper: Realised Price vs LME for "LMEAssumed" | F12: =Inputs_Con!F43 -> 0.95 | G12: =Inputs_Con!G43 -> % | I12: =IF(ABS(J12) > CHK_TOL, 1, 0) -> 0 | J12: =IF(OR(ISTEXT(F12), ISTEXT(INDEX(L12:O12, $I$5))), 0, F12 - INDEX(L12:O12, $I$5)) -> 0 | M12: 0.95 | N12: 0.95 | O12: 0.95
E13: =Inputs_Con!E44 -> Co realized price method | F13: =Inputs_Con!F44 -> SOM_Contract | G13: =Inputs_Con!G44 -> selected | I13: =IF(ABS(J13) > CHK_TOL, 1, 0) -> 0 | J13: =IF(F13=INDEX(L13:O13, $I$5), 0, 1) -> 0 | M13: SOM_Contract | N13: SOM_Contract | O13: %LME(actual) | R13: 1. Select column M
E14: =Inputs_Con!E45 -> Cobalt: Realised Price vs LME for "LMEAssumed" | F14: =Inputs_Con!F45 -> 0.9 | G14: =Inputs_Con!G45 -> % | I14: =IF(ABS(J14) > CHK_TOL, 1, 0) -> 0 | J14: =IF(OR(ISTEXT(F14), ISTEXT(INDEX(L14:O14, $I$5))), 0, F14 - INDEX(L14:O14, $I$5)) -> 0 | M14: 0.9 | N14: 0.9 | O14: 0.9 | R14: 2. Copy column M and immediately Right click insert copied cells. This duplicates the existing saved results set
E15: =Inputs_Con!E46 -> Apply selling costs FS23 | F15: =Inputs_Con!F46 -> no | G15: =Inputs_Con!G46 -> selected | I15: =IF(ABS(J15) > CHK_TOL, 1, 0) -> 0 | J15: =IF(OR(ISTEXT(F15), ISTEXT(INDEX(L15:O15, $I$5))), 0, F15 - INDEX(L15:O15, $I$5)) -> 0 | M15: no | N15: no | O15: Yes | R15: 3. Now copy the live results from column F
E16: =Scenarios!B$45 -> Discount rate | F16: =Scenarios!C$45 -> 0.1 | G16: =Inputs_Con!G21 -> %nominal | I16: =IF(ABS(J16) > CHK_TOL, 1, 0) -> 0 | J16: =IF(OR(ISTEXT(F16), ISTEXT(INDEX(L16:O16, $I$5))), 0, F16 - INDEX(L16:O16, $I$5)) -> 0 | M16: 0.1 | N16: 0.1 | O16: 0.1
E17: =Inputs_Con!E$29 -> Forecast / point forward year | F17: =Inputs_Con!F$29 -> 2025 | G17: =Inputs_Con!G$29 -> year | I17: =IF(ABS(J17) > CHK_TOL, 1, 0) -> 0 | J17: =IF(OR(ISTEXT(F17), ISTEXT(INDEX(L17:O17, $I$5))), 0, F17 - INDEX(L17:O17, $I$5)) -> 0 | M17: 2025 | N17: 2025 | O17: 2025 | R17: 4. Paste as values over the newly created duplicate saved results
E18: =Inputs_Con!E$33 -> Copper production sensitivity (forecast period) | F18: =Inputs_Con!F$33 -> 1 | G18: =Inputs_Con!G$33 -> % | I18: =IF(ABS(J18) > CHK_TOL, 1, 0) -> 0 | J18: =IF(OR(ISTEXT(F18), ISTEXT(INDEX(L18:O18, $I$5))), 0, F18 - INDEX(L18:O18, $I$5)) -> 0 | M18: 1 | N18: 1 | O18: 1 | R18: 5. Rename the new saved results case in row 4
E19: =Inputs_Con!E$34 -> Cobalt production sensitivity (forecast period) | F19: =Inputs_Con!F$34 -> 1 | G19: =Inputs_Con!G$34 -> % | I19: =IF(ABS(J19) > CHK_TOL, 1, 0) -> 0 | J19: =IF(OR(ISTEXT(F19), ISTEXT(INDEX(L19:O19, $I$5))), 0, F19 - INDEX(L19:O19, $I$5)) -> 0 | M19: 1 | N19: 1 | O19: 1 | R19: 6. Track sheet will show differences between live results and saved case selected at E4
E20: =Inputs_Con!E$35 -> Operating cost Sensitivity (forecast period) | F20: =Inputs_Con!F$35 -> 1 | G20: =Inputs_Con!G$35 -> % | I20: =IF(ABS(J20) > CHK_TOL, 1, 0) -> 0 | J20: =IF(OR(ISTEXT(F20), ISTEXT(INDEX(L20:O20, $I$5))), 0, F20 - INDEX(L20:O20, $I$5)) -> 0 | M20: 1 | N20: 1 | O20: 1 | R20: 7. Additional results and/or parameters can be added to results set
E21: =Inputs_Con!E$36 -> Capital cost sensitivity (forecast period) | F21: =Inputs_Con!F$36 -> 1 | G21: =Inputs_Con!G$36 -> % | I21: =IF(ABS(J21) > CHK_TOL, 1, 0) -> 0 | J21: =IF(OR(ISTEXT(F21), ISTEXT(INDEX(L21:O21, $I$5))), 0, F21 - INDEX(L21:O21, $I$5)) -> 0 | M21: 1 | N21: 1 | O21: 1
E22: =Inputs_TS!E$122 -> Cobalt Payable Rate applied in model | F22: =Inputs_TS!F$122 -> 0.7 | G22: =Inputs_TS!G$122 -> % | I22: =IF(ABS(J22) > CHK_TOL, 1, 0) -> 0 | J22: =IF(OR(ISTEXT(F22), ISTEXT(INDEX(L22:O22, $I$5))), 0, F22 - INDEX(L22:O22, $I$5)) -> 0 | M22: 0.7 | N22: 0.7 | O22: 0.7
E23: =Inputs_TS!E$114 -> Som contract: placeholder assumption of third party sales: Cu | F23: =Inputs_TS!F$114 -> 0.5 | G23: =Inputs_TS!G$114 -> % | I23: =IF(ABS(J23) > CHK_TOL, 1, 0) -> 0 | J23: =IF(OR(ISTEXT(F23), ISTEXT(INDEX(L23:O23, $I$5))), 0, F23 - INDEX(L23:O23, $I$5)) -> 0 | M23: 0.5 | N23: 0.5 | O23: 0.5
B25: =Dashboard!C$19 -> Project cashflows from: 2025
E26: =Dashboard!C$20 -> Copper production incl Sens. | F26: =Dashboard!D$20 -> 770.0305 | G26: =Dashboard!E$20 -> KT Cu | I26: =IF(ABS(J26) > CHK_TOL, 1, 0) -> 0 | J26: =IF(OR(ISTEXT(F26), ISTEXT(INDEX(L26:O26, $I$5))), 0, F26 - INDEX(L26:O26, $I$5)) -> 0 | M26: 770.0305 | N26: 770.0305 | O26: 770.0305
E27: =Dashboard!C$21 -> Cobalt production incl Sens. | F27: =Dashboard!D$21 -> 12.494163 | G27: =Dashboard!E$21 -> KT Co | I27: =IF(ABS(J27) > CHK_TOL, 1, 0) -> 0 | J27: =IF(OR(ISTEXT(F27), ISTEXT(INDEX(L27:O27, $I$5))), 0, F27 - INDEX(L27:O27, $I$5)) -> 0 | M27: 12.494163 | N27: 12.494163 | O27: 12.494163
E28: =Dashboard!C$22 -> Ratio Co to Cu production | F28: =Dashboard!D$22 -> 0.016225543 | G28: =Dashboard!E$22 -> ratio | I28: =IF(ABS(J28) > CHK_TOL, 1, 0) -> 0 | J28: =IF(OR(ISTEXT(F28), ISTEXT(INDEX(L28:O28, $I$5))), 0, F28 - INDEX(L28:O28, $I$5)) -> 0 | M28: 0.016225543 | N28: 0.016225543 | O28: 0.016225543
E29: =Dashboard!C$23 -> Copper net revenue | F29: =Dashboard!D$23 -> 6407.5024 | G29: =Dashboard!E$23 -> $ mn | I29: =IF(ABS(J29) > CHK_TOL, 1, 0) -> 0 | J29: =IF(OR(ISTEXT(F29), ISTEXT(INDEX(L29:O29, $I$5))), 0, F29 - INDEX(L29:O29, $I$5)) -> 0 | M29: 6407.5024 | N29: 6407.5024 | O29: 5511.1985
E30: =Dashboard!C$24 -> Cobalt net revenue | F30: =Dashboard!D$24 -> 327.94018 | G30: =Dashboard!E$24 -> $ mn | I30: =IF(ABS(J30) > CHK_TOL, 1, 0) -> 0 | J30: =IF(OR(ISTEXT(F30), ISTEXT(INDEX(L30:O30, $I$5))), 0, F30 - INDEX(L30:O30, $I$5)) -> 0 | M30: 327.94018 | N30: 327.94018 | O30: 302.28961
E31: =Dashboard!C$25 -> Total net revenue | F31: =Dashboard!D$25 -> 6735.4425 | G31: =Dashboard!E$25 -> $ mn | I31: =IF(ABS(J31) > CHK_TOL, 1, 0) -> 0 | J31: =IF(OR(ISTEXT(F31), ISTEXT(INDEX(L31:O31, $I$5))), 0, F31 - INDEX(L31:O31, $I$5)) -> 0 | M31: 6735.4425 | N31: 6735.4425 | O31: 5813.4881
E32: =Dashboard!C$26 -> Operating costs, including Sens. | F32: =Dashboard!D$26 -> 4000.4894 | G32: =Dashboard!E$26 -> $ mn | I32: =IF(ABS(J32) > CHK_TOL, 1, 0) -> 0 | J32: =IF(OR(ISTEXT(F32), ISTEXT(INDEX(L32:O32, $I$5))), 0, F32 - INDEX(L32:O32, $I$5)) -> 0 | M32: 4000.4894 | N32: 3623.4971 | O32: 3639.1088
E33: =Dashboard!C$27 -> Capital costs, including Sens. | F33: =Dashboard!D$27 -> 0 | G33: =Dashboard!E$27 -> $ mn | I33: =IF(ABS(J33) > CHK_TOL, 1, 0) -> 0 | J33: =IF(OR(ISTEXT(F33), ISTEXT(INDEX(L33:O33, $I$5))), 0, F33 - INDEX(L33:O33, $I$5)) -> 0 | M33: 0 | N33: 0 | O33: 0
E34: =Dashboard!C$28 -> Project costs | F34: =Dashboard!D$28 -> 4000.4894 | G34: =Dashboard!E$28 -> $ mn | I34: =IF(ABS(J34) > CHK_TOL, 1, 0) -> 0 | J34: =IF(OR(ISTEXT(F34), ISTEXT(INDEX(L34:O34, $I$5))), 0, F34 - INDEX(L34:O34, $I$5)) -> 0 | M34: 4000.4894 | N34: 3623.4971 | O34: 3639.1088
E35: =Dashboard!C$29 -> Project cashflows before fiscal regime | F35: =Dashboard!D$29 -> 2734.9532 | G35: =Dashboard!E$29 -> $ mn | I35: =IF(ABS(J35) > CHK_TOL, 1, 0) -> 0 | J35: =IF(OR(ISTEXT(F35), ISTEXT(INDEX(L35:O35, $I$5))), 0, F35 - INDEX(L35:O35, $I$5)) -> 0 | M35: 2734.9532 | N35: 3111.9454 | O35: 2174.3794
B37: ="Participant results USD mn real from: " & $F$17 -> Participant results USD mn real from: 2025
E38: =Dashboard!C$34 -> Government revenues excl Gecamines participation | F38: =Dashboard!D$34 -> 1466.4175 | G38: $ mn | I38: =IF(ABS(J38) > CHK_TOL, 1, 0) -> 0 | J38: =IF(OR(ISTEXT(F38), ISTEXT(INDEX(L38:O38, $I$5))), 0, F38 - INDEX(L38:O38, $I$5)) -> 0 | M38: 1466.4175 | N38: 1561.3685 | O38: 1225.6276
E39: =Dashboard!C$35 -> Gecamines share of cashflows after repaying loan | F39: =Dashboard!D$35 -> 577.20002 | G39: $ mn | I39: =IF(ABS(J39) > CHK_TOL, 1, 0) -> 0 | J39: =IF(OR(ISTEXT(F39), ISTEXT(INDEX(L39:O39, $I$5))), 0, F39 - INDEX(L39:O39, $I$5)) -> 0 | M39: 577.20002 | N39: 663.78993 | O39: 451.47101
E40: =Dashboard!C$36 -> Government revenues incl Gecamines | F40: =Dashboard!D$36 -> 2043.6175 | G40: $ mn | I40: =IF(ABS(J40) > CHK_TOL, 1, 0) -> 0 | J40: =IF(OR(ISTEXT(F40), ISTEXT(INDEX(L40:O40, $I$5))), 0, F40 - INDEX(L40:O40, $I$5)) -> 0 | M40: 2043.6175 | N40: 2225.1584 | O40: 1677.0986
E41: =Dashboard!C$37 -> Zijin final cashflows | F41: =Dashboard!D$37 -> 1054.7018 | G41: $ mn | I41: =IF(ABS(J41) > CHK_TOL, 1, 0) -> 0 | J41: =IF(OR(ISTEXT(F41), ISTEXT(INDEX(L41:O41, $I$5))), 0, F41 - INDEX(L41:O41, $I$5)) -> 0 | M41: 1054.7018 | N41: 1212.9252 | O41: 824.96066
E42: =Dashboard!C$38 -> Net debt cashflows: 3rd party lenders | F42: =Dashboard!D$38 -> 31.6821 | G42: $ mn | I42: =IF(ABS(J42) > CHK_TOL, 1, 0) -> 0 | J42: =IF(OR(ISTEXT(F42), ISTEXT(INDEX(L42:O42, $I$5))), 0, F42 - INDEX(L42:O42, $I$5)) -> 0 | M42: 31.6821 | N42: 31.6821 | O42: 31.6821
E43: =Dashboard!C$39 -> Additional govt revenues incl. in project costs | F43: =Dashboard!D$39 -> 395.04833 | G43: $ mn | I43: =IF(ABS(J43) > CHK_TOL, 1, 0) -> 0 | J43: =IF(OR(ISTEXT(F43), ISTEXT(INDEX(L43:O43, $I$5))), 0, F43 - INDEX(L43:O43, $I$5)) -> 0 | M43: 395.04833 | N43: 357.82034 | O43: 359.36199
E44: =Dashboard!C$41 -> Government share: excluding payroll & indirect taxes | F44: =Dashboard!D$41 -> 0.39173219 | G44: % | I44: =IF(ABS(J44) > CHK_TOL, 1, 0) -> 0 | M44: 0.39173219 | N44: 0.45515857 | O44: 0.49672254
E45: =Dashboard!C$42 -> Government share: excluding Gecamines | F45: =Dashboard!D$42 -> 0.53617647 | G45: % | I45: =IF(ABS(J45) > CHK_TOL, 1, 0) -> 0 | J45: =IF(OR(ISTEXT(F45), ISTEXT(INDEX(L45:O45, $I$5))), 0, F45 - INDEX(L45:O45, $I$5)) -> 0 | M45: 0.53617647 | N45: 0.5017339 | O45: 0.56366778
E46: =Dashboard!C$43 -> Government share: including Gecamines | F46: =Dashboard!D$43 -> 0.74722213 | G46: % | I46: =IF(ABS(J46) > CHK_TOL, 1, 0) -> 0 | J46: =IF(OR(ISTEXT(F46), ISTEXT(INDEX(L46:O46, $I$5))), 0, F46 - INDEX(L46:O46, $I$5)) -> 0 | M46: 0.74722213 | N46: 0.71503774 | O46: 0.77129991
B48: ="Participant results USD mn NPV from: " & F17 -> Participant results USD mn NPV from: 2025
E49: =Dashboard!C$34 -> Government revenues excl Gecamines participation | F49: =Dashboard!E$34 -> 1069.6507 | G49: $ mn | I49: =IF(ABS(J49) > CHK_TOL, 1, 0) -> 0 | J49: =IF(OR(ISTEXT(F49), ISTEXT(INDEX(L49:O49, $I$5))), 0, F49 - INDEX(L49:O49, $I$5)) -> 0 | M49: 1069.6507 | N49: 1136.9526 | O49: 895.70139
E50: =Dashboard!C$35 -> Gecamines share of cashflows after repaying loan | F50: =Dashboard!E$35 -> 432.53988 | G50: $ mn | I50: =IF(ABS(J50) > CHK_TOL, 1, 0) -> 0 | J50: =IF(OR(ISTEXT(F50), ISTEXT(INDEX(L50:O50, $I$5))), 0, F50 - INDEX(L50:O50, $I$5)) -> 0 | M50: 432.53988 | N50: 493.78513 | O50: 341.27088
E51: =Dashboard!C$36 -> Government revenues incl Gecamines | F51: =Dashboard!E$36 -> 1502.1906 | G51: $ mn | I51: =IF(ABS(J51) > CHK_TOL, 1, 0) -> 0 | J51: =IF(OR(ISTEXT(F51), ISTEXT(INDEX(L51:O51, $I$5))), 0, F51 - INDEX(L51:O51, $I$5)) -> 0 | M51: 1502.1906 | N51: 1630.7377 | O51: 1236.9723
E52: =Dashboard!C$37 -> Zijin final cashflows | F52: =Dashboard!E$37 -> 790.36833 | G52: $ mn | I52: =IF(ABS(J52) > CHK_TOL, 1, 0) -> 0 | J52: =IF(OR(ISTEXT(F52), ISTEXT(INDEX(L52:O52, $I$5))), 0, F52 - INDEX(L52:O52, $I$5)) -> 0 | M52: 790.36833 | N52: 902.28009 | O52: 623.59498
E53: =Dashboard!C$38 -> Net debt cashflows: 3rd party lenders | F53: =Dashboard!E$38 -> 28.85892 | G53: $ mn | I53: =IF(ABS(J53) > CHK_TOL, 1, 0) -> 0 | J53: =IF(OR(ISTEXT(F53), ISTEXT(INDEX(L53:O53, $I$5))), 0, F53 - INDEX(L53:O53, $I$5)) -> 0 | M53: 28.85892 | N53: 28.85892 | O53: 28.85892
E54: =Dashboard!C$39 -> Additional govt revenues incl. in project costs | F54: =Dashboard!E$39 -> 279.58465 | G54: $ mn | I54: =IF(ABS(J54) > CHK_TOL, 1, 0) -> 0 | J54: =IF(OR(ISTEXT(F54), ISTEXT(INDEX(L54:O54, $I$5))), 0, F54 - INDEX(L54:O54, $I$5)) -> 0 | M54: 279.58465 | N54: 253.23756 | O54: 254.34101
E55: =Dashboard!C$42 -> Government share: excluding Gecamines | F55: =Dashboard!E$42 -> 0.52386781 | G55: % | I55: =IF(ABS(J55) > CHK_TOL, 1, 0) -> 0 | J55: =IF(OR(ISTEXT(F55), ISTEXT(INDEX(L55:O55, $I$5))), 0, F55 - INDEX(L55:O55, $I$5)) -> 0 | M55: 0.52386781 | N55: 0.49247738 | O55: 0.54780106
E56: =Dashboard!C$43 -> Government share: including Gecamines | F56: =Dashboard!E$43 -> 0.73570681 | G56: % | I56: =IF(ABS(J56) > CHK_TOL, 1, 0) -> 0 | J56: =IF(OR(ISTEXT(F56), ISTEXT(INDEX(L56:O56, $I$5))), 0, F56 - INDEX(L56:O56, $I$5)) -> 0 | M56: 0.73570681 | N56: 0.70636318 | O56: 0.75651856
B58: ="Government results: USD mn from " & F17 -> Government results: USD mn from 2025
E59: =Dashboard!C47 -> Total royalty | F59: =Dashboard!D$47 -> 257.0566 | G59: $ mn | I59: =IF(ABS(J59) > CHK_TOL, 1, 0) -> 0 | J59: =IF(OR(ISTEXT(F59), ISTEXT(INDEX(L59:O59, $I$5))), 0, F59 - INDEX(L59:O59, $I$5)) -> 0 | M59: 257.0566 | N59: 257.0566 | O59: 242.49706
E60: =Dashboard!C48 -> Turnover tax (Chiffre d'Affaires 0.3PC) | F60: =Dashboard!D$48 -> 20.206328 | G60: $ mn | I60: =IF(ABS(J60) > CHK_TOL, 1, 0) -> 0 | J60: =IF(OR(ISTEXT(F60), ISTEXT(INDEX(L60:O60, $I$5))), 0, F60 - INDEX(L60:O60, $I$5)) -> 0 | M60: 20.206328 | N60: 20.206328 | O60: 17.440464
E61: =Dashboard!C49 -> CIT payable | F61: =Dashboard!D$49 -> 676.91717 | G61: $ mn | I61: =IF(ABS(J61) > CHK_TOL, 1, 0) -> 0 | J61: =IF(OR(ISTEXT(F61), ISTEXT(INDEX(L61:O61, $I$5))), 0, F61 - INDEX(L61:O61, $I$5)) -> 0 | M61: 676.91717 | N61: 791.51578 | O61: 514.66578
E62: =Dashboard!C50 -> Special Tax On Excess Profits | F62: =Dashboard!D$50 -> 0 | G62: $ mn | I62: =IF(ABS(J62) > CHK_TOL, 1, 0) -> 0 | J62: =IF(OR(ISTEXT(F62), ISTEXT(INDEX(L62:O62, $I$5))), 0, F62 - INDEX(L62:O62, $I$5)) -> 0 | M62: 0 | N62: 0 | O62: 0
E63: =Dashboard!C51 -> Signature Bonus (EITI) | F63: =Dashboard!D$51 -> 0 | G63: $ mn | I63: =IF(ABS(J63) > CHK_TOL, 1, 0) -> 0 | J63: =IF(OR(ISTEXT(F63), ISTEXT(INDEX(L63:O63, $I$5))), 0, F63 - INDEX(L63:O63, $I$5)) -> 0 | M63: 0 | N63: 0 | O63: 0
E64: =Dashboard!C52 -> Payroll taxes (included in costs) | F64: =Dashboard!D$52 -> 160.01958 | G64: $ mn | I64: =IF(ABS(J64) > CHK_TOL, 1, 0) -> 0 | J64: =IF(OR(ISTEXT(F64), ISTEXT(INDEX(L64:O64, $I$5))), 0, F64 - INDEX(L64:O64, $I$5)) -> 0 | M64: 160.01958 | N64: 144.93988 | O64: 145.56435
E65: =Dashboard!C53 -> Import duties (included in costs) | F65: =Dashboard!D$53 -> 200.02447 | G65: $ mn | I65: =IF(ABS(J65) > CHK_TOL, 1, 0) -> 0 | J65: =IF(OR(ISTEXT(F65), ISTEXT(INDEX(L65:O65, $I$5))), 0, F65 - INDEX(L65:O65, $I$5)) -> 0 | M65: 200.02447 | N65: 181.17485 | O65: 181.95544
E66: =Dashboard!C54 -> Interest withholding tax | F66: =Dashboard!D$54 -> 0 | G66: $ mn | I66: =IF(ABS(J66) > CHK_TOL, 1, 0) -> 0 | J66: =IF(OR(ISTEXT(F66), ISTEXT(INDEX(L66:O66, $I$5))), 0, F66 - INDEX(L66:O66, $I$5)) -> 0 | M66: 0 | N66: 0 | O66: 0
E67: =Dashboard!C55 -> Dividend withholding tax | F67: =Dashboard!D$55 -> 117.18909 | G67: $ mn | I67: =IF(ABS(J67) > CHK_TOL, 1, 0) -> 0 | J67: =IF(OR(ISTEXT(F67), ISTEXT(INDEX(L67:O67, $I$5))), 0, F67 - INDEX(L67:O67, $I$5)) -> 0 | M67: 117.18909 | N67: 134.76947 | O67: 91.662295
E68: =Dashboard!C56 -> WHT on non-resident services | F68: =Dashboard!D$56 -> 35.004282 | G68: $ mn | I68: =IF(ABS(J68) > CHK_TOL, 1, 0) -> 0 | J68: =IF(OR(ISTEXT(F68), ISTEXT(INDEX(L68:O68, $I$5))), 0, F68 - INDEX(L68:O68, $I$5)) -> 0 | M68: 35.004282 | N68: 31.7056 | O68: 31.842202
E69: =Dashboard!C58 -> Government revenues excl Gecamines participation | F69: =Dashboard!D58 -> 1466.4175 | G69: $ mn | I69: =IF(ABS(J69) > CHK_TOL, 1, 0) -> 0 | J69: =IF(OR(ISTEXT(F69), ISTEXT(INDEX(L69:O69, $I$5))), 0, F69 - INDEX(L69:O69, $I$5)) -> 0 | M69: 1466.4175 | N69: 1561.3685 | O69: 1225.6276
E70: =Dashboard!C59 -> Gecamines share of cashflows after repaying loan | F70: =Dashboard!D59 -> 577.20002 | G70: $ mn | I70: =IF(ABS(J70) > CHK_TOL, 1, 0) -> 0 | J70: =IF(OR(ISTEXT(F70), ISTEXT(INDEX(L70:O70, $I$5))), 0, F70 - INDEX(L70:O70, $I$5)) -> 0 | M70: 577.20002 | N70: 663.78993 | O70: 451.47101
E71: =Dashboard!C60 -> Government revenues incl Gecamines | F71: =Dashboard!D60 -> 2043.6175 | G71: $ mn | I71: =IF(ABS(J71) > CHK_TOL, 1, 0) -> 0 | J71: =IF(OR(ISTEXT(F71), ISTEXT(INDEX(L71:O71, $I$5))), 0, F71 - INDEX(L71:O71, $I$5)) -> 0 | M71: 2043.6175 | N71: 2225.1584 | O71: 1677.0986
A73: CHECKS
C75: Sheet Checks
E76: =Dashboard!C$72 -> SheetChecks: Dashboard | F76: =Dashboard!D$72 -> 0 | G76: =Dashboard!E$72 -> sheet checks | I76: =IF(ABS(J76) > CHK_TOL, 1, 0) -> 0 | J76: =IF(OR(ISTEXT(F76), ISTEXT(INDEX(L76:O76, $I$5))), 0, F76 - INDEX(L76:O76, $I$5)) -> 0 | M76: 0 | N76: 0 | O76: 0
E77: =SummaryC_Flow!E$90 -> SheetChecks: SummaryC_Flow | F77: =SummaryC_Flow!F$90 -> 0 | G77: =SummaryC_Flow!G$90 -> sheet checks | I77: =IF(ABS(J77) > CHK_TOL, 1, 0) -> 0 | J77: =IF(OR(ISTEXT(F77), ISTEXT(INDEX(L77:O77, $I$5))), 0, F77 - INDEX(L77:O77, $I$5)) -> 0 | M77: 0 | N77: 0 | O77: 0
E78: =COMMUS_Model!E$1237 -> SheetChecks: COMMUS_Model | F78: =COMMUS_Model!F$1237 -> 0 | G78: =COMMUS_Model!G$1237 -> sheet checks | I78: =IF(ABS(J78) > CHK_TOL, 1, 0) -> 0 | J78: =IF(OR(ISTEXT(F78), ISTEXT(INDEX(L78:O78, $I$5))), 0, F78 - INDEX(L78:O78, $I$5)) -> 0 | M78: 0 | N78: 0 | O78: 0
E80: Master checks | F80: =SUM(F76:F78) -> 0 | G80: check | I80: =IF(ABS(J80) > CHK_TOL, 1, 0) -> 0 | J80: =IF(OR(ISTEXT(F80), ISTEXT(INDEX(L80:O80, $I$5))), 0, F80 - INDEX(L80:O80, $I$5)) -> 0 | M80: 0 | N80: 0 | O80: 0
A82: MODEL INFORMATION
E83: Date | F83: =TODAY() -> 45862 | M83: 45861 | O83: 45847
E84: Time | F84: =NOW() -> 45862.582 | M84: 45861.653 | O84: 45847.652
E85: File | F85: =MID(CELL("filename",$A$1), SEARCH("[", CELL("filename",$A$1)) + 1, SEARCH("]", CELL("filename",$A$1)) - SEARCH("[", CELL("filename",$A$1)) - 1) -> COMMUS_Model_202521_July 1e_AW_BL_.xlsx | M85: COMMUS_Model_202521_July 1e_AW.xlsx | O85: COMMUS_Model_202507_July 1b.xlsx
A88: END

Sheet Dashboard
A1: =RIGHT( CELL("filename",A1), LEN( CELL("filename",A1)) - SEARCH("]", CELL("filename",A1))) -> Dashboard
G2: =Inputs_Con!F8 -> COMMUS Copper Mine | M2: =Track!F$80 -> 0 | N2: Error chks
G3: first draft model | I3: =Inputs_Con!F9 -> 45839 | M3: =Track!F$3 -> 0 | N3: Track chgs
C6: SCENARIO
C7: Scenario | D7: Base | E7: selected
C8: Forecast / point forward year | D8: 2025 | E8: year
C10: Headlines
C12: Government aggregate revenue | D12: =D58 -> 1466.4175 | E12: $ mn
C13: Gecamines participation | D13: =D59 -> 577.20002 | E13: $ mn
C14: Government total | D14: =D12 + D13 -> 2043.6175 | E14: $ mn
C15: Govt share excluding indirect taxes | D15: =D41 -> 0.39173219 | E15: %
C17: Investor NPV | D17: =E37 -> 790.36833 | E17: $mn NPV10
C19: ="Project cashflows from: " & D8 -> Project cashflows from: 2025
C20: =COMMUS_Model!E$1157 -> Copper production incl Sens. | D20: =COMMUS_Model!N$1157 -> 770.0305 | E20: =COMMUS_Model!G$1157 -> KT Cu
C21: =COMMUS_Model!E$1158 -> Cobalt production incl Sens. | D21: =COMMUS_Model!N$1158 -> 12.494163 | E21: =COMMUS_Model!G$1158 -> KT Co
C22: =COMMUS_Model!E$1159 -> Ratio Co to Cu production | D22: =COMMUS_Model!N$1159 -> 0.016225543 | E22: =COMMUS_Model!G$1159 -> ratio
C23: =COMMUS_Model!E$1167 -> Copper net revenue | D23: =COMMUS_Model!N$1167 -> 6407.5024 | E23: =COMMUS_Model!G$1167 -> $ mn
C24: =COMMUS_Model!E$1168 -> Cobalt net revenue | D24: =COMMUS_Model!N$1168 -> 327.94018 | E24: =COMMUS_Model!G$1168 -> $ mn
C25: =COMMUS_Model!E$1169 -> Total net revenue | D25: =COMMUS_Model!N$1169 -> 6735.4425 | E25: =COMMUS_Model!G$1169 -> $ mn
C26: =COMMUS_Model!E$1171 -> Operating costs, including Sens. | D26: =COMMUS_Model!N$1171 -> 4000.4894 | E26: =COMMUS_Model!G$1171 -> $ mn
C27: =COMMUS_Model!E$1172 -> Capital costs, including Sens. | D27: =COMMUS_Model!N$1172 -> 0 | E27: =COMMUS_Model!G$1172 -> $ mn
C28: =COMMUS_Model!E$1173 -> Project costs | D28: =COMMUS_Model!N$1173 -> 4000.4894 | E28: =COMMUS_Model!G$1173 -> $ mn
C29: =COMMUS_Model!E$1175 -> Project cashflows before fiscal regime | D29: =COMMUS_Model!N$1175 -> 2734.9532 | E29: =COMMUS_Model!G$1175 -> $ mn
C30: =C29 & " check" -> Project cashflows before fiscal regime check | D30: =IF( ABS(D29 - D33) > CHK_TOL, 1, 0) -> 0 | E30: check
C32: ="Participant results from: " & D8 & " USD mn" -> Participant results from: 2025 USD mn | D32: undiscounted | E32: NPV
C33: =COMMUS_Model!E$1199 -> Project cashflow before tax | D33: =COMMUS_Model!N$1199 -> 2734.9532 | E33: =COMMUS_Model!N$1212 -> 2041.8332
C34: =COMMUS_Model!E$1200 -> Government revenues excl Gecamines participation | D34: =COMMUS_Model!N$1200 -> 1466.4175 | E34: =COMMUS_Model!N$1213 -> 1069.6507
C35: =COMMUS_Model!E$1201 -> Gecamines share of cashflows after repaying loan | D35: =COMMUS_Model!N$1201 -> 577.20002 | E35: =COMMUS_Model!N$1214 -> 432.53988
C36: =COMMUS_Model!E$1202 -> Government revenues incl Gecamines | D36: =COMMUS_Model!N$1202 -> 2043.6175 | E36: =COMMUS_Model!N$1215 -> 1502.1906
C37: =COMMUS_Model!E$1203 -> Zijin final cashflows | D37: =COMMUS_Model!N$1203 -> 1054.7018 | E37: =COMMUS_Model!N$1216 -> 790.36833
C38: =COMMUS_Model!E$1204 -> Net debt cashflows: 3rd party lenders | D38: =COMMUS_Model!N$1204 -> 31.6821 | E38: =COMMUS_Model!N$1217 -> 28.85892
C39: =COMMUS_Model!E$1205 -> Additional govt revenues incl. in project costs | D39: =COMMUS_Model!N$1205 -> 395.04833 | E39: =COMMUS_Model!N$1218 -> 279.58465
C40: =COMMUS_Model!E$1206 -> Check: project cashflows by time period | D40: =COMMUS_Model!N$1206 -> 0 | E40: =COMMUS_Model!N$1219 -> 0 | F40: check
C41: =COMMUS_Model!E$1208 -> Government share: excluding payroll & indirect taxes | D41: =COMMUS_Model!N$1208 -> 0.39173219
C42: =COMMUS_Model!E$1209 -> Government share: excluding Gecamines | D42: =COMMUS_Model!N$1209 -> 0.53617647 | E42: =COMMUS_Model!N$1221 -> 0.52386781
C43: =COMMUS_Model!E$1210 -> Government share: including Gecamines | D43: =COMMUS_Model!N$1210 -> 0.74722213 | E43: =COMMUS_Model!N$1222 -> 0.73570681
C45: ="Government results from: " & D8 & " USD mn" -> Government results from: 2025 USD mn
C46: =COMMUS_Model!E$1179 -> 0 | D46: top
C47: =COMMUS_Model!E$1180 -> Total royalty | D47: =COMMUS_Model!N$1180 -> 257.0566 | E47: =COMMUS_Model!G$1180 -> $ mn
C48: =COMMUS_Model!E$1181 -> Turnover tax (Chiffre d'Affaires 0.3PC) | D48: =COMMUS_Model!N$1181 -> 20.206328 | E48: =COMMUS_Model!G$1181 -> $ mn
C49: =COMMUS_Model!E$1182 -> CIT payable | D49: =COMMUS_Model!N$1182 -> 676.91717 | E49: =COMMUS_Model!G$1182 -> $ mn
C50: =COMMUS_Model!E$1183 -> Special Tax On Excess Profits | D50: =COMMUS_Model!N$1183 -> 0 | E50: =COMMUS_Model!G$1183 -> $ mn
C51: =COMMUS_Model!E$1184 -> Signature Bonus (EITI) | D51: =COMMUS_Model!N$1184 -> 0 | E51: =COMMUS_Model!G$1184 -> $ mn
C52: =COMMUS_Model!E$1185 -> Payroll taxes (included in costs) | D52: =COMMUS_Model!N$1185 -> 160.01958 | E52: =COMMUS_Model!G$1185 -> $ mn
C53: =COMMUS_Model!E$1186 -> Import duties (included in costs) | D53: =COMMUS_Model!N$1186 -> 200.02447 | E53: =COMMUS_Model!G$1186 -> $ mn
C54: =COMMUS_Model!E$1187 -> Interest withholding tax | D54: =COMMUS_Model!N$1187 -> 0 | E54: =COMMUS_Model!G$1187 -> $ mn
C55: =COMMUS_Model!E$1188 -> Dividend withholding tax | D55: =COMMUS_Model!N$1188 -> 117.18909 | E55: =COMMUS_Model!G$1188 -> $ mn
C56: =COMMUS_Model!E$1189 -> WHT on non-resident services | D56: =COMMUS_Model!N$1189 -> 35.004282 | E56: =COMMUS_Model!G$1189 -> $ mn
C57: =COMMUS_Model!E$1190 -> 0 | D57: bottom
C58: =COMMUS_Model!E$1191 -> Government revenues excl Gecamines participation | D58: =COMMUS_Model!N$1191 -> 1466.4175 | E58: =COMMUS_Model!G$1191 -> $ mn
C59: =COMMUS_Model!E$1192 -> Gecamines share of cashflows after repaying loan | D59: =COMMUS_Model!N$1192 -> 577.20002 | E59: =COMMUS_Model!G$1192 -> $ mn
C60: =COMMUS_Model!E$1193 -> Government revenues incl Gecamines | D60: =COMMUS_Model!N$1193 -> 2043.6175 | E60: =COMMUS_Model!G$1193 -> $ mn
C61: Government revenue check | D61: =IF( ABS(D36 - D58 - D59) > CHK_TOL, 1, 0) -> 0 | E61: check
A65: CHECKS
C68: =C$30 -> Project cashflows before fiscal regime check | D68: =D$30 -> 0 | E68: =E$30 -> check
C69: =C40 -> Check: project cashflows by time period | D69: =SUM(D40:E40) -> 0 | E69: =F40 -> check
C70: =C$61 -> Government revenue check | D70: =D$61 -> 0 | E70: =E$61 -> check
C72: ="SheetChecks: " & A1 -> SheetChecks: Dashboard | D72: =SUM(D67:D71) -> 0 | E72: sheet checks
A75: END

Sheet SummaryC_Flow
A1: =RIGHT(CELL("filename", $A$3), LEN(CELL("filename", $A$3)) - SEARCH("]", CELL("filename", $A$3))) -> SummaryC_Flow
F2: =Track!F$80 -> 0 | G2: Error chks | K2: ='T&E'!K$9 -> 2006 | L2: ='T&E'!L$9 -> 2007 | M2: ='T&E'!M$9 -> 2008 | N2: ='T&E'!N$9 -> 2009 | O2: ='T&E'!O$9 -> 2010 | P2: ='T&E'!P$9 -> 2011 | Q2: ='T&E'!Q$9 -> 2012 | R2: ='T&E'!R$9 -> 2013 | ... AS2: ='T&E'!AS$9 -> 2040
F3: =Track!F$3 -> 0 | G3: Track chgs | K3: Actual | L3: Actual | M3: Actual | N3: Actual | O3: Actual | P3: Actual | Q3: Actual | R3: Actual | S3: Actual | T3: Actual | U3: Actual | V3: Actual | W3: Actual | X3: Actual | Y3: Actual | Z3: Actual | AA3: Actual | AB3: Actual | AC3: Actual | AD3: Forecast | AE3: Forecast | AF3: Forecast | AG3: Forecast | AH3: Forecast | AI3: Forecast | AJ3: Forecast | AK3: Forecast | AL3: Forecast | AM3: Forecast | AN3: Forecast | AO3: Forecast | AP3: Forecast | AQ3: Forecast | AR3: Forecast | AS3: Forecast
F4: Constant | G4: Units | H4: Source / Comments | K4: ='T&E'!K$11 -> 1 | L4: ='T&E'!L$11 -> 2 | M4: ='T&E'!M$11 -> 3 | N4: ='T&E'!N$11 -> 4 | O4: ='T&E'!O$11 -> 5 | P4: ='T&E'!P$11 -> 6 | Q4: ='T&E'!Q$11 -> 7 | R4: ='T&E'!R$11 -> 8 | ... AS4: ='T&E'!AS$11 -> 35
A6: SECTION
B8: Production
E9: =COMMUS_Model!E$79 -> Copper production incl Sens. | F9: =COMMUS_Model!F$79 -> 0 | G9: =COMMUS_Model!G$79 -> KT Cu | H9: =COMMUS_Model!H$79 -> 0 | I9: =COMMUS_Model!I$79 -> 1750.67 | J9: =COMMUS_Model!J$79 -> 0 | K9: =COMMUS_Model!K$79 -> 0 | L9: =COMMUS_Model!L$79 -> 0 | ... AS9: =COMMUS_Model!AS$79 -> 0
E10: =COMMUS_Model!E$126 -> Cobalt production incl Sens. | F10: =COMMUS_Model!F$126 -> 0 | G10: =COMMUS_Model!G$126 -> KT Co | H10: =COMMUS_Model!H$126 -> 0 | I10: =COMMUS_Model!I$126 -> 21.822533 | J10: =COMMUS_Model!J$126 -> 0 | K10: =COMMUS_Model!K$126 -> 0 | L10: =COMMUS_Model!L$126 -> 0 | ... AS10: =COMMUS_Model!AS$126 -> 0
B12: Price
E13: =COMMUS_Model!E$186 -> Copper realized price: SOM_Contract | F13: =COMMUS_Model!F$186 -> SOM_Contract | G13: =COMMUS_Model!G$186 -> $ / tonne | H13: =COMMUS_Model!H$186 -> 0 | I13: =COMMUS_Model!I$186 -> 0 | J13: =COMMUS_Model!J$186 -> 0 | K13: =COMMUS_Model!K$186 -> 6387.4266 | L13: =COMMUS_Model!L$186 -> 6786.1035 | ... AS13: =COMMUS_Model!AS$186 -> 10436.485
E14: =COMMUS_Model!E$323 -> Cobalt realized price: FS | F14: =COMMUS_Model!F$323 -> FS | G14: =COMMUS_Model!G$323 -> $ / tonne | H14: =COMMUS_Model!H$323 -> 0 | I14: =COMMUS_Model!I$323 -> 0 | J14: =COMMUS_Model!J$323 -> 0 | K14: =COMMUS_Model!K$323 -> 0 | L14: =COMMUS_Model!L$323 -> 0 | ... AS14: =COMMUS_Model!AS$323 -> 32763.518
B16: Revenue
E17: =COMMUS_Model!E$375 -> Copper gross revenue | F17: =COMMUS_Model!F$375 -> 0 | G17: =COMMUS_Model!G$375 -> $ mn | H17: =COMMUS_Model!H$375 -> 0 | I17: =COMMUS_Model!I$375 -> 11451.49 | J17: =COMMUS_Model!J$375 -> 0 | K17: =COMMUS_Model!K$375 -> 0 | L17: =COMMUS_Model!L$375 -> 0 | ... AS17: =COMMUS_Model!AS$375 -> 0
E18: =COMMUS_Model!E$380 -> Cobalt gross revenue | F18: =COMMUS_Model!F$380 -> 0 | G18: =COMMUS_Model!G$380 -> $ mn | H18: =COMMUS_Model!H$380 -> 0 | I18: =COMMUS_Model!I$380 -> 605.73785 | J18: =COMMUS_Model!J$380 -> 0 | K18: =COMMUS_Model!K$380 -> 0 | L18: =COMMUS_Model!L$380 -> 0 | ... AS18: =COMMUS_Model!AS$380 -> 0
E19: =COMMUS_Model!E$385 -> Total gross revenue | F19: =COMMUS_Model!F$385 -> 0 | G19: =COMMUS_Model!G$385 -> $ mn | H19: =COMMUS_Model!H$385 -> 0 | I19: =COMMUS_Model!I$385 -> 12057.227 | J19: =COMMUS_Model!J$385 -> 0 | K19: =COMMUS_Model!K$385 -> 0 | L19: =COMMUS_Model!L$385 -> 0 | ... AS19: =COMMUS_Model!AS$385 -> 0
E21: =COMMUS_Model!E$394 -> Selling costs | F21: =COMMUS_Model!F$394 -> 0 | G21: =COMMUS_Model!G$394 -> $ mn | H21: =COMMUS_Model!H$394 -> 0 | I21: =COMMUS_Model!I$394 -> 0 | J21: =COMMUS_Model!J$394 -> 0 | K21: =COMMUS_Model!K$394 -> 0 | L21: =COMMUS_Model!L$394 -> 0 | ... AS21: =COMMUS_Model!AS$394 -> 0
E23: =COMMUS_Model!E$407 -> Copper net revenue | F23: =COMMUS_Model!F$407 -> 0 | G23: =COMMUS_Model!G$407 -> $ mn | H23: =COMMUS_Model!H$407 -> 0 | I23: =COMMUS_Model!I$407 -> 11451.49 | J23: =COMMUS_Model!J$407 -> 0 | K23: =COMMUS_Model!K$407 -> 0 | L23: =COMMUS_Model!L$407 -> 0 | ... AS23: =COMMUS_Model!AS$407 -> 0
E24: =COMMUS_Model!E$408 -> Cobalt net revenue | F24: =COMMUS_Model!F$408 -> 0 | G24: =COMMUS_Model!G$408 -> $ mn | H24: =COMMUS_Model!H$408 -> 0 | I24: =COMMUS_Model!I$408 -> 605.73785 | J24: =COMMUS_Model!J$408 -> 0 | K24: =COMMUS_Model!K$408 -> 0 | L24: =COMMUS_Model!L$408 -> 0 | ... AS24: =COMMUS_Model!AS$408 -> 0
E25: =COMMUS_Model!E$409 -> Total net revenue | F25: =COMMUS_Model!F$409 -> 0 | G25: =COMMUS_Model!G$409 -> $ mn | H25: =COMMUS_Model!H$409 -> 0 | I25: =COMMUS_Model!I$409 -> 12057.227 | J25: =COMMUS_Model!J$409 -> 0 | K25: =COMMUS_Model!K$409 -> 0 | L25: =COMMUS_Model!L$409 -> 0 | ... AS25: =COMMUS_Model!AS$409 -> 0
B27: Costs
E28: =COMMUS_Model!E$520 -> Operating costs, including Sens. | F28: =COMMUS_Model!F$520 -> FS | G28: =COMMUS_Model!G$520 -> $ mn | H28: =COMMUS_Model!H$520 -> 0 | I28: =COMMUS_Model!I$520 -> 6417.4732 | J28: =COMMUS_Model!J$520 -> 0 | K28: =COMMUS_Model!K$520 -> 0 | L28: =COMMUS_Model!L$520 -> 0 | ... AS28: =COMMUS_Model!AS$520 -> 0
E29: =COMMUS_Model!E$566 -> Capital costs, including Sens. | F29: =COMMUS_Model!F$566 -> FS | G29: =COMMUS_Model!G$566 -> $ mn | H29: =COMMUS_Model!H$566 -> 0 | I29: =COMMUS_Model!I$566 -> 831.2452 | J29: =COMMUS_Model!J$566 -> 0 | K29: =COMMUS_Model!K$566 -> 0 | L29: =COMMUS_Model!L$566 -> 0 | ... AS29: =COMMUS_Model!AS$566 -> 0
E30: =COMMUS_Model!E$655 -> Project costs | F30: =COMMUS_Model!F$655 -> 0 | G30: =COMMUS_Model!G$655 -> $ mn | H30: =COMMUS_Model!H$655 -> 0 | I30: =COMMUS_Model!I$655 -> 7248.7184 | J30: =COMMUS_Model!J$655 -> 0 | K30: =COMMUS_Model!K$655 -> 0 | L30: =COMMUS_Model!L$655 -> 0 | ... AS30: =COMMUS_Model!AS$655 -> 0
B32: Project cashflows
E33: =COMMUS_Model!E$661 -> Project cashflow before tax | F33: =COMMUS_Model!F$661 -> 0 | G33: =COMMUS_Model!G$661 -> $ mn | H33: =COMMUS_Model!H$661 -> 0 | I33: =COMMUS_Model!I$661 -> 4808.509 | J33: =COMMUS_Model!J$661 -> 0 | K33: =COMMUS_Model!K$661 -> 0 | L33: =COMMUS_Model!L$661 -> 0 | ... AS33: =COMMUS_Model!AS$661 -> 0
E34: =COMMUS_Model!E$662 -> Project cashflow before tax | F34: =COMMUS_Model!F$662 -> 4808.509
E36: ="Check: " & E34 -> Check: Project cashflow before tax | F36: =SUM(Q36:AV36) -> 0 | G36: check | K36: =IF(ABS(K25 - K30 - K33) > CHK_TOL, 1, 0) -> 0 | L36: =IF(ABS(L25 - L30 - L33) > CHK_TOL, 1, 0) -> 0 | M36: =IF(ABS(M25 - M30 - M33) > CHK_TOL, 1, 0) -> 0 | N36: =IF(ABS(N25 - N30 - N33) > CHK_TOL, 1, 0) -> 0 | O36: =IF(ABS(O25 - O30 - O33) > CHK_TOL, 1, 0) -> 0 | P36: =IF(ABS(P25 - P30 - P33) > CHK_TOL, 1, 0) -> 0 | Q36: =IF(ABS(Q25 - Q30 - Q33) > CHK_TOL, 1, 0) -> 0 | R36: =IF(ABS(R25 - R30 - R33) > CHK_TOL, 1, 0) -> 0 | ... AS36: =IF(ABS(AS25 - AS30 - AS33) > CHK_TOL, 1, 0) -> 0
B38: Government revenues
E39: =COMMUS_Model!E$999 -> Total royalty | F39: =COMMUS_Model!F$999 -> 0 | G39: =COMMUS_Model!G$999 -> $ mn | H39: =COMMUS_Model!H$999 -> 0 | I39: =COMMUS_Model!I$999 -> 457.74229 | J39: =COMMUS_Model!J$999 -> 0 | K39: =COMMUS_Model!K$999 -> 0 | L39: =COMMUS_Model!L$999 -> 0 | ... AS39: =COMMUS_Model!AS$999 -> 0
E40: =COMMUS_Model!E$1000 -> Turnover tax (Chiffre d'Affaires 0.3PC) | F40: =COMMUS_Model!F$1000 -> 0 | G40: =COMMUS_Model!G$1000 -> $ mn | H40: =COMMUS_Model!H$1000 -> 0 | I40: =COMMUS_Model!I$1000 -> 36.171682 | J40: =COMMUS_Model!J$1000 -> 0 | K40: =COMMUS_Model!K$1000 -> 0 | L40: =COMMUS_Model!L$1000 -> 0 | ... AS40: =COMMUS_Model!AS$1000 -> 0
E41: =COMMUS_Model!E$1001 -> CIT payable | F41: =COMMUS_Model!F$1001 -> 0 | G41: =COMMUS_Model!G$1001 -> $ mn | H41: =COMMUS_Model!H$1001 -> 0 | I41: =COMMUS_Model!I$1001 -> 1297.2944 | J41: =COMMUS_Model!J$1001 -> 0 | K41: =COMMUS_Model!K$1001 -> 0 | L41: =COMMUS_Model!L$1001 -> 0 | ... AS41: =COMMUS_Model!AS$1001 -> 0
E42: =COMMUS_Model!E$1002 -> Special Tax On Excess Profits | F42: =COMMUS_Model!F$1002 -> 0 | G42: =COMMUS_Model!G$1002 -> $ mn | H42: =COMMUS_Model!H$1002 -> 0 | I42: =COMMUS_Model!I$1002 -> 0 | J42: =COMMUS_Model!J$1002 -> 0 | K42: =COMMUS_Model!K$1002 -> 0 | L42: =COMMUS_Model!L$1002 -> 0 | ... AS42: =COMMUS_Model!AS$1002 -> 0
E43: =COMMUS_Model!E$1003 -> Signature Bonus (EITI) | F43: =COMMUS_Model!F$1003 -> yes | G43: =COMMUS_Model!G$1003 -> $ mn | H43: =COMMUS_Model!H$1003 -> 0 | I43: =COMMUS_Model!I$1003 -> 42.679182 | J43: =COMMUS_Model!J$1003 -> 0 | K43: =COMMUS_Model!K$1003 -> 0 | L43: =COMMUS_Model!L$1003 -> 0 | ... AS43: =COMMUS_Model!AS$1003 -> 0
E44: =COMMUS_Model!E$1004 -> Payroll taxes (included in costs) | F44: =COMMUS_Model!F$1004 -> 0 | G44: =COMMUS_Model!G$1004 -> $ mn | H44: =COMMUS_Model!H$1004 -> 0 | I44: =COMMUS_Model!I$1004 -> 256.69893 | J44: =COMMUS_Model!J$1004 -> 0 | K44: =COMMUS_Model!K$1004 -> 0 | L44: =COMMUS_Model!L$1004 -> 0 | ... AS44: =COMMUS_Model!AS$1004 -> 0
E45: =COMMUS_Model!E$1005 -> Import duties (included in costs) | F45: =COMMUS_Model!F$1005 -> 0 | G45: =COMMUS_Model!G$1005 -> $ mn | H45: =COMMUS_Model!H$1005 -> 0 | I45: =COMMUS_Model!I$1005 -> 378.04054 | J45: =COMMUS_Model!J$1005 -> 378.04054 | K45: =COMMUS_Model!K$1005 -> 0 | L45: =COMMUS_Model!L$1005 -> 0 | ... AS45: =COMMUS_Model!AS$1005 -> 0
E46: =COMMUS_Model!E$1006 -> Interest withholding tax | F46: =COMMUS_Model!F$1006 -> 0 | G46: =COMMUS_Model!G$1006 -> $ mn | H46: =COMMUS_Model!H$1006 -> 0 | I46: =COMMUS_Model!I$1006 -> 0 | J46: =COMMUS_Model!J$1006 -> 0 | K46: =COMMUS_Model!K$1006 -> 0 | L46: =COMMUS_Model!L$1006 -> 0 | ... AS46: =COMMUS_Model!AS$1006 -> 0
E47: =COMMUS_Model!E$1007 -> Dividend withholding tax | F47: =COMMUS_Model!F$1007 -> 0 | G47: =COMMUS_Model!G$1007 -> $ mn | H47: =COMMUS_Model!H$1007 -> 0 | I47: =COMMUS_Model!I$1007 -> 224.61816 | J47: =COMMUS_Model!J$1007 -> 0 | K47: =COMMUS_Model!K$1007 -> 0 | L47: =COMMUS_Model!L$1007 -> 0 | ... AS47: =COMMUS_Model!AS$1007 -> 0
E48: =COMMUS_Model!E$1008 -> WHT on non-resident services | F48: =COMMUS_Model!F$1008 -> 0 | G48: =COMMUS_Model!G$1008 -> $ mn | H48: =COMMUS_Model!H$1008 -> 0 | I48: =COMMUS_Model!I$1008 -> 72.445296 | J48: =COMMUS_Model!J$1008 -> 0 | K48: =COMMUS_Model!K$1008 -> 0 | L48: =COMMUS_Model!L$1008 -> 0 | ... AS48: =COMMUS_Model!AS$1008 -> 0
E49: =COMMUS_Model!E$1010 -> Government revenues excl Gecamines participation | F49: =COMMUS_Model!F$1010 -> 0 | G49: =COMMUS_Model!G$1010 -> $ mn | H49: =COMMUS_Model!H$1010 -> 0 | I49: =COMMUS_Model!I$1010 -> 2765.6905 | J49: =COMMUS_Model!J$1010 -> 0 | K49: =COMMUS_Model!K$1010 -> 0 | L49: =COMMUS_Model!L$1010 -> 0 | ... AS49: =COMMUS_Model!AS$1010 -> 0
E50: =COMMUS_Model!E$1011 -> Gecamines share of cashflows after repaying loan | F50: =COMMUS_Model!F$1011 -> 0 | G50: =COMMUS_Model!G$1011 -> $ mn | H50: =COMMUS_Model!H$1011 -> 0 | I50: =COMMUS_Model!I$1011 -> 921.83851 | J50: =COMMUS_Model!J$1011 -> 0 | K50: =COMMUS_Model!K$1011 -> 0 | L50: =COMMUS_Model!L$1011 -> 0 | ... AS50: =COMMUS_Model!AS$1011 -> 0
E51: =COMMUS_Model!E$1012 -> Government revenues incl Gecamines | F51: =COMMUS_Model!F$1012 -> 0 | G51: =COMMUS_Model!G$1012 -> $ mn | H51: =COMMUS_Model!H$1012 -> 0 | I51: =COMMUS_Model!I$1012 -> 3687.529 | J51: =COMMUS_Model!J$1012 -> 0 | K51: =COMMUS_Model!K$1012 -> 0 | L51: =COMMUS_Model!L$1012 -> 0 | ... AS51: =COMMUS_Model!AS$1012 -> 0
E52: ="Check: " &E51 -> Check: Government revenues incl Gecamines | F52: =SUM(Q52:AV52) -> 0 | G52: check | K52: =IF( ABS( SUM(K39:K48) +K50 -K51) > CHK_TOL, 1, 0) -> 0 | L52: =IF( ABS( SUM(L39:L48) +L50 -L51) > CHK_TOL, 1, 0) -> 0 | M52: =IF( ABS( SUM(M39:M48) +M50 -M51) > CHK_TOL, 1, 0) -> 0 | N52: =IF( ABS( SUM(N39:N48) +N50 -N51) > CHK_TOL, 1, 0) -> 0 | O52: =IF( ABS( SUM(O39:O48) +O50 -O51) > CHK_TOL, 1, 0) -> 0 | P52: =IF( ABS( SUM(P39:P48) +P50 -P51) > CHK_TOL, 1, 0) -> 0 | Q52: =IF( ABS( SUM(Q39:Q48) +Q50 -Q51) > CHK_TOL, 1, 0) -> 0 | R52: =IF( ABS( SUM(R39:R48) +R50 -R51) > CHK_TOL, 1, 0) -> 0 | ... AS52: =IF( ABS( SUM(AS39:AS48) +AS50 -AS51) > CHK_TOL, 1, 0) -> 0
B54: Project cashflow after tax
E55: =COMMUS_Model!E$812 -> Cashflow after tax | F55: =COMMUS_Model!F$812 -> 0 | G55: =COMMUS_Model!G$812 -> $ mn | H55: =COMMUS_Model!H$812 -> 0 | I55: =COMMUS_Model!I$812 -> 3017.3005 | J55: =COMMUS_Model!J$812 -> 0 | K55: =COMMUS_Model!K$812 -> 0 | L55: =COMMUS_Model!L$812 -> 0 | ... AS55: =COMMUS_Model!AS$812 -> 0
B57: Debt
E58: =COMMUS_Model!E$925 -> Net debt cashflows: borrower | F58: =COMMUS_Model!F$925 -> 0 | G58: =COMMUS_Model!G$925 -> $ mn | H58: =COMMUS_Model!H$925 -> 0 | I58: =COMMUS_Model!I$925 -> -39.11194 | J58: =COMMUS_Model!J$925 -> 0 | K58: =COMMUS_Model!K$925 -> 0 | L58: =COMMUS_Model!L$925 -> 0 | ... AS58: =COMMUS_Model!AS$925 -> 0
E59: =COMMUS_Model!E$938 -> Cashflow after debt | F59: =COMMUS_Model!F$938 -> 0 | G59: =COMMUS_Model!G$938 -> $ mn | H59: =COMMUS_Model!H$938 -> 0 | I59: =COMMUS_Model!I$938 -> 2978.1886 | J59: =COMMUS_Model!J$938 -> 0 | K59: =COMMUS_Model!K$938 -> 0 | L59: =COMMUS_Model!L$938 -> 0 | ... AS59: =COMMUS_Model!AS$938 -> 0
E60: ="Check: " & E59 -> Check: Cashflow after debt | F60: =SUM(Q60:AV60) -> 0 | G60: check | K60: =IF(ABS(K55 + K58 - K59) > CHK_TOL, 1, 0) -> 0 | L60: =IF(ABS(L55 + L58 - L59) > CHK_TOL, 1, 0) -> 0 | M60: =IF(ABS(M55 + M58 - M59) > CHK_TOL, 1, 0) -> 0 | N60: =IF(ABS(N55 + N58 - N59) > CHK_TOL, 1, 0) -> 0 | O60: =IF(ABS(O55 + O58 - O59) > CHK_TOL, 1, 0) -> 0 | P60: =IF(ABS(P55 + P58 - P59) > CHK_TOL, 1, 0) -> 0 | Q60: =IF(ABS(Q55 + Q58 - Q59) > CHK_TOL, 1, 0) -> 0 | R60: =IF(ABS(R55 + R58 - R59) > CHK_TOL, 1, 0) -> 0 | ... AS60: =IF(ABS(AS55 + AS58 - AS59) > CHK_TOL, 1, 0) -> 0
B62: Gecamines share of cashflow
E63: =COMMUS_Model!E$971 -> Gecamines share of cashflows after repaying loan | F63: =COMMUS_Model!F$971 -> 0 | G63: =COMMUS_Model!G$971 -> $ mn | H63: =COMMUS_Model!H$971 -> 0 | I63: =COMMUS_Model!I$971 -> 921.83851 | J63: =COMMUS_Model!J$971 -> 0 | K63: =COMMUS_Model!K$971 -> 0 | L63: =COMMUS_Model!L$971 -> 0 | ... AS63: =COMMUS_Model!AS$971 -> 0
E64: =COMMUS_Model!E$979 -> Zijin net cashflows | F64: =COMMUS_Model!F$979 -> 0 | G64: =COMMUS_Model!G$979 -> $ mn | H64: =COMMUS_Model!H$979 -> 0 | I64: =COMMUS_Model!I$979 -> 2056.3501 | J64: =COMMUS_Model!J$979 -> 0 | K64: =COMMUS_Model!K$979 -> 0 | L64: =COMMUS_Model!L$979 -> 0 | ... AS64: =COMMUS_Model!AS$979 -> 0
E65: ="Check: " & E64 -> Check: Zijin net cashflows | F65: =SUM(Q65:AV65) -> 0 | G65: check | K65: =IF(ABS(K59 - K63 - K64) > CHK_TOL, 1, 0) -> 0 | L65: =IF(ABS(L59 - L63 - L64) > CHK_TOL, 1, 0) -> 0 | M65: =IF(ABS(M59 - M63 - M64) > CHK_TOL, 1, 0) -> 0 | N65: =IF(ABS(N59 - N63 - N64) > CHK_TOL, 1, 0) -> 0 | O65: =IF(ABS(O59 - O63 - O64) > CHK_TOL, 1, 0) -> 0 | P65: =IF(ABS(P59 - P63 - P64) > CHK_TOL, 1, 0) -> 0 | Q65: =IF(ABS(Q59 - Q63 - Q64) > CHK_TOL, 1, 0) -> 0 | R65: =IF(ABS(R59 - R63 - R64) > CHK_TOL, 1, 0) -> 0 | ... AS65: =IF(ABS(AS59 - AS63 - AS64) > CHK_TOL, 1, 0) -> 0
B67: Zijin cashflows
E68: =COMMUS_Model!E$979 -> Zijin net cashflows | F68: =COMMUS_Model!F$979 -> 0 | G68: =COMMUS_Model!G$979 -> $ mn | H68: =COMMUS_Model!H$979 -> 0 | I68: =COMMUS_Model!I$979 -> 2056.3501 | J68: =COMMUS_Model!J$979 -> 0 | K68: =COMMUS_Model!K$979 -> 0 | L68: =COMMUS_Model!L$979 -> 0 | ... AS68: =COMMUS_Model!AS$979 -> 0
E69: =COMMUS_Model!E$983 -> Dividend withholding tax | F69: =COMMUS_Model!F$983 -> 0 | G69: =COMMUS_Model!G$983 -> $ mn | H69: =COMMUS_Model!H$983 -> 0 | I69: =COMMUS_Model!I$983 -> 224.61816 | J69: =COMMUS_Model!J$983 -> 0 | K69: =COMMUS_Model!K$983 -> 0 | L69: =COMMUS_Model!L$983 -> 0 | ... AS69: =COMMUS_Model!AS$983 -> 0
E70: =COMMUS_Model!E$987 -> Zijin final cashflows | F70: =COMMUS_Model!F$987 -> 0 | G70: =COMMUS_Model!G$987 -> $ mn | H70: =COMMUS_Model!H$987 -> 0 | I70: =COMMUS_Model!I$987 -> 1831.7319 | J70: =COMMUS_Model!J$987 -> 0 | K70: =COMMUS_Model!K$987 -> 0 | L70: =COMMUS_Model!L$987 -> 0 | ... AS70: =COMMUS_Model!AS$987 -> 0
E71: ="Check: " & E70 -> Check: Zijin final cashflows | F71: =SUM(Q71:AV71) -> 0 | G71: check | K71: =IF(ABS(K68 - K69 - K70) > CHK_TOL, 1, 0) -> 0 | L71: =IF(ABS(L68 - L69 - L70) > CHK_TOL, 1, 0) -> 0 | M71: =IF(ABS(M68 - M69 - M70) > CHK_TOL, 1, 0) -> 0 | N71: =IF(ABS(N68 - N69 - N70) > CHK_TOL, 1, 0) -> 0 | O71: =IF(ABS(O68 - O69 - O70) > CHK_TOL, 1, 0) -> 0 | P71: =IF(ABS(P68 - P69 - P70) > CHK_TOL, 1, 0) -> 0 | Q71: =IF(ABS(Q68 - Q69 - Q70) > CHK_TOL, 1, 0) -> 0 | R71: =IF(ABS(R68 - R69 - R70) > CHK_TOL, 1, 0) -> 0 | ... AS71: =IF(ABS(AS68 - AS69 - AS70) > CHK_TOL, 1, 0) -> 0
B73: Participant cashflows
E74: =COMMUS_Model!E$1129 -> Project cashflow before tax | F74: =COMMUS_Model!F$1129 -> 0 | G74: =COMMUS_Model!G$1129 -> $ mn | H74: =COMMUS_Model!H$1129 -> 0 | I74: =COMMUS_Model!I$1129 -> 4808.509 | J74: =COMMUS_Model!J$1129 -> 0 | K74: =COMMUS_Model!K$1129 -> 0 | L74: =COMMUS_Model!L$1129 -> 0 | ... AS74: =COMMUS_Model!AS$1129 -> 0
E75: =COMMUS_Model!E$1130 -> Government revenues excl Gecamines participation | F75: =COMMUS_Model!F$1130 -> 0 | G75: =COMMUS_Model!G$1130 -> $ mn | H75: =COMMUS_Model!H$1130 -> 0 | I75: =COMMUS_Model!I$1130 -> 2765.6905 | J75: =COMMUS_Model!J$1130 -> 0 | K75: =COMMUS_Model!K$1130 -> 0 | L75: =COMMUS_Model!L$1130 -> 0 | ... AS75: =COMMUS_Model!AS$1130 -> 0
E76: =COMMUS_Model!E$1131 -> Gecamines share of cashflows after repaying loan | F76: =COMMUS_Model!F$1131 -> 0 | G76: =COMMUS_Model!G$1131 -> $ mn | H76: =COMMUS_Model!H$1131 -> 0 | I76: =COMMUS_Model!I$1131 -> 921.83851 | J76: =COMMUS_Model!J$1131 -> 0 | K76: =COMMUS_Model!K$1131 -> 0 | L76: =COMMUS_Model!L$1131 -> 0 | ... AS76: =COMMUS_Model!AS$1131 -> 0
E77: =COMMUS_Model!E$1132 -> Government revenues incl Gecamines | F77: =COMMUS_Model!F$1132 -> 0 | G77: =COMMUS_Model!G$1132 -> $ mn | H77: =COMMUS_Model!H$1132 -> 0 | I77: =COMMUS_Model!I$1132 -> 3687.529 | J77: =COMMUS_Model!J$1132 -> 0 | K77: =COMMUS_Model!K$1132 -> 0 | L77: =COMMUS_Model!L$1132 -> 0 | ... AS77: =COMMUS_Model!AS$1132 -> 0
E78: =COMMUS_Model!E$1133 -> Zijin final cashflows | F78: =COMMUS_Model!F$1133 -> 0 | G78: =COMMUS_Model!G$1133 -> $ mn | H78: =COMMUS_Model!H$1133 -> 0 | I78: =COMMUS_Model!I$1133 -> 1831.7319 | J78: =COMMUS_Model!J$1133 -> 0 | K78: =COMMUS_Model!K$1133 -> 0 | L78: =COMMUS_Model!L$1133 -> 0 | ... AS78: =COMMUS_Model!AS$1133 -> 0
E79: =COMMUS_Model!E$1134 -> Net debt cashflows: 3rd party lenders | F79: =COMMUS_Model!F$1134 -> 0 | G79: =COMMUS_Model!G$1134 -> $ mn | H79: =COMMUS_Model!H$1134 -> 0 | I79: =COMMUS_Model!I$1134 -> 39.11194 | J79: =COMMUS_Model!J$1134 -> 0 | K79: =COMMUS_Model!K$1134 -> 0 | L79: =COMMUS_Model!L$1134 -> 0 | ... AS79: =COMMUS_Model!AS$1134 -> 0
A81: CHECKS
E84: =E$36 -> Check: Project cashflow before tax | F84: =F$36 -> 0 | G84: =G$36 -> check
E85: =E$52 -> Check: Government revenues incl Gecamines | F85: =F$52 -> 0 | G85: =G$52 -> check
E86: =E$60 -> Check: Cashflow after debt | F86: =F$60 -> 0 | G86: =G$60 -> check
E87: =E$65 -> Check: Zijin net cashflows | F87: =F$65 -> 0 | G87: =G$65 -> check
E88: =E$71 -> Check: Zijin final cashflows | F88: =F$71 -> 0 | G88: =G$71 -> check
E90: ="SheetChecks: " & $A$1 -> SheetChecks: SummaryC_Flow | F90: =SUM(F83:F89) -> 0 | G90: sheet checks
A92: END

Sheet Charts
A1: =RIGHT(CELL("filename", $A$3), LEN(CELL("filename", $A$3)) - SEARCH("]", CELL("filename", $A$3))) -> Charts
F2: =Track!F$80 -> 0 | G2: Error chks | K2: ='T&E'!K$9 -> 2006 | L2: ='T&E'!L$9 -> 2007 | M2: ='T&E'!M$9 -> 2008 | N2: ='T&E'!N$9 -> 2009 | O2: ='T&E'!O$9 -> 2010 | P2: ='T&E'!P$9 -> 2011 | Q2: ='T&E'!Q$9 -> 2012 | R2: ='T&E'!R$9 -> 2013 | ... AS2: ='T&E'!AS$9 -> 2040
F3: =Track!F$3 -> 0 | G3: Track chgs | K3: Actual | L3: Actual | M3: Actual | N3: Actual | O3: Actual | P3: Actual | Q3: Actual | R3: Actual | S3: Actual | T3: Actual | U3: Actual | V3: Actual | W3: Actual | X3: Actual | Y3: Actual | Z3: Actual | AA3: Actual | AB3: Actual | AC3: Actual | AD3: Forecast | AE3: Forecast | AF3: Forecast | AG3: Forecast | AH3: Forecast | AI3: Forecast | AJ3: Forecast | AK3: Forecast | AL3: Forecast | AM3: Forecast | AN3: Forecast | AO3: Forecast | AP3: Forecast | AQ3: Forecast | AR3: Forecast | AS3: Forecast
F4: Constant | G4: Units | H4: Source / Comments | K4: ='T&E'!K$11 -> 1 | L4: ='T&E'!L$11 -> 2 | M4: ='T&E'!M$11 -> 3 | N4: ='T&E'!N$11 -> 4 | O4: ='T&E'!O$11 -> 5 | P4: ='T&E'!P$11 -> 6 | Q4: ='T&E'!Q$11 -> 7 | R4: ='T&E'!R$11 -> 8 | ... AS4: ='T&E'!AS$11 -> 35
A6: PRODUCTION
E8: COPPER AND COBALT PRODUCTION | F8: Chart title
E9: KT Cu and Co | F9: X-Axis
F10: Y-Axis
E12: ='T&E'!E$9 -> Model calendar year | F12: ='T&E'!F$9 -> 0 | G12: ='T&E'!G$9 -> year | H12: ='T&E'!H$9 -> 0 | I12: ='T&E'!I$9 -> 0 | J12: ='T&E'!J$9 -> 0 | K12: ='T&E'!K$9 -> 2006 | L12: ='T&E'!L$9 -> 2007 | ... AS12: ='T&E'!AS$9 -> 2040
E13: =COMMUS_Model!E$79 -> Copper production incl Sens. | F13: =COMMUS_Model!F$79 -> 0 | G13: =COMMUS_Model!G$79 -> KT Cu | H13: =COMMUS_Model!H$79 -> 0 | I13: =COMMUS_Model!I$79 -> 1750.67 | J13: =COMMUS_Model!J$79 -> 0 | K13: =COMMUS_Model!K$79 -> 0 | L13: =COMMUS_Model!L$79 -> 0 | ... AS13: =COMMUS_Model!AS$79 -> 0
E14: =COMMUS_Model!E$126 -> Cobalt production incl Sens. | F14: =COMMUS_Model!F$126 -> 0 | G14: =COMMUS_Model!G$126 -> KT Co | H14: =COMMUS_Model!H$126 -> 0 | I14: =COMMUS_Model!I$126 -> 21.822533 | J14: =COMMUS_Model!J$126 -> 0 | K14: =COMMUS_Model!K$126 -> 0 | L14: =COMMUS_Model!L$126 -> 0 | ... AS14: =COMMUS_Model!AS$126 -> 0
A46: COPPER AND COBALT PRICES
E48: =A46 -> COPPER AND COBALT PRICES | F48: Chart title
F49: X-Axis
E50: USD / tonne Copper | F50: Y-Axis
E51: USD / tonne Cobalt | F51: second Y-Axis
E53: ='T&E'!E$9 -> Model calendar year | F53: ='T&E'!F$9 -> 0 | G53: ='T&E'!G$9 -> year | H53: ='T&E'!H$9 -> 0 | I53: ='T&E'!I$9 -> 0 | J53: ='T&E'!J$9 -> 0 | K53: ='T&E'!K$9 -> 2006 | L53: ='T&E'!L$9 -> 2007 | ... AS53: ='T&E'!AS$9 -> 2040
E54: =COMMUS_Model!E$186 -> Copper realized price: SOM_Contract | F54: =COMMUS_Model!F$186 -> SOM_Contract | G54: =COMMUS_Model!G$186 -> $ / tonne | H54: =COMMUS_Model!H$186 -> 0 | I54: =COMMUS_Model!I$186 -> 0 | J54: =COMMUS_Model!J$186 -> 0 | K54: =COMMUS_Model!K$186 -> 6387.4266 | L54: =COMMUS_Model!L$186 -> 6786.1035 | ... AS54: =COMMUS_Model!AS$186 -> 10436.485
E55: =COMMUS_Model!E$323 -> Cobalt realized price: FS | F55: =COMMUS_Model!F$323 -> FS | G55: =COMMUS_Model!G$323 -> $ / tonne | H55: =COMMUS_Model!H$323 -> 0 | I55: =COMMUS_Model!I$323 -> 0 | J55: =COMMUS_Model!J$323 -> 0 | K55: =COMMUS_Model!K$323 -> 0 | L55: =COMMUS_Model!L$323 -> 0 | ... AS55: =COMMUS_Model!AS$323 -> 32763.518
A85: PROJECT CASHFLOWS
E87: =A85 -> PROJECT CASHFLOWS | F87: Chart title
E88: =G92 -> $ mn | F88: X-Axis
F89: Y-Axis
E91: ='T&E'!E$9 -> Model calendar year | F91: ='T&E'!F$9 -> 0 | G91: ='T&E'!G$9 -> year | H91: ='T&E'!H$9 -> 0 | I91: ='T&E'!I$9 -> 0 | J91: ='T&E'!J$9 -> 0 | K91: ='T&E'!K$9 -> 2006 | L91: ='T&E'!L$9 -> 2007 | ... AS91: ='T&E'!AS$9 -> 2040
E92: =COMMUS_Model!E$375 -> Copper gross revenue | F92: =COMMUS_Model!F$375 -> 0 | G92: =COMMUS_Model!G$375 -> $ mn | H92: =COMMUS_Model!H$375 -> 0 | I92: =COMMUS_Model!I$375 -> 11451.49 | J92: =COMMUS_Model!J$375 -> 0 | K92: =COMMUS_Model!K$375 -> 0 | L92: =COMMUS_Model!L$375 -> 0 | ... AS92: =COMMUS_Model!AS$375 -> 0
E93: =COMMUS_Model!E$380 -> Cobalt gross revenue | F93: =COMMUS_Model!F$380 -> 0 | G93: =COMMUS_Model!G$380 -> $ mn | H93: =COMMUS_Model!H$380 -> 0 | I93: =COMMUS_Model!I$380 -> 605.73785 | J93: =COMMUS_Model!J$380 -> 0 | K93: =COMMUS_Model!K$380 -> 0 | L93: =COMMUS_Model!L$380 -> 0 | ... AS93: =COMMUS_Model!AS$380 -> 0
E95: =COMMUS_Model!E$520 -> Operating costs, including Sens. | F95: =COMMUS_Model!F$520 -> FS | G95: =COMMUS_Model!G$520 -> $ mn | H95: =COMMUS_Model!H$520 -> 0 | I95: =COMMUS_Model!I$520 -> 6417.4732 | J95: =COMMUS_Model!J$520 -> 0 | K95: =COMMUS_Model!K$520 -> 0 | L95: =COMMUS_Model!L$520 -> 0 | ... AS95: =COMMUS_Model!AS$520 -> 0
E96: =COMMUS_Model!E$566 -> Capital costs, including Sens. | F96: =COMMUS_Model!F$566 -> FS | G96: =COMMUS_Model!G$566 -> $ mn | H96: =COMMUS_Model!H$566 -> 0 | I96: =COMMUS_Model!I$566 -> 831.2452 | J96: =COMMUS_Model!J$566 -> 0 | K96: =COMMUS_Model!K$566 -> 0 | L96: =COMMUS_Model!L$566 -> 0 | ... AS96: =COMMUS_Model!AS$566 -> 0
E98: =COMMUS_Model!E$661 -> Project cashflow before tax | F98: =COMMUS_Model!F$661 -> 0 | G98: =COMMUS_Model!G$661 -> $ mn | H98: =COMMUS_Model!H$661 -> 0 | I98: =COMMUS_Model!I$661 -> 4808.509 | J98: =COMMUS_Model!J$661 -> 0 | K98: =COMMUS_Model!K$661 -> 0 | L98: =COMMUS_Model!L$661 -> 0 | ... AS98: =COMMUS_Model!AS$661 -> 0
E100: =E95 -> Operating costs, including Sens. | G100: =G95 -> $ mn | J100: =SUM(L100:AV100) -> -6417.4732 | L100: =L95 * -1 -> 0 | M100: =M95 * -1 -> 0 | N100: =N95 * -1 -> 0 | O100: =O95 * -1 -> 0 | P100: =P95 * -1 -> 0 | Q100: =Q95 * -1 -> 0 | R100: =R95 * -1 -> 0 | S100: =S95 * -1 -> 0 | ... AS100: =AS95 * -1 -> 0
E101: =E96 -> Capital costs, including Sens. | G101: =G96 -> $ mn | J101: =SUM(L101:AV101) -> -831.2452 | L101: =L96 * -1 -> 0 | M101: =M96 * -1 -> 0 | N101: =N96 * -1 -> 0 | O101: =O96 * -1 -> 0 | P101: =P96 * -1 -> 0 | Q101: =Q96 * -1 -> 0 | R101: =R96 * -1 -> 0 | S101: =S96 * -1 -> 0 | ... AS101: =AS96 * -1 -> 0
A131: GOVERNMENT REVENUES
E133: =A131 -> GOVERNMENT REVENUES | F133: Chart title
E134: =G138 -> $ mn | F134: X-Axis
F135: Y-Axis
E137: ='T&E'!E$9 -> Model calendar year | F137: ='T&E'!F$9 -> 0 | G137: ='T&E'!G$9 -> year | H137: ='T&E'!H$9 -> 0 | I137: ='T&E'!I$9 -> 0 | J137: ='T&E'!J$9 -> 0 | K137: ='T&E'!K$9 -> 2006 | L137: ='T&E'!L$9 -> 2007 | ... AS137: ='T&E'!AS$9 -> 2040
E138: =COMMUS_Model!E$375 -> Copper gross revenue | F138: =COMMUS_Model!F$375 -> 0 | G138: =COMMUS_Model!G$375 -> $ mn | H138: =COMMUS_Model!H$375 -> 0 | I138: =COMMUS_Model!I$375 -> 11451.49 | J138: =COMMUS_Model!J$375 -> 0 | K138: =COMMUS_Model!K$375 -> 0 | L138: =COMMUS_Model!L$375 -> 0 | ... AS138: =COMMUS_Model!AS$375 -> 0
E139: =COMMUS_Model!E$380 -> Cobalt gross revenue | F139: =COMMUS_Model!F$380 -> 0 | G139: =COMMUS_Model!G$380 -> $ mn | H139: =COMMUS_Model!H$380 -> 0 | I139: =COMMUS_Model!I$380 -> 605.73785 | J139: =COMMUS_Model!J$380 -> 0 | K139: =COMMUS_Model!K$380 -> 0 | L139: =COMMUS_Model!L$380 -> 0 | ... AS139: =COMMUS_Model!AS$380 -> 0
E142: =COMMUS_Model!E$999 -> Total royalty | F142: =COMMUS_Model!F$999 -> 0 | G142: =COMMUS_Model!G$999 -> $ mn | H142: =COMMUS_Model!H$999 -> 0 | I142: =COMMUS_Model!I$999 -> 457.74229 | J142: =COMMUS_Model!J$999 -> 0 | K142: =COMMUS_Model!K$999 -> 0 | L142: =COMMUS_Model!L$999 -> 0 | ... AS142: =COMMUS_Model!AS$999 -> 0
E143: =COMMUS_Model!E$1001 -> CIT payable | F143: =COMMUS_Model!F$1001 -> 0 | G143: =COMMUS_Model!G$1001 -> $ mn | H143: =COMMUS_Model!H$1001 -> 0 | I143: =COMMUS_Model!I$1001 -> 1297.2944 | J143: =COMMUS_Model!J$1001 -> 0 | K143: =COMMUS_Model!K$1001 -> 0 | L143: =COMMUS_Model!L$1001 -> 0 | ... AS143: =COMMUS_Model!AS$1001 -> 0
E144: =COMMUS_Model!E$1002 -> Special Tax On Excess Profits | F144: =COMMUS_Model!F$1002 -> 0 | G144: =COMMUS_Model!G$1002 -> $ mn | H144: =COMMUS_Model!H$1002 -> 0 | I144: =COMMUS_Model!I$1002 -> 0 | J144: =COMMUS_Model!J$1002 -> 0 | K144: =COMMUS_Model!K$1002 -> 0 | L144: =COMMUS_Model!L$1002 -> 0 | ... AS144: =COMMUS_Model!AS$1002 -> 0
E145: =COMMUS_Model!E$1003 -> Signature Bonus (EITI) | F145: =COMMUS_Model!F$1003 -> yes | G145: =COMMUS_Model!G$1003 -> $ mn | H145: =COMMUS_Model!H$1003 -> 0 | I145: =COMMUS_Model!I$1003 -> 42.679182 | J145: =COMMUS_Model!J$1003 -> 0 | K145: =COMMUS_Model!K$1003 -> 0 | L145: =COMMUS_Model!L$1003 -> 0 | ... AS145: =COMMUS_Model!AS$1003 -> 0
E146: =COMMUS_Model!E$1004 -> Payroll taxes (included in costs) | F146: =COMMUS_Model!F$1004 -> 0 | G146: =COMMUS_Model!G$1004 -> $ mn | H146: =COMMUS_Model!H$1004 -> 0 | I146: =COMMUS_Model!I$1004 -> 256.69893 | J146: =COMMUS_Model!J$1004 -> 0 | K146: =COMMUS_Model!K$1004 -> 0 | L146: =COMMUS_Model!L$1004 -> 0 | ... AS146: =COMMUS_Model!AS$1004 -> 0
E147: =COMMUS_Model!E$1005 -> Import duties (included in costs) | F147: =COMMUS_Model!F$1005 -> 0 | G147: =COMMUS_Model!G$1005 -> $ mn | H147: =COMMUS_Model!H$1005 -> 0 | I147: =COMMUS_Model!I$1005 -> 378.04054 | J147: =COMMUS_Model!J$1005 -> 378.04054 | K147: =COMMUS_Model!K$1005 -> 0 | L147: =COMMUS_Model!L$1005 -> 0 | ... AS147: =COMMUS_Model!AS$1005 -> 0
E148: =COMMUS_Model!E$1006 -> Interest withholding tax | F148: =COMMUS_Model!F$1006 -> 0 | G148: =COMMUS_Model!G$1006 -> $ mn | H148: =COMMUS_Model!H$1006 -> 0 | I148: =COMMUS_Model!I$1006 -> 0 | J148: =COMMUS_Model!J$1006 -> 0 | K148: =COMMUS_Model!K$1006 -> 0 | L148: =COMMUS_Model!L$1006 -> 0 | ... AS148: =COMMUS_Model!AS$1006 -> 0
E149: =COMMUS_Model!E$1007 -> Dividend withholding tax | F149: =COMMUS_Model!F$1007 -> 0 | G149: =COMMUS_Model!G$1007 -> $ mn | H149: =COMMUS_Model!H$1007 -> 0 | I149: =COMMUS_Model!I$1007 -> 224.61816 | J149: =COMMUS_Model!J$1007 -> 0 | K149: =COMMUS_Model!K$1007 -> 0 | L149: =COMMUS_Model!L$1007 -> 0 | ... AS149: =COMMUS_Model!AS$1007 -> 0
E151: =COMMUS_Model!E$1010 -> Government revenues excl Gecamines participation | F151: =COMMUS_Model!F$1010 -> 0 | G151: =COMMUS_Model!G$1010 -> $ mn | H151: =COMMUS_Model!H$1010 -> 0 | I151: =COMMUS_Model!I$1010 -> 2765.6905 | J151: =COMMUS_Model!J$1010 -> 0 | K151: =COMMUS_Model!K$1010 -> 0 | L151: =COMMUS_Model!L$1010 -> 0 | ... AS151: =COMMUS_Model!AS$1010 -> 0
E152: =COMMUS_Model!E$1011 -> Gecamines share of cashflows after repaying loan | F152: =COMMUS_Model!F$1011 -> 0 | G152: =COMMUS_Model!G$1011 -> $ mn | H152: =COMMUS_Model!H$1011 -> 0 | I152: =COMMUS_Model!I$1011 -> 921.83851 | J152: =COMMUS_Model!J$1011 -> 0 | K152: =COMMUS_Model!K$1011 -> 0 | L152: =COMMUS_Model!L$1011 -> 0 | ... AS152: =COMMUS_Model!AS$1011 -> 0
E153: =COMMUS_Model!E$1012 -> Government revenues incl Gecamines | F153: =COMMUS_Model!F$1012 -> 0 | G153: =COMMUS_Model!G$1012 -> $ mn | H153: =COMMUS_Model!H$1012 -> 0 | I153: =COMMUS_Model!I$1012 -> 3687.529 | J153: =COMMUS_Model!J$1012 -> 0 | K153: =COMMUS_Model!K$1012 -> 0 | L153: =COMMUS_Model!L$1012 -> 0 | ... AS153: =COMMUS_Model!AS$1012 -> 0

Sheet OnePager
B2: COMMUS MARKET VALUE | T2: KEYS
C3: Issue | E3: Materiality | L3: Documentation | T3: Materiality Level
E4: Level | F4: Issue Definition | G4: Value Type | H4: Value Unit | I4: VaR | J4: Value Scope | L4: Source | M4: Observation | O4: Floor | P4: Mid | Q4: Ceiling | T4: L | U4: Low
B5: V1 | C5: Realised Price Risk: Co | E5: H | F5: Variable Payable Co Rates | G5: Turnover | H5: USD mn | I5: =MAX(O5:Q5)-MIN(O5:Q5) -> 175.58696 | J5: Rem_LOM | L5: I | M5: Min Mining File 2018-24 | O5: =Scenarios!H$68 -> 277.77248 | P5: =Scenarios!I$68 -> 327.94018 | Q5: =Scenarios!J$68 -> 453.35943 | T5: M | U5: Medium
B6: V2 | C6: Realised Price Risk: Cu | E6: M | F6: Transport charges included | G6: Turnover | H6: USD mn | I6: =MAX(O6:Q6)-MIN(O6:Q6) -> 241.60925 | J6: Rem_LOM | L6: I | M6: Somidez 2020 sales contract | O6: =Scenarios!H$73 -> 6649.1116 | P6: =Scenarios!I$73 -> 6407.5024 | Q6: =Scenarios!J$73 -> 6649.1116 | T6: H | U6: High
B7: V3 | C7: Marketing Fee Risk | E7: M | F7: 2% fee on 3rd party sales | G7: Turnover | H7: USD mn | I7: =MAX(O7:Q7)-MIN(O7:Q7) -> 72.703881 | J7: Rem_LOM | L7: I | M7: Somidez 2020 sales contract | O7: =Scenarios!H$78 -> 6691.8202 | P7: =Scenarios!I$78 -> 6735.4425 | Q7: =Scenarios!J$78 -> 6764.5241 | T7: U | U7: Unquantified
B8: V4 | C8: Cu Vol Underreporting Risk | E8: H | F8: +/- 5% reported Cu volume | G8: Turnover | H8: USD mn | I8: =MAX(O8:Q8)-MIN(O8:Q8) -> 187.9676 | J8: Rem_LOM | L8: S | M8: 2021 Min Mining truck stats | O8: =Scenarios!H$84 -> 6313.5186 | P8: =Scenarios!I$84 -> 6407.5024 | Q8: =Scenarios!J$84 -> 6501.4862 | T8: Documentation Source
B9: V5 | C9: Co Vol Underreporting Risk | E9: H | F9: +/- 5% reported Co volume | G9: Turnover | H9: USD mn | I9: =MAX(O9:Q9)-MIN(O9:Q9) -> 32.794018 | J9: Rem_LOM | L9: S | M9: 2021 Min Mining truck stats | O9: =Scenarios!H$90 -> 311.54317 | P9: =Scenarios!I$90 -> 327.94018 | Q9: =Scenarios!J$90 -> 344.33719
B10: V6 | C10: Co Grade Underreporting Risk | E10: H | F10: CoHyd Grade range 30 - 35% | G10: Turnover | H10: USD mn | I10: =MAX(O10:Q10)-MIN(O10:Q10) -> 54.656697 | J10: Rem_LOM | L10: S | M10: 500 data points Min Min 2018-24 | O10: =Scenarios!H$96 -> 300.61183 | P10: =Scenarios!I$96 -> 327.94018 | Q10: =Scenarios!J$96 -> 355.26853 | T10: D | U10: Direct
T11: I | U11: Indirect
B12: COMMUS PROJECT COSTS | T12: S | U12: Scenario
C13: Issue | E13: Materiality | L13: Documentation
E14: Level | F14: Issue Definition | G14: Value Type | H14: Value Unit | I14: VaR | J14: Value Scope | L14: Source | M14: Observation | O14: Floor | P14: Mid | Q14: Ceiling
B15: C1 | C15: Deductibility of debt interest | E15: H | F15: Compare vs LIBOR + 4% | G15: Fiscal | H15: USD mn | I15: =MAX(O15:Q15)-MIN(O15:Q15) -> 1.2151333 | J15: LOM | L15: D | M15: Not material | O15: =ABS(Scenarios!H$115) -> 1.2151333 | P15: =Scenarios!I$115 -> 0 | Q15: =Scenarios!J$115 -> 0
B16: C2 | C16: Opex cost reporting risk | E16: M | F16: What if 5% opex increase | G16: Fiscal | H16: USD mn | I16: =MAX(O16:Q16)-MIN(O16:Q16) -> 80.745436 | J16: LOM | L16: D | M16: Covers period 2023 forward (FS) | O16: =Scenarios!H$108 -> 2043.6175 | P16: =Scenarios!I$108 -> 2011.3194 | Q16: =Scenarios!J$108 -> 1962.8721
B17: Cx | C17: [Cost benchmarking] | E17: U | F17: Insufficient data to evaluate
B19: COMMUS TAX RULES
C20: Issue | E20: Materiality | L20: Documentation
E21: Level | F21: Issue Definition | G21: Value Type | H21: Value Unit | I21: VaR | J21: Value Scope | L21: Source | M21: Observation | O21: Floor | P21: Mid | Q21: Ceiling
B22: T1 | C22: Royalty model to actuals | E22: L | F22: Shortfall vs model at 70% payables | G22: Fiscal | H22: USD mn | I22: =MAX(O22:Q22)-MIN(O22:Q22) -> 34.489025 | J22: 2018-2022 | L22: D | M22: Model base scenario vs EITI | O22: 0 | P22: =ABS(EITI_Rev!F$42) -> 34.489025 | Q22: 0
B23: T2 | C23: Subnational model to actuals | E23: L | F23: Turnover tax and sub-national royalties | G23: Fiscal | H23: USD mn | I23: =MAX(O23:Q23)-MIN(O23:Q23) -> 30.015245 | J23: 2018-2022 | L23: D | M23: Assumes Treasury actuals right | O23: 0 | P23: =ABS(EITI_Rev!F$64) -> 30.015245 | Q23: 0
B24: T3 | C24: Corporate Income Tax | E24: U | F24: Model base scenario vs EITI actuals | G24: Fiscal | H24: USD mn | I24: =MAX(O24:Q24)-MIN(O24:Q24) -> 71.016824 | J24: 2018-2022 | L24: S | M24: No annual financials available | O24: 0 | P24: =ABS(EITI_Rev!F$75) -> 71.016824 | Q24: 0
B25: T4 | C25: Excess Profits Tax | E25: M | F25: Insufficient data to evaluate
B26: T5 | C26: Potential Tax Treaty Impacts | E26: M | F26: No SWT and reduced DWT if South Africa | G26: Fiscal | H26: USD mn | I26: =MAX(O26:Q26)-MIN(O26:Q26) -> 194.24595 | J26: Rem_LOM | L26: I | M26: Corporate network unknown | O26: 0 | P26: =COMMUS_Model!F$993 -> 194.24595 | Q26: 0
B27: T6 | C27: License Renewal Equity | E27: M | F27: Extra 5% from license renewal 2018 | G27: Fiscal | H27: USD mn | I27: =MAX(O27:Q27)-MIN(O27:Q27) -> 78.709093 | J27: Rem_LOM | L27: D | M27: Additional transfer unconfirmed | P27: =Scenarios!I$119 -> 1964.9084 | Q27: =Scenarios!J$119 -> 2043.6175
B28: T7 | C28: State asset transfers | E28: M | F28: No transactions identified

Sheet Scenarios
C2: =Track!F$80 -> 0 | D2: Error chks
C3: =Track!F$3 -> 0 | D3: =Track!G$3 -> Track chgs
C5: into model | D5: units | H5: SCENARIO PARAMETERS
H6: =G6 + 1 -> 1 | I6: =H6 + 1 -> 2 | J6: =I6 + 1 -> 3 | K6: =J6 + 1 -> 4 | L6: =K6 + 1 -> 5 | M6: =L6 + 1 -> 6 | N6: =M6 + 1 -> 7 | O6: =N6 + 1 -> 8 | ... S6: =R6 + 1 -> 12
B7: =Dashboard!C$7 -> Scenario | C7: =Dashboard!D$7 -> Base | D7: =Dashboard!E$7 -> selected | H7: Base | I7: Actual Realized | J7: JW | K7: TB
C8: 2
B9: TOP ROW OF PARAMETERS | E9: Sens variable
C10: INTO MODEL
B11: Copper forecast price | C11: {=IF( E11 <> "sens", E11, INDEX(G11:T11, ,$C$8))} -> IMF_WEO | D11: option selected | E11: Sens | H11: IMF_WEO | I11: IMF_WEO | J11: ConstReal | K11: IMF_WEO
B12: Cobalt forecast price | C12: {=IF( E12 <> "sens", E12, INDEX(G12:T12, ,$C$8))} -> IMF_WEO | D12: option selected | E12: Sens | H12: IMF_WEO | I12: IMF_WEO | J12: IMF_WEO | K12: IMF_WEO
B13: Cu realized price method | C13: {=IF( E13 <> "sens", E13, INDEX(G13:T13, ,$C$8))} -> SOM_Contract | D13: selected | E13: Sens | H13: SOM_Contract | I13: %LME(actual) | J13: SOM_Contract | K13: %LME(actual)
B14: Copper: Realised Price vs LME for "LMEAssumed" | C14: {=IF( E14 <> "sens", E14, INDEX(G14:T14, ,$C$8))} -> 0.95 | D14: % | E14: Sens | H14: 0.95 | I14: 0.95 | J14: 0.95 | K14: 0.95
B15: Co realized price method | C15: {=IF( E15 <> "sens", E15, INDEX(G15:T15, ,$C$8))} -> SOM_Contract | D15: selected | E15: Sens | H15: SOM_Contract | I15: %LME(actual) | J15: %LME(assumed) | K15: %LME(actual)
B16: Apply Cu transport / quality discount (1 = yes) | C16: {=IF( E16 <> "sens", E16, INDEX(G16:T16, ,$C$8))} -> 1 | D16: flag | E16: Sens | H16: 1 | I16: 1 | J16: 1 | K16: 1
B17: Third Party Marketing Charge: Cu & Co | C17: {=IF( E17 <> "sens", E17, INDEX(G17:T17, ,$C$8))} -> 0.008 | D17: % | E17: Sens | H17: 0.008 | I17: 0.008 | J17: 0.008 | K17: 0.008
B18: Cobalt: Realised Price vs LME for "LMEAssumed" | C18: {=IF( E18 <> "sens", E18, INDEX(G18:T18, ,$C$8))} -> 0.9 | D18: % | E18: Sens | H18: 0.9 | I18: 0.9 | J18: 0.9 | K18: 0.9
B19: Apply selling costs FS23 | C19: {=IF( E19 <> "sens", E19, INDEX(G19:T19, ,$C$8))} -> no | D19: selected | E19: Sens | H19: no | I19: no | J19: no | K19: Yes
B20: Cobalt Payable Rate applied in model | C20: {=IF( E20 <> "sens", E20, INDEX(G20:T20, ,$C$8))} -> 0.7 | D20: % | E20: Sens | H20: 0.7 | I20: 0.7 | J20: 0.7 | K20: 0.7
B21: Som contract: placeholder assumption of third party sales: Cu | C21: {=IF( E21 <> "sens", E21, INDEX(G21:T21, ,$C$8))} -> 0.5 | D21: % | E21: Sens | H21: 0.5 | I21: 0.5 | J21: 0.5 | K21: 0.5
B22: Som contract: placeholder assumption of third party sales: Co | C22: {=IF( E22 <> "sens", E22, INDEX(G22:T22, ,$C$8))} -> 0.9 | D22: % | E22: Sens | H22: 0.9 | I22: 0.5 | J22: 0.9 | K22: 0.9
B23: Copper production sensitivity (forecast period) | C23: {=IF( E23 <> "sens", E23, INDEX(G23:T23, ,$C$8))} -> 1 | D23: % | E23: Sens | H23: 1 | I23: 1 | J23: 1 | K23: 1
B24: Cobalt production sensitivity (forecast period) | C24: {=IF( E24 <> "sens", E24, INDEX(G24:T24, ,$C$8))} -> 1 | D24: % | E24: Sens | H24: 1 | I24: 1 | J24: 1 | K24: 1
B25: Operating cost Sensitivity (forecast period) | C25: {=IF( E25 <> "sens", E25, INDEX(G25:T25, ,$C$8))} -> 1 | D25: % | E25: Sens | H25: 1 | I25: 1 | J25: 1 | K25: 1
B26: Capital cost sensitivity (forecast period) | C26: {=IF( E26 <> "sens", E26, INDEX(G26:T26, ,$C$8))} -> 1 | D26: % | E26: Sens | H26: 1 | I26: 1 | J26: 1 | K26: 1
B27: Interest deductible for CIT | C27: {=IF( E27 <> "sens", E27, INDEX(G27:T27, ,$C$8))} -> 1 | D27: % | E27: Sens | H27: 1 | I27: 1 | J27: 1 | K27: 1
B28: Production case: FS or original | C28: {=IF( E28 <> "sens", E28, INDEX(G28:T28, ,$C$8))} -> FS | D28: selected | E28: Sens | H28: FS | I28: FS | J28: FS | K28: FS
B29: Operating costs: FS or original | C29: {=IF( E29 <> "sens", E29, INDEX(G29:T29, ,$C$8))} -> FS | D29: selected | E29: Sens | H29: FS | I29: FS | J29: FS | K29: FS
B30: Capital costs: FS or original | C30: {=IF( E30 <> "sens", E30, INDEX(G30:T30, ,$C$8))} -> FS | D30: selected | E30: Sens | H30: FS | I30: FS | J30: FS | K30: FS
B31: Depreciation: calculated or per FS | C31: {=IF( E31 <> "sens", E31, INDEX(G31:T31, ,$C$8))} -> Calculated | D31: selected | E31: Sens | H31: Calculated | I31: Calculated | J31: Calculated | K31: Calculated
B32: Straight line depreciation years (AVERAGE) | C32: {=IF( E32 <> "sens", E32, INDEX(G32:T32, ,$C$8))} -> 7 | D32: years | E32: Sens | H32: 7 | I32: 7 | J32: 7 | K32: 7
B33: Management fees added to operating costs | C33: {=IF( E33 <> "sens", E33, INDEX(G33:T33, ,$C$8))} -> 0 | D33: % | E33: Sens | H33: 0 | I33: 0.02 | J33: 0.02 | K33: 0
B34: Excess Profits Tax applied (1 = yes) | C34: {=IF( E34 <> "sens", E34, INDEX(G34:T34, ,$C$8))} -> 1 | D34: flag | E34: Sens | H34: 1 | I34: 1 | J34: 1 | K34: 1
B35: EPT: Apply inflation to FS prices and Operating Surplus | C35: {=IF( E35 <> "sens", E35, INDEX(G35:T35, ,$C$8))} -> no | D35: selected | E35: Sens | H35: no | I35: no | J35: no | K35: no
B36: FS or alternative debt interest rates | C36: {=IF( E36 <> "sens", E36, INDEX(G36:T36, ,$C$8))} -> FS | D36: selected | E36: Sens | H36: FS | I36: FS | J36: FS | K36: FS
B37: Include Import Duties in forecast (1 = yes) | C37: {=IF( E37 <> "sens", E37, INDEX(G37:T37, ,$C$8))} -> 1 | D37: flag | E37: Sens | H37: 1 | I37: 1 | J37: 1 | K37: 1
B38: Interest withholding tax | C38: {=IF( E38 <> "sens", E38, INDEX(G38:T38, ,$C$8))} -> 0.1 | D38: % | E38: Sens | H38: 0.1 | I38: 0.1 | J38: 0.1 | K38: 0.1
B39: Dividend withholding tax | C39: {=IF( E39 <> "sens", E39, INDEX(G39:T39, ,$C$8))} -> 0.1 | D39: % | E39: Sens | H39: 0.1 | I39: 0.1 | J39: 0.1 | K39: 0.1
B40: WHT rate non-resident services | C40: {=IF( E40 <> "sens", E40, INDEX(G40:T40, ,$C$8))} -> 0.14 | D40: % | E40: Sens | H40: 0.14 | I40: 0.14 | J40: 0.14 | K40: 0.14
B41: Include Payroll taxes in forecast (1 = yes) | C41: {=IF( E41 <> "sens", E41, INDEX(G41:T41, ,$C$8))} -> 1 | D41: flag | E41: Sens | H41: 1 | I41: 1 | J41: 1 | K41: 1
B42: Gecamines share of project post 2024 | C42: {=IF( E42 <> "sens", E42, INDEX(G42:T42, ,$C$8))} -> 0.33 | D42: % | E42: Sens | H42: 0.33 | I42: 0.33 | J42: 0.33 | K42: 0.33
B43: Apply opening balance on Gecamines loan | C43: {=IF( E43 <> "sens", E43, INDEX(G43:T43, ,$C$8))} -> 1 | D43: flag | E43: Sens | H43: 1 | I43: 1 | J43: 1 | K43: 1
B44: Apply interest on Gecamines loan | C44: {=IF( E44 <> "sens", E44, INDEX(G44:T44, ,$C$8))} -> 1 | D44: flag | E44: Sens | H44: 1 | I44: 1 | J44: 1 | K44: 1
B45: Discount rate | C45: 0.1 | D45: %nominal
B46: =Dashboard!C$8 -> Forecast / point forward year | C46: =Dashboard!D$8 -> 2025 | D46: =Dashboard!E$8 -> year
B47: Inflation switch (1 = on) | C47: 1 | D47: flag
A50: SENSITIVITY ANALYSIS | H50: DATA TABLE PARAMETERS
B51: Data Tables for One-Page
B52: =B$46 -> Forecast / point forward year | C52: =C$46 -> 2025 | D52: =D$46 -> year
B53: Focus year for sensitivity analysis | C53: 2022 | D53: year
A55: =MAX(A$50:A54) + 1 -> 1 | B55: Copper realized price method | C55: =C$126 -> 2022 | D55: =D$126 -> >= 2025 | F55: ="DATA TABLE " & A55 -> DATA TABLE 1 | H55: %LME(actual) | I55: SOM_Contract | J55: %LME(assumed)
B56: Copper net revenue | C56: {=INDEX(C$125:C$165, MATCH($B56, B$125:B$165, 0),)} -> 938.45274 | D56: {=INDEX(D$125:D$165, MATCH($B56, B$125:B$165, 0),)} -> 6407.5024 | G56: =C56 -> 938.45274 | H56: 938.45274 | I56: 938.45274 | J56: 938.45274
G57: =D56 -> 6407.5024 | H57: 5989.3258 | I57: 6407.5024 | J57: 6342.0241
B58: difference
A60: =MAX(A$50:A58) + 1 -> 2 | B60: Cobalt price realized price method | C60: =C$126 -> 2022 | D60: =D$126 -> >= 2025 | F60: ="DATA TABLE " & A60 -> DATA TABLE 2 | H60: %LME(actual) | I60: SOM_Contract | J60: SOM_Contract
B61: Cobalt net revenue | C61: {=INDEX(C$125:C$165, MATCH($B61, B$125:B$165, 0),)} -> 104.4258 | D61: {=INDEX(D$125:D$165, MATCH($B61, B$125:B$165, 0),)} -> 327.94018 | G61: =C61 -> 104.4258 | H61: 104.4258 | I61: 104.4258 | J61: 104.4258
G62: =D61 -> 327.94018 | H62: 328.70653 | I62: 327.94018 | J62: 327.94018
B63: difference
B65: =OnePager!C$5 -> Realised Price Risk: Co
A66: =MAX(A$50:A65) + 1 -> 3 | B66: =B20 -> Cobalt Payable Rate applied in model | C66: =C$126 -> 2022 | D66: =D$126 -> >= 2025 | F66: ="DATA TABLE " & A66 -> DATA TABLE 3 | H66: 0.6 | I66: 0.7 | J66: 0.95
B67: Cobalt net revenue | C67: {=INDEX(C$125:C$165, MATCH($B67, B$125:B$165, 0),)} -> 104.4258 | D67: {=INDEX(D$125:D$165, MATCH($B67, B$125:B$165, 0),)} -> 327.94018 | G67: =C67 -> 104.4258 | H67: 104.4258 | I67: 104.4258 | J67: 104.4258
G68: =D67 -> 327.94018 | H68: 277.77248 | I68: 327.94018 | J68: 453.35943
B69: difference
B70: =OnePager!C$7 -> Marketing Fee Risk
A71: =MAX(A$55:A70) + 1 -> 4 | B71: =B16 -> Apply Cu transport / quality discount (1 = yes) | C71: =C$126 -> 2022 | D71: =D$126 -> >= 2025 | F71: ="DATA TABLE " & A71 -> DATA TABLE 4 | H71: 0 | I71: 1 | J71: 0
B72: Copper net revenue | C72: {=INDEX(C$127:C$164, MATCH($B72, B$127:B$164, 0),)} -> 938.45274 | D72: {=INDEX(D$127:D$164, MATCH($B72, B$127:B$164, 0),)} -> 6407.5024 | G72: =C72 -> 938.45274 | H72: 938.45274 | I72: 938.45274 | J72: 938.45274
G73: =D72 -> 6407.5024 | H73: 6649.1116 | I73: 6407.5024 | J73: 6649.1116
B74: difference | H74: =H73 - $I$81 -> 6649.1116 | I74: =I73 - $I$81 -> 6407.5024 | J74: =J73 - $I$81 -> 6649.1116
B75: =OnePager!C$7 -> Marketing Fee Risk
A76: =MAX(A$55:A75) + 1 -> 5 | B76: =B17 -> Third Party Marketing Charge: Cu & Co | C76: =C$126 -> 2022 | D76: =D$126 -> >= 2025 | F76: ="DATA TABLE " & A76 -> DATA TABLE 5 | H76: 0.02 | I76: 0.008 | J76: 0
B77: Total net revenue | C77: {=INDEX(C$127:C$164, MATCH($B77, B$127:B$164, 0),)} -> 1042.8785 | D77: {=INDEX(D$127:D$164, MATCH($B77, B$127:B$164, 0),)} -> 6735.4425 | G77: =C77 -> 1042.8785 | H77: 1042.8785 | I77: 1042.8785 | J77: 1042.8785
G78: =D77 -> 6735.4425 | H78: 6691.8202 | I78: 6735.4425 | J78: 6764.5241
B79: difference | H79: =H78 - $I78 -> -43.622329 | I79: =I78 - $I78 -> 0 | J79: =J78 - $I78 -> 29.081552
B81: =OnePager!C$8 -> Cu Vol Underreporting Risk
A82: =MAX(A$55:A81) + 1 -> 6 | B82: =B23 -> Copper production sensitivity (forecast period) | C82: =C$126 -> 2022 | D82: =D$126 -> >= 2025 | F82: ="DATA TABLE " & A82 -> DATA TABLE 6 | H82: 0.95 | I82: 1 | J82: 1.05
B83: Copper net revenue | C83: {=INDEX(C$127:C$164, MATCH($B83, B$127:B$164, 0),)} -> 938.45274 | D83: {=INDEX(D$127:D$164, MATCH($B83, B$127:B$164, 0),)} -> 6407.5024 | G83: =C83 -> 938.45274 | H83: 938.45274 | I83: 938.45274 | J83: 938.45274
G84: =D83 -> 6407.5024 | H84: 6313.5186 | I84: 6407.5024 | J84: 6501.4862
B85: difference | H85: =H84 - $I84 -> -93.983801 | I85: =I84 - $I84 -> 0 | J85: =J84 - $I84 -> 93.983801
B87: =OnePager!C$9 -> Co Vol Underreporting Risk
A88: =MAX(A$55:A87) + 1 -> 7 | B88: =B24 -> Cobalt production sensitivity (forecast period) | C88: =C$126 -> 2022 | D88: =D$126 -> >= 2025 | F88: ="DATA TABLE " & A88 -> DATA TABLE 7 | H88: 0.95 | I88: 1 | J88: 1.05
B89: Cobalt net revenue | C89: {=INDEX(C$127:C$164, MATCH($B89, B$127:B$164, 0),)} -> 104.4258 | D89: {=INDEX(D$124:D$153, MATCH($B89, B$124:B$153, 0),)} -> 327.94018 | G89: =C89 -> 104.4258 | H89: 99.204509 | I89: 104.4258 | J89: 109.64709
G90: =D89 -> 327.94018 | H90: 311.54317 | I90: 327.94018 | J90: 344.33719
B91: difference | H91: =H90 - $I90 -> -16.397009 | I91: =I90 - $I90 -> 0 | J91: =J90 - $I90 -> 16.397009
B93: =OnePager!C$10 -> Co Grade Underreporting Risk
A94: =MAX(A$55:A93) + 1 -> 8 | B94: =B24 -> Cobalt production sensitivity (forecast period) | C94: =C$126 -> 2022 | D94: =D$126 -> >= 2025 | F94: ="DATA TABLE " & A94 -> DATA TABLE 8 | H94: =L$95 -> 0.91666667 | I94: 1 | J94: =N$95 -> 1.0833333 | L94: 0.275 | M94: 0.3 | N94: 0.325 | O94: Grade
B95: Cobalt net revenue | C95: {=INDEX(C$127:C$164, MATCH($B95, B$127:B$164, 0),)} -> 104.4258 | D95: {=INDEX(D$127:D$164, MATCH($B95, B$127:B$164, 0),)} -> 327.94018 | G95: =C95 -> 104.4258 | H95: 95.723649 | I95: 104.4258 | J95: 113.12795 | L95: =L94 / M94 -> 0.91666667 | N95: =N94 / M94 -> 1.0833333
G96: =D95 -> 327.94018 | H96: 300.61183 | I96: 327.94018 | J96: 355.26853
B97: difference | H97: =H96 - $I96 -> -27.328348 | I97: =I96 - $I96 -> 0 | J97: =J96 - $I96 -> 27.328348
A100: =MAX(A$55:A99) + 1 -> 9 | B100: =B35 -> EPT: Apply inflation to FS prices and Operating Surplus | C100: =C$126 -> 2022 | D100: =D$126 -> >= 2025 | F100: ="DATA TABLE " & A100 -> DATA TABLE 9 | H100: yes | I100: no | J100: no
B101: Government revenues incl Gecamines 2022 | C101: {=INDEX(C$127:C$164, MATCH($B101, B$127:B$164, 0),)} -> 427.0123 | D101: {=INDEX(D$127:D$164, MATCH($B101, B$127:B$164, 0),)} -> 2043.6175 | G101: =C101 -> 427.0123 | H101: 427.0123 | I101: 427.0123 | J101: 427.0123
G102: =D101 -> 2043.6175 | H102: 2043.6175 | I102: 2043.6175 | J102: 2043.6175
B103: difference | H103: =H102 - $I102 -> 0 | I103: =I102 - $I102 -> 0 | J103: =J102 - $I102 -> 0
B105: =OnePager!C$16 -> Opex cost reporting risk
A106: 10 | B106: Operating Cost reporting risk | C106: =C$126 -> 2022 | D106: =D$126 -> >= 2025 | F106: ="DATA TABLE " & A106 -> DATA TABLE 10 | H106: 0 | I106: 0.02 | J106: 0.05
B107: Government revenues incl Gecamines 2022 | C107: {=INDEX(C$127:C$164, MATCH($B107, B$127:B$164, 0),)} -> 427.0123 | D107: {=INDEX(D$127:D$164, MATCH($B107, B$127:B$164, 0),)} -> 2043.6175 | G107: =C107 -> 427.0123 | H107: 427.0123 | I107: 424.89185 | J107: 421.71117
G108: =D107 -> 2043.6175 | H108: 2043.6175 | I108: 2011.3194 | J108: 1962.8721
B109: difference | I109: =I108 - $H108 -> -32.298174 | J109: =J108 - $H108 -> -80.745436
B111: =OnePager!C$15 -> Deductibility of debt interest
A112: 11 | B112: =B36 -> FS or alternative debt interest rates | C112: =C$126 -> 2022 | D112: =D$126 -> >= 2025 | F112: ="DATA TABLE " & A112 -> DATA TABLE 11 | H112: Alternative | I112: FS | J112: FS
B113: Government revenues incl Gecamines 2022 | C113: {=INDEX(C$127:C$164, MATCH($B107, B$127:B$164, 0),)} -> 427.0123 | D113: {=INDEX(D$127:D$164, MATCH($B107, B$127:B$164, 0),)} -> 2043.6175 | G113: =C113 -> 427.0123 | H113: 426.59941 | I113: 427.0123 | J113: 427.0123
G114: =D113 -> 2043.6175 | H114: 2042.4024 | I114: 2043.6175 | J114: 2043.6175
...

Sheet COMMUS_Model
A1: =RIGHT(CELL("filename", $A$3), LEN(CELL("filename", $A$3)) - SEARCH("]", CELL("filename", $A$3))) -> COMMUS_Model
F2: =Track!F$80 -> 0 | G2: Error chks | K2: ='T&E'!K9 -> 2006 | L2: ='T&E'!L9 -> 2007 | M2: ='T&E'!M9 -> 2008 | N2: ='T&E'!N9 -> 2009 | O2: ='T&E'!O9 -> 2010 | P2: ='T&E'!P9 -> 2011 | Q2: ='T&E'!Q9 -> 2012 | R2: ='T&E'!R9 -> 2013 | ... AS2: ='T&E'!AS9 -> 2040
F3: =Track!F3 -> 0 | G3: Track chgs | K3: Actual | L3: Actual | M3: Actual | N3: Actual | O3: Actual | P3: Actual | Q3: Actual | R3: Actual | S3: Actual | T3: Actual | U3: Actual | V3: Actual | W3: Actual | X3: Actual | Y3: Actual | Z3: Actual | AA3: Actual | AB3: Actual | AC3: Actual | AD3: Forecast | AE3: Forecast | AF3: Forecast | AG3: Forecast | AH3: Forecast | AI3: Forecast | AJ3: Forecast | AK3: Forecast | AL3: Forecast | AM3: Forecast | AN3: Forecast | AO3: Forecast | AP3: Forecast | AQ3: Forecast | AR3: Forecast | AS3: Forecast
F4: Constant | G4: Units | H4: Source / Comments | K4: ='T&E'!K11 -> 1 | L4: ='T&E'!L11 -> 2 | M4: ='T&E'!M11 -> 3 | N4: ='T&E'!N11 -> 4 | O4: ='T&E'!O11 -> 5 | P4: ='T&E'!P11 -> 6 | Q4: ='T&E'!Q11 -> 7 | R4: ='T&E'!R11 -> 8 | ... AS4: ='T&E'!AS11 -> 35
A6: PRODUCTION
B8: Production
C10: Total copper
E11: =Inputs_TS!E$100 -> Total historic copper production (Zijin annual reports) | G11: =Inputs_TS!G$100 -> tonnes | H11: =Inputs_TS!H$100 -> IX | J11: =Inputs_TS!J$100 -> 0 | K11: =Inputs_TS!K$100 -> 0 | L11: =Inputs_TS!L$100 -> 0 | M11: =Inputs_TS!M$100 -> 0 | N11: =Inputs_TS!N$100 -> 0 | O11: =Inputs_TS!O$100 -> 0 | P11: =Inputs_TS!P$100 -> 0 | Q11: =Inputs_TS!Q$100 -> 0 | ... AS11: =Inputs_TS!AS$100 -> 0
E12: Last year actual | F12: =SUM(K12:AS12) -> 2024 | G12: year | K12: =AND(K11 > 0, L11 = 0) * K2 -> 0 | L12: =AND(L11 > 0, M11 = 0) * L2 -> 0 | M12: =AND(M11 > 0, N11 = 0) * M2 -> 0 | N12: =AND(N11 > 0, O11 = 0) * N2 -> 0 | O12: =AND(O11 > 0, P11 = 0) * O2 -> 0 | P12: =AND(P11 > 0, Q11 = 0) * P2 -> 0 | Q12: =AND(Q11 > 0, R11 = 0) * Q2 -> 0 | R12: =AND(R11 > 0, S11 = 0) * R2 -> 0 | ... AS12: =AND(AS11 > 0, AT11 = 0) * AS2 -> 0
E14: =Inputs_TS!E$57 -> Copper reserves | F14: =Inputs_TS!F$57 -> 0.816218 | G14: =Inputs_TS!G$57 -> MT | H14: =Inputs_TS!H$57 -> IX
E15: =Inputs_TS!E$67 -> Planned copper production average | F15: =Inputs_TS!F$67 -> 127000
E16: =Inputs_TS!E$73 -> Life of Mine (as of end 2024) | F16: =Inputs_TS!F$73 -> 9 | G16: =Inputs_TS!G$73 -> years | H16: =Inputs_TS!H$73 -> IX
E18: 2025 onwards flag | G18: flag | K18: =IF(AND( K2 > $F12, K2 <= $F12 + $F16), 1, ) -> 0 | L18: =IF(AND( L2 > $F12, L2 <= $F12 + $F16), 1, ) -> 0 | M18: =IF(AND( M2 > $F12, M2 <= $F12 + $F16), 1, ) -> 0 | N18: =IF(AND( N2 > $F12, N2 <= $F12 + $F16), 1, ) -> 0 | O18: =IF(AND( O2 > $F12, O2 <= $F12 + $F16), 1, ) -> 0 | P18: =IF(AND( P2 > $F12, P2 <= $F12 + $F16), 1, ) -> 0 | Q18: =IF(AND( Q2 > $F12, Q2 <= $F12 + $F16), 1, ) -> 0 | R18: =IF(AND( R2 > $F12, R2 <= $F12 + $F16), 1, ) -> 0 | ... AS18: =IF(AND( AS2 > $F12, AS2 <= $F12 + $F16), 1, ) -> 0
E19: 2025 onwards copper production | G19: tonnes | K19: =IF(K18 =1, $F15,) -> 0 | L19: =IF(L18 =1, $F15,) -> 0 | M19: =IF(M18 =1, $F15,) -> 0 | N19: =IF(N18 =1, $F15,) -> 0 | O19: =IF(O18 =1, $F15,) -> 0 | P19: =IF(P18 =1, $F15,) -> 0 | Q19: =IF(Q18 =1, $F15,) -> 0 | R19: =IF(R18 =1, $F15,) -> 0 | ... AS19: =IF(AS18 =1, $F15,) -> 0
E21: =Inputs_TS!E$100 -> Total historic copper production (Zijin annual reports) | G21: =Inputs_TS!G$100 -> tonnes | H21: =Inputs_TS!H$100 -> IX | J21: =Inputs_TS!J$100 -> 0 | K21: =Inputs_TS!K$100 -> 0 | L21: =Inputs_TS!L$100 -> 0 | M21: =Inputs_TS!M$100 -> 0 | N21: =Inputs_TS!N$100 -> 0 | O21: =Inputs_TS!O$100 -> 0 | P21: =Inputs_TS!P$100 -> 0 | Q21: =Inputs_TS!Q$100 -> 0 | ... AS21: =Inputs_TS!AS$100 -> 0
E22: =E$19 -> 2025 onwards copper production | G22: =G$19 -> tonnes | J22: =J$19 -> 0 | K22: =K$19 -> 0 | L22: =L$19 -> 0 | M22: =M$19 -> 0 | N22: =N$19 -> 0 | O22: =O$19 -> 0 | P22: =P$19 -> 0 | Q22: =Q$19 -> 0 | ... AS22: =AS$19 -> 0
E23: Copper production: historic + forecast | G23: tonnes | I23: =SUM(K23:AS23) -> 1887633 | K23: =IF(K21 > 0, K21, K22) -> 0 | L23: =IF(L21 > 0, L21, L22) -> 0 | M23: =IF(M21 > 0, M21, M22) -> 0 | N23: =IF(N21 > 0, N21, N22) -> 0 | O23: =IF(O21 > 0, O21, O22) -> 0 | P23: =IF(P21 > 0, P21, P22) -> 0 | Q23: =IF(Q21 > 0, Q21, Q22) -> 0 | R23: =IF(R21 > 0, R21, R22) -> 0 | ... AS23: =IF(AS21 > 0, AS21, AS22) -> 0
C25: Copper cathode
E26: =Inputs_TS!E$100 -> Total historic copper production (Zijin annual reports) | G26: =Inputs_TS!G$100 -> tonnes | H26: =Inputs_TS!H$100 -> IX | J26: =Inputs_TS!J$100 -> 0 | K26: =Inputs_TS!K$100 -> 0 | L26: =Inputs_TS!L$100 -> 0 | M26: =Inputs_TS!M$100 -> 0 | N26: =Inputs_TS!N$100 -> 0 | O26: =Inputs_TS!O$100 -> 0 | P26: =Inputs_TS!P$100 -> 0 | Q26: =Inputs_TS!Q$100 -> 0 | ... AS26: =Inputs_TS!AS$100 -> 0
E27: =Inputs_TS!E$101 -> Copper cathode (Zijin annual reports) | G27: =Inputs_TS!G$101 -> tonnes | H27: =Inputs_TS!H$101 -> IX | J27: =Inputs_TS!J$101 -> 0 | K27: =Inputs_TS!K$101 -> 0 | L27: =Inputs_TS!L$101 -> 0 | M27: =Inputs_TS!M$101 -> 0 | N27: =Inputs_TS!N$101 -> 0 | O27: =Inputs_TS!O$101 -> 0 | P27: =Inputs_TS!P$101 -> 0 | Q27: =Inputs_TS!Q$101 -> 0 | ... AS27: =Inputs_TS!AS$101 -> 0
E28: 2020 onwards flag | G28: flag | K28: =(K2 >= 2020)* 1 -> 0 | L28: =(L2 >= 2020)* 1 -> 0 | M28: =(M2 >= 2020)* 1 -> 0 | N28: =(N2 >= 2020)* 1 -> 0 | O28: =(O2 >= 2020)* 1 -> 0 | P28: =(P2 >= 2020)* 1 -> 0 | Q28: =(Q2 >= 2020)* 1 -> 0 | R28: =(R2 >= 2020)* 1 -> 0 | ... AS28: =(AS2 >= 2020)* 1 -> 1
E29: Copper cathode to total copper (2020 onwards) | F29: =AVERAGEIF(S29:AS29, "<>0") -> 0.53921312 | G29: % | K29: =IFERROR(K27/K26 * K28, 0) -> 0 | L29: =IFERROR(L27/L26 * L28, 0) -> 0 | M29: =IFERROR(M27/M26 * M28, 0) -> 0 | N29: =IFERROR(N27/N26 * N28, 0) -> 0 | O29: =IFERROR(O27/O26 * O28, 0) -> 0 | P29: =IFERROR(P27/P26 * P28, 0) -> 0 | Q29: =IFERROR(Q27/Q26 * Q28, 0) -> 0 | R29: =IFERROR(R27/R26 * R28, 0) -> 0 | ... AS29: =IFERROR(AS27/AS26 * AS28, 0) -> 0
E31: =E$23 -> Copper production: historic + forecast | G31: =G$23 -> tonnes | I31: =I$23 -> 1887633 | J31: =J$23 -> 0 | K31: =K$23 -> 0 | L31: =L$23 -> 0 | M31: =M$23 -> 0 | N31: =N$23 -> 0 | O31: =O$23 -> 0 | P31: =P$23 -> 0 | ... AS31: =AS$23 -> 0
E32: =E$29 -> Copper cathode to total copper (2020 onwards) | F32: =F$29 -> 0.53921312 | G32: =G$29 -> %
E33: 2025 onwards flag | G33: flag | K33: =(K2 >= 2025) * 1 -> 0 | L33: =(L2 >= 2025) * 1 -> 0 | M33: =(M2 >= 2025) * 1 -> 0 | N33: =(N2 >= 2025) * 1 -> 0 | O33: =(O2 >= 2025) * 1 -> 0 | P33: =(P2 >= 2025) * 1 -> 0 | Q33: =(Q2 >= 2025) * 1 -> 0 | R33: =(R2 >= 2025) * 1 -> 0 | ... AS33: =(AS2 >= 2025) * 1 -> 1
E34: Copper cathode forecast | G34: tonnes | K34: =K33 * K31 * $F32 -> 0 | L34: =L33 * L31 * $F32 -> 0 | M34: =M33 * M31 * $F32 -> 0 | N34: =N33 * N31 * $F32 -> 0 | O34: =O33 * O31 * $F32 -> 0 | P34: =P33 * P31 * $F32 -> 0 | Q34: =Q33 * Q31 * $F32 -> 0 | R34: =R33 * R31 * $F32 -> 0 | ... AS34: =AS33 * AS31 * $F32 -> 0
E36: =Inputs_TS!E$101 -> Copper cathode (Zijin annual reports) | G36: =Inputs_TS!G$101 -> tonnes | H36: =Inputs_TS!H$101 -> IX | J36: =Inputs_TS!J$101 -> 0 | K36: =Inputs_TS!K$101 -> 0 | L36: =Inputs_TS!L$101 -> 0 | M36: =Inputs_TS!M$101 -> 0 | N36: =Inputs_TS!N$101 -> 0 | O36: =Inputs_TS!O$101 -> 0 | P36: =Inputs_TS!P$101 -> 0 | Q36: =Inputs_TS!Q$101 -> 0 | ... AS36: =Inputs_TS!AS$101 -> 0
E37: =E$34 -> Copper cathode forecast | F37: =F$34 -> 0 | G37: =G$34 -> tonnes | J37: =J$34 -> 0 | K37: =K$34 -> 0 | L37: =L$34 -> 0 | M37: =M$34 -> 0 | N37: =N$34 -> 0 | O37: =O$34 -> 0 | P37: =P$34 -> 0 | Q37: =Q$34 -> 0 | ... AS37: =AS$34 -> 0
E38: Copper cathode production: historic + forecast | G38: tonnes | I38: =SUM(K38:AS38) -> 958490.6 | K38: =K36 + K37 -> 0 | L38: =L36 + L37 -> 0 | M38: =M36 + M37 -> 0 | N38: =N36 + N37 -> 0 | O38: =O36 + O37 -> 0 | P38: =P36 + P37 -> 0 | Q38: =Q36 + Q37 -> 0 | R38: =R36 + R37 -> 0 | ... AS38: =AS36 + AS37 -> 0
C40: Other copper
E41: =E$23 -> Copper production: historic + forecast | F41: =F$23 -> 0 | G41: =G$23 -> tonnes | H41: =H$23 -> 0 | I41: =I$23 -> 1887633 | J41: =J$23 -> 0 | K41: =K$23 -> 0 | L41: =L$23 -> 0 | ... AS41: =AS$23 -> 0
E42: =E$38 -> Copper cathode production: historic + forecast | F42: =F$38 -> 0 | G42: =G$38 -> tonnes | H42: =H$38 -> 0 | I42: =I$38 -> 958490.6 | J42: =J$38 -> 0 | K42: =K$38 -> 0 | L42: =L$38 -> 0 | ... AS42: =AS$38 -> 0
E43: Other copper production: historic + forecast | G43: tonnes | I43: =SUM(K43:AS43) -> 929142.4 | K43: =K41 - K42 -> 0 | L43: =L41 - L42 -> 0 | M43: =M41 - M42 -> 0 | N43: =N41 - N42 -> 0 | O43: =O41 - O42 -> 0 | P43: =P41 - P42 -> 0 | Q43: =Q41 - Q42 -> 0 | R43: =R41 - R42 -> 0 | ... AS43: =AS41 - AS42 -> 0
C45: Copper production into model (Original)
E46: =Inputs_Con!E$13 -> Production case: FS or original | F46: =Inputs_Con!F$13 -> FS | G46: =Inputs_Con!G$13 -> selected
E47: =E$38 -> Copper cathode production: historic + forecast | F47: =F$38 -> 0 | G47: =G$38 -> tonnes | H47: =H$38 -> 0 | I47: =I$38 -> 958490.6 | J47: =J$38 -> 0 | K47: =K$38 -> 0 | L47: =L$38 -> 0 | ... AS47: =AS$38 -> 0
E48: =E$43 -> Other copper production: historic + forecast | F48: =F$43 -> 0 | G48: =G$43 -> tonnes | H48: =H$43 -> 0 | I48: =I$43 -> 929142.4 | J48: =J$43 -> 0 | K48: =K$43 -> 0 | L48: =L$43 -> 0 | ... AS48: =AS$43 -> 0
E50: =Inputs_TS!E$17 -> Copper production sensitivity (forecast period) | F50: =Inputs_TS!F$17 -> 0 | G50: =Inputs_TS!G$17 -> % | H50: =Inputs_TS!H$17 -> 0 | I50: =Inputs_TS!I$17 -> 0 | J50: =Inputs_TS!J$17 -> 0 | K50: =Inputs_TS!K$17 -> 1 | L50: =Inputs_TS!L$17 -> 1 | ... AS50: =Inputs_TS!AS$17 -> 1
E52: Copper cathode production: Original | G52: KT Cu | I52: =SUM(K52:AS52) -> 0 | K52: =IF($F$46 = "Original", K47, 0) * 10^-3 * K$50 -> 0 | L52: =IF($F$46 = "Original", L47, 0) * 10^-3 * L$50 -> 0 | M52: =IF($F$46 = "Original", M47, 0) * 10^-3 * M$50 -> 0 | N52: =IF($F$46 = "Original", N47, 0) * 10^-3 * N$50 -> 0 | O52: =IF($F$46 = "Original", O47, 0) * 10^-3 * O$50 -> 0 | P52: =IF($F$46 = "Original", P47, 0) * 10^-3 * P$50 -> 0 | Q52: =IF($F$46 = "Original", Q47, 0) * 10^-3 * Q$50 -> 0 | R52: =IF($F$46 = "Original", R47, 0) * 10^-3 * R$50 -> 0 | ... AS52: =IF($F$46 = "Original", AS47, 0) * 10^-3 * AS$50 -> 0
E53: Other copper production: Original | G53: KT Cu | I53: =SUM(K53:AS53) -> 0 | K53: =IF($F$46 = "Original", K48, 0) * 10^-3 * K$50 -> 0 | L53: =IF($F$46 = "Original", L48, 0) * 10^-3 * L$50 -> 0 | M53: =IF($F$46 = "Original", M48, 0) * 10^-3 * M$50 -> 0 | N53: =IF($F$46 = "Original", N48, 0) * 10^-3 * N$50 -> 0 | O53: =IF($F$46 = "Original", O48, 0) * 10^-3 * O$50 -> 0 | P53: =IF($F$46 = "Original", P48, 0) * 10^-3 * P$50 -> 0 | Q53: =IF($F$46 = "Original", Q48, 0) * 10^-3 * Q$50 -> 0 | R53: =IF($F$46 = "Original", R48, 0) * 10^-3 * R$50 -> 0 | ... AS53: =IF($F$46 = "Original", AS48, 0) * 10^-3 * AS$50 -> 0
C55: Copper production: FS
E56: =COMMUS_23FS_Model!E$50 -> Copper cathode | F56: =COMMUS_23FS_Model!F$50 -> 0 | G56: =COMMUS_23FS_Model!G$50 -> tonnes | H56: =COMMUS_23FS_Model!H$50 -> 0 | I56: =COMMUS_23FS_Model!I$50 -> 939749 | J56: =COMMUS_23FS_Model!J$50 -> 0 | K56: =COMMUS_23FS_Model!K$50 -> 0 | L56: =COMMUS_23FS_Model!L$50 -> 0 | ... AS56: =COMMUS_23FS_Model!AS$50 -> 0
E57: =COMMUS_23FS_Model!E$51 -> Blister copper | F57: =COMMUS_23FS_Model!F$51 -> 0 | G57: =COMMUS_23FS_Model!G$51 -> tonnes | H57: =COMMUS_23FS_Model!H$51 -> 0 | I57: =COMMUS_23FS_Model!I$51 -> 364525 | J57: =COMMUS_23FS_Model!J$51 -> 0 | K57: =COMMUS_23FS_Model!K$51 -> 0 | L57: =COMMUS_23FS_Model!L$51 -> 0 | ... AS57: =COMMUS_23FS_Model!AS$51 -> 0
E58: =COMMUS_23FS_Model!E$52 -> Copper matt | F58: =COMMUS_23FS_Model!F$52 -> 0 | G58: =COMMUS_23FS_Model!G$52 -> tonnes | H58: =COMMUS_23FS_Model!H$52 -> 0 | I58: =COMMUS_23FS_Model!I$52 -> 40880 | J58: =COMMUS_23FS_Model!J$52 -> 0 | K58: =COMMUS_23FS_Model!K$52 -> 0 | L58: =COMMUS_23FS_Model!L$52 -> 0 | ... AS58: =COMMUS_23FS_Model!AS$52 -> 0
E59: =COMMUS_23FS_Model!E$53 -> Copper sulfide concentrates | F59: =COMMUS_23FS_Model!F$53 -> 0 | G59: =COMMUS_23FS_Model!G$53 -> tonnes | H59: =COMMUS_23FS_Model!H$53 -> 0 | I59: =COMMUS_23FS_Model!I$53 -> 372689 | J59: =COMMUS_23FS_Model!J$53 -> 0 | K59: =COMMUS_23FS_Model!K$53 -> 0 | L59: =COMMUS_23FS_Model!L$53 -> 0 | ... AS59: =COMMUS_23FS_Model!AS$53 -> 0
E60: =COMMUS_23FS_Model!E$54 -> Copper oxide concentrates | F60: =COMMUS_23FS_Model!F$54 -> 0 | G60: =COMMUS_23FS_Model!G$54 -> tonnes | H60: =COMMUS_23FS_Model!H$54 -> 0 | I60: =COMMUS_23FS_Model!I$54 -> 50936 | J60: =COMMUS_23FS_Model!J$54 -> 0 | K60: =COMMUS_23FS_Model!K$54 -> 0 | L60: =COMMUS_23FS_Model!L$54 -> 0 | ... AS60: =COMMUS_23FS_Model!AS$54 -> 0
E62: 2023-24 flag | G62: flag | K62: =IF(OR(K2 = 2023, K2 = 2024), 1, 0) -> 0 | L62: =IF(OR(L2 = 2023, L2 = 2024), 1, 0) -> 0 | M62: =IF(OR(M2 = 2023, M2 = 2024), 1, 0) -> 0 | N62: =IF(OR(N2 = 2023, N2 = 2024), 1, 0) -> 0 | O62: =IF(OR(O2 = 2023, O2 = 2024), 1, 0) -> 0 | P62: =IF(OR(P2 = 2023, P2 = 2024), 1, 0) -> 0 | Q62: =IF(OR(Q2 = 2023, Q2 = 2024), 1, 0) -> 0 | R62: =IF(OR(R2 = 2023, R2 = 2024), 1, 0) -> 0 | ... AS62: =IF(OR(AS2 = 2023, AS2 = 2024), 1, 0) -> 0
E63: =Inputs_TS!E$101 -> Copper cathode (Zijin annual reports) | G63: =Inputs_TS!G$101 -> tonnes | H63: =Inputs_TS!H$101 -> IX | J63: =Inputs_TS!J$101 -> 0 | K63: =Inputs_TS!K$101 -> 0 | L63: =Inputs_TS!L$101 -> 0 | M63: =Inputs_TS!M$101 -> 0 | N63: =Inputs_TS!N$101 -> 0 | O63: =Inputs_TS!O$101 -> 0 | P63: =Inputs_TS!P$101 -> 0 | Q63: =Inputs_TS!Q$101 -> 0 | ... AS63: =Inputs_TS!AS$101 -> 0
E64: 2023, 2024 copper cathode | G64: tonnes | K64: =K62 * K63 -> 0 | L64: =L62 * L63 -> 0 | M64: =M62 * M63 -> 0 | N64: =N62 * N63 -> 0 | O64: =O62 * O63 -> 0 | P64: =P62 * P63 -> 0 | Q64: =Q62 * Q63 -> 0 | R64: =R62 * R63 -> 0 | ... AS64: =AS62 * AS63 -> 0
E66: =COMMUS_23FS_Model!E$50 -> Copper cathode | F66: =COMMUS_23FS_Model!F$50 -> 0 | G66: =COMMUS_23FS_Model!G$50 -> tonnes | H66: =COMMUS_23FS_Model!H$50 -> 0 | I66: =COMMUS_23FS_Model!I$50 -> 939749 | J66: =COMMUS_23FS_Model!J$50 -> 0 | K66: =COMMUS_23FS_Model!K$50 -> 0 | L66: =COMMUS_23FS_Model!L$50 -> 0 | ... AS66: =COMMUS_23FS_Model!AS$50 -> 0
E67: =E$64 -> 2023, 2024 copper cathode | F67: =F$64 -> 0 | G67: =G$64 -> tonnes | H67: =H$64 -> 0 | I67: =I$64 -> 0 | J67: =J$64 -> 0 | K67: =K$64 -> 0 | L67: =L$64 -> 0 | ... AS67: =AS$64 -> 0
E68: Copper cathode: FS (updated) | G68: tonnes | I68: =SUM(K68:AS68) -> 921640 | K68: =IF(K67 = 0, K66, K67) -> 0 | L68: =IF(L67 = 0, L66, L67) -> 0 | M68: =IF(M67 = 0, M66, M67) -> 0 | N68: =IF(N67 = 0, N66, N67) -> 0 | O68: =IF(O67 = 0, O66, O67) -> 0 | P68: =IF(P67 = 0, P66, P67) -> 0 | Q68: =IF(Q67 = 0, Q66, Q67) -> 0 | R68: =IF(R67 = 0, R66, R67) -> 0 | ... AS68: =IF(AS67 = 0, AS66, AS67) -> 0
E70: Total copper production | F70: FS | G70: tonnes | I70: =SUM(K70:AS70) -> 1750670 | K70: =SUM(K57:K60) + K68 -> 0 | L70: =SUM(L57:L60) + L68 -> 0 | M70: =SUM(M57:M60) + M68 -> 0 | N70: =SUM(N57:N60) + N68 -> 0 | O70: =SUM(O57:O60) + O68 -> 0 | P70: =SUM(P57:P60) + P68 -> 0 | Q70: =SUM(Q57:Q60) + Q68 -> 0 | R70: =SUM(R57:R60) + R68 -> 0 | ... AS70: =SUM(AS57:AS60) + AS68 -> 0
C72: Copper production into model
E73: =Inputs_Con!E$13 -> Production case: FS or original | F73: =Inputs_Con!F$13 -> FS | G73: =Inputs_Con!G$13 -> selected
E74: =E$23 -> Copper production: historic + forecast | F74: =F$23 -> 0 | G74: =G$23 -> tonnes | H74: =H$23 -> 0 | I74: =I$23 -> 1887633 | J74: =J$23 -> 0 | K74: =K$23 -> 0 | L74: =L$23 -> 0 | ... AS74: =AS$23 -> 0
E75: =E$70 -> Total copper production | F75: =F$70 -> FS | G75: =G$70 -> tonnes | H75: =H$70 -> 0 | I75: =I$70 -> 1750670 | J75: =J$70 -> 0 | K75: =K$70 -> 0 | L75: =L$70 -> 0 | ... AS75: =AS$70 -> 0
E77: =Inputs_TS!E$17 -> Copper production sensitivity (forecast period) | F77: =Inputs_TS!F$17 -> 0 | G77: =Inputs_TS!G$17 -> % | H77: =Inputs_TS!H$17 -> 0 | I77: =Inputs_TS!I$17 -> 0 | J77: =Inputs_TS!J$17 -> 0 | K77: =Inputs_TS!K$17 -> 1 | L77: =Inputs_TS!L$17 -> 1 | ... AS77: =Inputs_TS!AS$17 -> 1
E79: Copper production incl Sens. | G79: KT Cu | I79: =SUM(K79:AS79) -> 1750.67 | K79: =IF($F73 = "FS", K75, K74) * 10^-3 * K77 -> 0 | L79: =IF($F73 = "FS", L75, L74) * 10^-3 * L77 -> 0 | M79: =IF($F73 = "FS", M75, M74) * 10^-3 * M77 -> 0 | N79: =IF($F73 = "FS", N75, N74) * 10^-3 * N77 -> 0 | O79: =IF($F73 = "FS", O75, O74) * 10^-3 * O77 -> 0 | P79: =IF($F73 = "FS", P75, P74) * 10^-3 * P77 -> 0 | Q79: =IF($F73 = "FS", Q75, Q74) * 10^-3 * Q77 -> 0 | R79: =IF($F73 = "FS", R75, R74) * 10^-3 * R77 -> 0 | ... AS79: =IF($F73 = "FS", AS75, AS74) * 10^-3 * AS77 -> 0
E81: =E$68 -> Copper cathode: FS (updated) | F81: =F$68 -> 0 | G81: =G$68 -> tonnes | H81: =H$68 -> 0 | I81: =I$68 -> 921640 | J81: =J$68 -> 0 | K81: =K$68 -> 0 | L81: =L$68 -> 0 | ... AS81: =AS$68 -> 0
E82: =COMMUS_23FS_Model!E$51 -> Blister copper | F82: =COMMUS_23FS_Model!F$51 -> 0 | G82: =COMMUS_23FS_Model!G$51 -> tonnes | H82: =COMMUS_23FS_Model!H$51 -> 0 | I82: =COMMUS_23FS_Model!I$51 -> 364525 | J82: =COMMUS_23FS_Model!J$51 -> 0 | K82: =COMMUS_23FS_Model!K$51 -> 0 | L82: =COMMUS_23FS_Model!L$51 -> 0 | ... AS82: =COMMUS_23FS_Model!AS$51 -> 0
E83: =COMMUS_23FS_Model!E$52 -> Copper matt | F83: =COMMUS_23FS_Model!F$52 -> 0 | G83: =COMMUS_23FS_Model!G$52 -> tonnes | H83: =COMMUS_23FS_Model!H$52 -> 0 | I83: =COMMUS_23FS_Model!I$52 -> 40880 | J83: =COMMUS_23FS_Model!J$52 -> 0 | K83: =COMMUS_23FS_Model!K$52 -> 0 | L83: =COMMUS_23FS_Model!L$52 -> 0 | ... AS83: =COMMUS_23FS_Model!AS$52 -> 0
E84: =COMMUS_23FS_Model!E$53 -> Copper sulfide concentrates | F84: =COMMUS_23FS_Model!F$53 -> 0 | G84: =COMMUS_23FS_Model!G$53 -> tonnes | H84: =COMMUS_23FS_Model!H$53 -> 0 | I84: =COMMUS_23FS_Model!I$53 -> 372689 | J84: =COMMUS_23FS_Model!J$53 -> 0 | K84: =COMMUS_23FS_Model!K$53 -> 0 | L84: =COMMUS_23FS_Model!L$53 -> 0 | ... AS84: =COMMUS_23FS_Model!AS$53 -> 0
E85: =COMMUS_23FS_Model!E$54 -> Copper oxide concentrates | F85: =COMMUS_23FS_Model!F$54 -> 0 | G85: =COMMUS_23FS_Model!G$54 -> tonnes | H85: =COMMUS_23FS_Model!H$54 -> 0 | I85: =COMMUS_23FS_Model!I$54 -> 50936 | J85: =COMMUS_23FS_Model!J$54 -> 0 | K85: =COMMUS_23FS_Model!K$54 -> 0 | L85: =COMMUS_23FS_Model!L$54 -> 0 | ... AS85: =COMMUS_23FS_Model!AS$54 -> 0
E87: Copper cathode: FS (updated) incl Sens. | F87: FS | G87: KT Cu | I87: =SUM(K87:AS87) -> 921.64 | K87: =IF($F$73 = "FS", K81, 0) * 10^-3 * K$77 -> 0 | L87: =IF($F$73 = "FS", L81, 0) * 10^-3 * L$77 -> 0 | M87: =IF($F$73 = "FS", M81, 0) * 10^-3 * M$77 -> 0 | N87: =IF($F$73 = "FS", N81, 0) * 10^-3 * N$77 -> 0 | O87: =IF($F$73 = "FS", O81, 0) * 10^-3 * O$77 -> 0 | P87: =IF($F$73 = "FS", P81, 0) * 10^-3 * P$77 -> 0 | Q87: =IF($F$73 = "FS", Q81, 0) * 10^-3 * Q$77 -> 0 | R87: =IF($F$73 = "FS", R81, 0) * 10^-3 * R$77 -> 0 | ... AS87: =IF($F$73 = "FS", AS81, 0) * 10^-3 * AS$77 -> 0
E88: Blister copper incl Sens. | F88: FS | G88: KT Cu | I88: =SUM(K88:AS88) -> 364.525 | K88: =IF($F$73 = "FS", K82, 0) * 10^-3 * K$77 -> 0 | L88: =IF($F$73 = "FS", L82, 0) * 10^-3 * L$77 -> 0 | M88: =IF($F$73 = "FS", M82, 0) * 10^-3 * M$77 -> 0 | N88: =IF($F$73 = "FS", N82, 0) * 10^-3 * N$77 -> 0 | O88: =IF($F$73 = "FS", O82, 0) * 10^-3 * O$77 -> 0 | P88: =IF($F$73 = "FS", P82, 0) * 10^-3 * P$77 -> 0 | Q88: =IF($F$73 = "FS", Q82, 0) * 10^-3 * Q$77 -> 0 | R88: =IF($F$73 = "FS", R82, 0) * 10^-3 * R$77 -> 0 | ... AS88: =IF($F$73 = "FS", AS82, 0) * 10^-3 * AS$77 -> 0
E89: Copper matt incl Sens. | F89: FS | G89: KT Cu | I89: =SUM(K89:AS89) -> 40.88 | K89: =IF($F$73 = "FS", K83, 0) * 10^-3 * K$77 -> 0 | L89: =IF($F$73 = "FS", L83, 0) * 10^-3 * L$77 -> 0 | M89: =IF($F$73 = "FS", M83, 0) * 10^-3 * M$77 -> 0 | N89: =IF($F$73 = "FS", N83, 0) * 10^-3 * N$77 -> 0 | O89: =IF($F$73 = "FS", O83, 0) * 10^-3 * O$77 -> 0 | P89: =IF($F$73 = "FS", P83, 0) * 10^-3 * P$77 -> 0 | Q89: =IF($F$73 = "FS", Q83, 0) * 10^-3 * Q$77 -> 0 | R89: =IF($F$73 = "FS", R83, 0) * 10^-3 * R$77 -> 0 | ... AS89: =IF($F$73 = "FS", AS83, 0) * 10^-3 * AS$77 -> 0
E90: Copper sulfide concentrates incl Sens. | F90: FS | G90: KT Cu | I90: =SUM(K90:AS90) -> 372.689 | K90: =IF($F$73 = "FS", K84, 0) * 10^-3 * K$77 -> 0 | L90: =IF($F$73 = "FS", L84, 0) * 10^-3 * L$77 -> 0 | M90: =IF($F$73 = "FS", M84, 0) * 10^-3 * M$77 -> 0 | N90: =IF($F$73 = "FS", N84, 0) * 10^-3 * N$77 -> 0 | O90: =IF($F$73 = "FS", O84, 0) * 10^-3 * O$77 -> 0 | P90: =IF($F$73 = "FS", P84, 0) * 10^-3 * P$77 -> 0 | Q90: =IF($F$73 = "FS", Q84, 0) * 10^-3 * Q$77 -> 0 | R90: =IF($F$73 = "FS", R84, 0) * 10^-3 * R$77 -> 0 | ... AS90: =IF($F$73 = "FS", AS84, 0) * 10^-3 * AS$77 -> 0
E91: Copper oxide concentrates incl Sens. | F91: FS | G91: KT Cu | I91: =SUM(K91:AS91) -> 50.936 | K91: =IF($F$73 = "FS", K85, 0) * 10^-3 * K$77 -> 0 | L91: =IF($F$73 = "FS", L85, 0) * 10^-3 * L$77 -> 0 | M91: =IF($F$73 = "FS", M85, 0) * 10^-3 * M$77 -> 0 | N91: =IF($F$73 = "FS", N85, 0) * 10^-3 * N$77 -> 0 | O91: =IF($F$73 = "FS", O85, 0) * 10^-3 * O$77 -> 0 | P91: =IF($F$73 = "FS", P85, 0) * 10^-3 * P$77 -> 0 | Q91: =IF($F$73 = "FS", Q85, 0) * 10^-3 * Q$77 -> 0 | R91: =IF($F$73 = "FS", R85, 0) * 10^-3 * R$77 -> 0 | ... AS91: =IF($F$73 = "FS", AS85, 0) * 10^-3 * AS$77 -> 0
C93: Cobalt
E94: =Inputs_TS!E$109 -> Constructed historic cobalt production | G94: =Inputs_TS!G$109 -> tonnes | H94: =Inputs_TS!H$109 -> IX, XIV | J94: =Inputs_TS!J$109 -> 0 | K94: =Inputs_TS!K$109 -> 0 | L94: =Inputs_TS!L$109 -> 0 | M94: =Inputs_TS!M$109 -> 0 | N94: =Inputs_TS!N$109 -> 0 | O94: =Inputs_TS!O$109 -> 0 | P94: =Inputs_TS!P$109 -> 0 | Q94: =Inputs_TS!Q$109 -> 0 | ... AS94: =Inputs_TS!AS$109 -> 0
E96: =Inputs_TS!E$68 -> Planned cobalt production (in year previously) | H96: =Inputs_TS!H$68 -> IX | J96: =Inputs_TS!J$68 -> 0 | K96: =Inputs_TS!K$68 -> 0 | L96: =Inputs_TS!L$68 -> 0 | M96: =Inputs_TS!M$68 -> 0 | N96: =Inputs_TS!N$68 -> 0 | O96: =Inputs_TS!O$68 -> 0 | P96: =Inputs_TS!P$68 -> 0 | Q96: =Inputs_TS!Q$68 -> 0 | ... AS96: =Inputs_TS!AS$68 -> 0
E97: Planned cobalt production average | F97: =AVERAGEIF(S96:AS96, "<>0") -> 2221.6667 | G97: tonnes pa
E99: =E$97 -> Planned cobalt production average | F99: =F$97 -> 2221.6667 | G99: =G$97 -> tonnes pa | H99: =H$97 -> 0 | I99: =I$97 -> 0 | J99: =J$97 -> 0 | K99: =K$97 -> 0 | L99: =L$97 -> 0 | ... AS99: =AS$97 -> 0
E100: =E$18 -> 2025 onwards flag | G100: =G$18 -> flag | J100: =J$18 -> 0 | K100: =K$18 -> 0 | L100: =L$18 -> 0 | M100: =M$18 -> 0 | N100: =N$18 -> 0 | O100: =O$18 -> 0 | P100: =P$18 -> 0 | Q100: =Q$18 -> 0 | ... AS100: =AS$18 -> 0
E101: Cobalt 2025 onwards annual production | G101: tonnes | K101: =K100 * $F99 -> 0 | L101: =L100 * $F99 -> 0 | M101: =M100 * $F99 -> 0 | N101: =N100 * $F99 -> 0 | O101: =O100 * $F99 -> 0 | P101: =P100 * $F99 -> 0 | Q101: =Q100 * $F99 -> 0 | R101: =R100 * $F99 -> 0 | ... AS101: =AS100 * $F99 -> 0
E103: =Inputs_TS!E$109 -> Constructed historic cobalt production | G103: =Inputs_TS!G$109 -> tonnes | H103: =Inputs_TS!H$109 -> IX, XIV | J103: =Inputs_TS!J$109 -> 0 | K103: =Inputs_TS!K$109 -> 0 | L103: =Inputs_TS!L$109 -> 0 | M103: =Inputs_TS!M$109 -> 0 | N103: =Inputs_TS!N$109 -> 0 | O103: =Inputs_TS!O$109 -> 0 | P103: =Inputs_TS!P$109 -> 0 | Q103: =Inputs_TS!Q$109 -> 0 | ... AS103: =Inputs_TS!AS$109 -> 0
E104: =E$101 -> Cobalt 2025 onwards annual production | F104: =F$101 -> 0 | G104: =G$101 -> tonnes | H104: =H$101 -> 0 | I104: =I$101 -> 0 | J104: =J$101 -> 0 | K104: =K$101 -> 0 | L104: =L$101 -> 0 | ... AS104: =AS$101 -> 0
E105: Cobalt production: historic + forecast | F105: Original | G105: tonnes | I105: =SUM(K105:AS105) -> 29179.858 | K105: =IF(K103 > 0, K103, K104) -> 0 | L105: =IF(L103 > 0, L103, L104) -> 0 | M105: =IF(M103 > 0, M103, M104) -> 0 | N105: =IF(N103 > 0, N103, N104) -> 0 | O105: =IF(O103 > 0, O103, O104) -> 0 | P105: =IF(P103 > 0, P103, P104) -> 0 | Q105: =IF(Q103 > 0, Q103, Q104) -> 0 | R105: =IF(R103 > 0, R103, R104) -> 0 | ... AS105: =IF(AS103 > 0, AS103, AS104) -> 0
C107: Cobalt production: FS
E109: =COMMUS_23FS_Model!E$60 -> Cobalt | F109: =COMMUS_23FS_Model!F$60 -> 0 | G109: =COMMUS_23FS_Model!G$60 -> tonnes | H109: =COMMUS_23FS_Model!H$60 -> 0 | I109: =COMMUS_23FS_Model!I$60 -> 22151 | J109: =COMMUS_23FS_Model!J$60 -> 0 | K109: =COMMUS_23FS_Model!K$60 -> 0 | L109: =COMMUS_23FS_Model!L$60 -> 0 | ... AS109: =COMMUS_23FS_Model!AS$60 -> 0
E111: =E$62 -> 2023-24 flag | F111: =F$62 -> 0 | G111: =G$62 -> flag | H111: =H$62 -> 0 | I111: =I$62 -> 0 | J111: =J$62 -> 0 | K111: =K$62 -> 0 | L111: =L$62 -> 0 | ... AS111: =AS$62 -> 0
E112: =Inputs_TS!E$109 -> Constructed historic cobalt production | G112: =Inputs_TS!G$109 -> tonnes | H112: =Inputs_TS!H$109 -> IX, XIV | J112: =Inputs_TS!J$109 -> 0 | K112: =Inputs_TS!K$109 -> 0 | L112: =Inputs_TS!L$109 -> 0 | M112: =Inputs_TS!M$109 -> 0 | N112: =Inputs_TS!N$109 -> 0 | O112: =Inputs_TS!O$109 -> 0 | P112: =Inputs_TS!P$109 -> 0 | Q112: =Inputs_TS!Q$109 -> 0 | ... AS112: =Inputs_TS!AS$109 -> 0
E113: 2023, 2024 cobalt | G113: tonnes | K113: =K111 * K112 -> 0 | L113: =L111 * L112 -> 0 | M113: =M111 * M112 -> 0 | N113: =N111 * N112 -> 0 | O113: =O111 * O112 -> 0 | P113: =P111 * P112 -> 0 | Q113: =Q111 * Q112 -> 0 | R113: =R111 * R112 -> 0 | ... AS113: =AS111 * AS112 -> 0
E115: =COMMUS_23FS_Model!E$60 -> Cobalt | F115: =COMMUS_23FS_Model!F$60 -> 0 | G115: =COMMUS_23FS_Model!G$60 -> tonnes | H115: =COMMUS_23FS_Model!H$60 -> 0 | I115: =COMMUS_23FS_Model!I$60 -> 22151 | J115: =COMMUS_23FS_Model!J$60 -> 0 | K115: =COMMUS_23FS_Model!K$60 -> 0 | L115: =COMMUS_23FS_Model!L$60 -> 0 | ... AS115: =COMMUS_23FS_Model!AS$60 -> 0
E116: =E$113 -> 2023, 2024 cobalt | F116: =F$113 -> 0 | G116: =G$113 -> tonnes | H116: =H$113 -> 0 | I116: =I$113 -> 0 | J116: =J$113 -> 0 | K116: =K$113 -> 0 | L116: =L$113 -> 0 | ... AS116: =AS$113 -> 0
E117: Cobalt: FS (updated) | F117: FS | G117: tonnes | I117: =SUM(K117:AS117) -> 21822.533 | K117: =IF(K116 = 0, K115, K116) -> 0 | L117: =IF(L116 = 0, L115, L116) -> 0 | M117: =IF(M116 = 0, M115, M116) -> 0 | N117: =IF(N116 = 0, N115, N116) -> 0 | O117: =IF(O116 = 0, O115, O116) -> 0 | P117: =IF(P116 = 0, P115, P116) -> 0 | Q117: =IF(Q116 = 0, Q115, Q116) -> 0 | R117: =IF(R116 = 0, R115, R116) -> 0 | ... AS117: =IF(AS116 = 0, AS115, AS116) -> 0
C119: Cobalt production into model
E120: =Inputs_Con!E$13 -> Production case: FS or original | F120: =Inputs_Con!F$13 -> FS | G120: =Inputs_Con!G$13 -> selected
E121: =E$105 -> Cobalt production: historic + forecast | F121: =F$105 -> Original | G121: =G$105 -> tonnes | H121: =H$105 -> 0 | I121: =I$105 -> 29179.858 | J121: =J$105 -> 0 | K121: =K$105 -> 0 | L121: =L$105 -> 0 | ... AS121: =AS$105 -> 0
E122: =E$117 -> Cobalt: FS (updated) | F122: =F$117 -> FS | G122: =G$117 -> tonnes | H122: =H$117 -> 0 | I122: =I$117 -> 21822.533 | J122: =J$117 -> 0 | K122: =K$117 -> 0 | L122: =L$117 -> 0 | ... AS122: =AS$117 -> 0
E124: =Inputs_TS!E$18 -> Cobalt production sensitivity (forecast period) | F124: =Inputs_TS!F$18 -> 0 | G124: =Inputs_TS!G$18 -> % | H124: =Inputs_TS!H$18 -> 0 | I124: =Inputs_TS!I$18 -> 0 | J124: =Inputs_TS!J$18 -> 0 | K124: =Inputs_TS!K$18 -> 1 | L124: =Inputs_TS!L$18 -> 1 | ... AS124: =Inputs_TS!AS$18 -> 1
E126: Cobalt production incl Sens. | G126: KT Co | I126: =SUM(K126:AS126) -> 21.822533 | K126: =IF($F120 = "FS", K122,K121) * 10^-3 * K124 -> 0 | L126: =IF($F120 = "FS", L122,L121) * 10^-3 * L124 -> 0 | M126: =IF($F120 = "FS", M122,M121) * 10^-3 * M124 -> 0 | N126: =IF($F120 = "FS", N122,N121) * 10^-3 * N124 -> 0 | O126: =IF($F120 = "FS", O122,O121) * 10^-3 * O124 -> 0 | P126: =IF($F120 = "FS", P122,P121) * 10^-3 * P124 -> 0 | Q126: =IF($F120 = "FS", Q122,Q121) * 10^-3 * Q124 -> 0 | R126: =IF($F120 = "FS", R122,R121) * 10^-3 * R124 -> 0 | ... AS126: =IF($F120 = "FS", AS122,AS121) * 10^-3 * AS124 -> 0
A128: COPPER PRICING
B130: Copper LME price: actual & forecast | F130: IMF_WEO | G130: label
C131: Copper historic price
E132: =Inputs_TS!E$168 -> IMF WEO April 2024 Copper, grade A cathode, LME spot price, CIF European ports, | F132: =Inputs_TS!F$168 -> 0 | G132: =Inputs_TS!G$168 -> $ / tonne | H132: =Inputs_TS!H$168 -> to add, from WEO file | I132: =Inputs_TS!I$168 -> 0 | J132: =Inputs_TS!J$168 -> 0 | K132: =Inputs_TS!K$168 -> 6731.352 | L132: =Inputs_TS!L$168 -> 7131.63 | ... AS132: =Inputs_TS!AS$168 -> 0
C134: Copper forecast price
E135: =Inputs_Con!E$40 -> Copper forecast price | F135: =Inputs_Con!F$40 -> IMF_WEO | G135: =Inputs_Con!G$40 -> option selected
E136: =Inputs_TS!E$207 -> Cu forecast: IMF_WEO | F136: =Inputs_TS!F$207 -> IMF_WEO | G136: =Inputs_TS!G$207 -> $ / tonne | H136: =Inputs_TS!H$207 -> 0 | I136: =Inputs_TS!I$207 -> 0 | J136: =Inputs_TS!J$207 -> 0 | K136: =Inputs_TS!K$207 -> 6731.352 | L136: =Inputs_TS!L$207 -> 7131.63 | ... AS136: =Inputs_TS!AS$207 -> 10796.672
...

Sheet EITI_Rev
A1: =RIGHT(CELL("filename", $A$3), LEN(CELL("filename", $A$3)) - SEARCH("]", CELL("filename", $A$3))) -> EITI_Rev
F2: =Track!F$80 -> 0 | G2: Error chks | K2: ='T&E'!K$9 -> 2006 | L2: ='T&E'!L$9 -> 2007 | M2: ='T&E'!M$9 -> 2008 | N2: ='T&E'!N$9 -> 2009 | O2: ='T&E'!O$9 -> 2010 | P2: ='T&E'!P$9 -> 2011 | Q2: ='T&E'!Q$9 -> 2012 | R2: ='T&E'!R$9 -> 2013 | ... AS2: ='T&E'!AS$9 -> 2040
F3: =Track!F$3 -> 0 | G3: Track chgs | K3: Actual | L3: Actual | M3: Actual | N3: Actual | O3: Actual | P3: Actual | Q3: Actual | R3: Actual | S3: Actual | T3: Actual | U3: Actual | V3: Actual | W3: Actual | X3: Actual | Y3: Actual | Z3: Actual | AA3: Actual | AB3: Actual | AC3: Actual | AD3: Actual | AE3: Actual | AF3: Actual | AG3: Actual | AH3: Actual | AI3: Actual | AJ3: Actual | AK3: Actual | AL3: Actual | AM3: Actual | AN3: Actual | AO3: Actual | AP3: Actual | AQ3: Actual | AR3: Actual | AS3: Actual
F4: Constant | G4: Units | H4: Source / Comments | K4: ='T&E'!K$11 -> 1 | L4: ='T&E'!L$11 -> 2 | M4: ='T&E'!M$11 -> 3 | N4: ='T&E'!N$11 -> 4 | O4: ='T&E'!O$11 -> 5 | P4: ='T&E'!P$11 -> 6 | Q4: ='T&E'!Q$11 -> 7 | R4: ='T&E'!R$11 -> 8 | ... AS4: ='T&E'!AS$11 -> 35
A6: EITI REPORTED REVENUES
F7: Compared
E8: AMR-A (EITI) | F8: yes | G8: $ mn | I8: =SUM(K8:AA8) -> 13.512836 | K8: 0.000105 | L8: 0.000105 | M8: 0.000105 | N8: 0.000105 | O8: 0.000105 | P8: 0.000105 | Q8: 0 | R8: 0 | S8: 0 | T8: 0 | U8: 0 | V8: 0.00929108 | X8: 0.492227 | Y8: 0.145884 | Z8: 4.509746 | AA8: 8.355058
E9: AMR-B (EITI) | F9: yes | G9: $ mn | I9: =SUM(K9:AA9) -> 0.37848983 | K9: 0.000149 | L9: 0.000149 | M9: 0.000149 | N9: 0.000149 | O9: 0.000149 | P9: 0.000149 | Q9: 0 | R9: 0 | S9: 0 | T9: 0 | U9: 0 | V9: 0.00266883 | X9: 0.127547 | Z9: 0.159233 | AA9: 0.088147
E10: Chiffre d'Affaires (EITI) | G10: $ mn | I10: =SUM(K10:AS10) -> 0 | J10: =SUM(L10:AS10) -> 0 | K10: 0 | L10: 0 | M10: 0 | N10: 0 | O10: 0 | P10: 0 | Q10: 0 | R10: 0 | S10: 0 | T10: 0 | U10: 0 | V10: 0 | W10: 0 | X10: 0 | Y10: 0 | Z10: 0 | AA10: 0
E11: Dividendes SOC (EITI) | F11: yes | G11: $ mn | I11: =SUM(K11:AA11) -> 119.57638 | K11: 0 | L11: 0 | M11: 0 | N11: 0 | O11: 0 | P11: 0 | Q11: 0 | R11: 0 | S11: 0 | T11: 0 | U11: 0 | V11: 0.310611 | W11: 5.116977 | X11: 12.851286 | Y11: 1.712295 | Z11: 7.371553 | AA11: 92.213657
E12: IBP / ISF (EITI) | F12: yes | G12: $ mn | I12: =SUM(K12:AA12) -> 391.31411 | K12: 0 | L12: 0 | M12: 0 | N12: 0 | O12: 0 | P12: 0 | Q12: 0 | R12: 0.005809 | S12: 0 | T12: 0 | U12: 0.0040275 | V12: 0 | W12: 13.112269 | X12: 51.783644 | Y12: 25.079265 | Z12: 88.828175 | AA12: 212.50092
E13: IBP non-Resident (EITI) | G13: $ mn | I13: =SUM(K13:AA13) -> 4.544631 | W13: 1.169766 | X13: 0.393015 | Y13: 0.659014 | Z13: 1.178867 | AA13: 1.143969
E14: ICAI (EITI) | G14: $ mn | I14: =SUM(K14:AA14) -> 0.477333 | K14: 0.05851 | L14: 0.05851 | M14: 0.05851 | N14: 0.05851 | O14: 0.05851 | P14: 0.05851 | Q14: 0.126273 | R14: 0 | S14: 0 | T14: 0 | U14: 0 | V14: 0
E15: Impôt mobilier (EITI) | F15: yes | G15: $ mn | I15: =SUM(K15:AA15) -> 34.098046 | W15: 0.211992 | X15: 1.616207 | Y15: 2.561682 | Z15: 1.739769 | AA15: 27.968396
E16: Impôt sur le profit Excédentaire (EITI) | G16: $ mn | I16: =SUM(K16:AA16) -> 59.949204 | W16: 0.330689 | X16: 0.332846 | AA16: 59.285669
E17: IPR / IER (EITI) | F17: yes | G17: $ mn | I17: =SUM(K17:AA17) -> 16.798678 | K17: 0 | L17: 0 | M17: 0 | N17: 0 | O17: 0 | P17: 0 | Q17: 0.077245 | R17: 0.005431 | S17: 0.028564 | T17: 0.078185 | U17: 0.20886592 | V17: 0.58512717 | W17: 1.16569 | X17: 2.24633 | Y17: 3.377011 | Z17: 4.932432 | AA17: 4.093797
E18: Other (EITI) | G18: $ mn | I18: =SUM(K18:AA18) -> 32.951613 | K18: 0 | L18: 0 | M18: 0 | N18: 0 | O18: 0 | P18: 0 | Q18: 0.002044 | R18: 0.045376 | S18: 0.002242 | T18: 0.006353 | U18: 0.012521 | V18: 0.634812 | W18: 13.569427 | X18: 2.758243 | Y18: 4.706665 | Z18: 1.392255 | AA18: 9.821675
E19: Redevance Minière: Quote-part Province (25%) | F19: yes | G19: $ mn | I19: =SUM(K19:AA19) -> 28.632976 | W19: 1.2404055 | X19: 4.2704272 | Y19: 6.4156175 | Z19: 3.8911749 | AA19: 12.815351
E20: Redevance Minière: Quote-part Trésor (50%) | F20: yes | G20: $ mn | I20: =SUM(K20:AA20) -> 47.558056 | W20: 3.0986352 | X20: 0.0303324 | Y20: 11.934976 | Z20: 7.4916523 | AA20: 25.00246
E21: Redevance Minière : Quote-part ETD (15%) | F21: yes | G21: $ mn | I21: =SUM(K21:AA21) -> 15.52302 | W21: 0.4380195 | X21: 2.3209834 | Y21: 3.5797153 | Z21: 2.8531781 | AA21: 6.331124
E22: Redevance Minière: Quote-part FOMIN (10%) | F22: yes | G22: $ mn | I22: =SUM(K22:AA22) -> 9.558497 | W22: 0 | X22: 0 | Y22: 0 | Z22: 0 | AA22: 9.558497
E23: Royalties - forex (EITI) | G23: $ mn | I23: =SUM(K23:AA23) -> 0.548827 | K23: 0 | L23: 0 | M23: 0 | N23: 0 | O23: 0 | P23: 0 | Q23: 0 | R23: 0 | S23: 0 | T23: 0 | U23: 0 | V23: 0 | W23: 0 | X23: 0 | Y23: 0 | Z23: 0 | AA23: 0.548827
E24: Signature Bonus (EITI) | F24: yes | G24: $ mn | I24: =SUM(K24:AA24) -> 42.679182 | K24: 0 | L24: 0 | M24: 0 | N24: 0 | O24: 0 | P24: 0 | Q24: 0 | R24: 0 | S24: 0 | T24: 0 | U24: 0 | V24: 2.7 | W24: 8.1 | X24: 5.4 | Y24: 0 | Z24: 0 | AA24: 26.479182
E25: Tax on concentrates (EITI) | G25: $ mn | I25: =SUM(K25:AA25) -> 14.136891 | K25: 0 | L25: 0 | M25: 0 | N25: 0 | O25: 0 | P25: 0 | Q25: 0 | R25: 0.0192 | S25: 0 | T25: 0 | U25: 0 | V25: 0.33490438 | W25: 6.26152 | X25: 1.883605 | Y25: 0.081514 | AA25: 5.556148
E26: Taxes a l'Exportation (EITI) | G26: $ mn | I26: =SUM(K26:AA26) -> 31.01927 | K26: 0 | L26: 0 | M26: 0 | N26: 0 | O26: 0 | P26: 0 | Q26: 0 | R26: 0.002306 | S26: 0 | T26: 0 | U26: 0 | V26: 0.78470511 | W26: 2.772881 | X26: 5.824696 | Y26: 8.050231 | Z26: 0 | AA26: 13.584451
E27: Taxes a l'Importation (EITI) | F27: yes | G27: $ mn | I27: =SUM(K27:AA27) -> 113.23984 | K27: 0 | L27: 0 | M27: 0 | N27: 0 | O27: 0 | P27: 0 | Q27: 0 | R27: 0.002306 | S27: 0 | T27: 0.681071 | U27: 5.3135076 | V27: 4.9504272 | W27: 18.15797 | X27: 40.62161 | Y27: 3.393662 | Z27: 0 | AA27: 40.119291
E28: Total revenues (EITI) | F28: =SUMIF(F8:F27, "yes", I8:I27) -> 832.87012 | I28: =SUM(K28:AS28) -> 976.49789 | K28: =SUM(K8:K27) -> 0.058764 | L28: =SUM(L8:L27) -> 0.058764 | M28: =SUM(M8:M27) -> 0.058764 | N28: =SUM(N8:N27) -> 0.058764 | O28: =SUM(O8:O27) -> 0.058764 | P28: =SUM(P8:P27) -> 0.058764 | Q28: =SUM(Q8:Q27) -> 0.205562 | R28: =SUM(R8:R27) -> 0.080428 | ... AS28: =SUM(AS8:AS27) -> 0
E29: Coverage of model versus EITI comparisons | F29: =F28 / I28 -> 0.85291543
E31: Royalties (EITI) | G31: $ mn | I31: =SUM(K31:AA31) -> 101.27255 | K31: =SUM(K19:K22) -> 0 | L31: =SUM(L19:L22) -> 0 | M31: =SUM(M19:M22) -> 0 | N31: =SUM(N19:N22) -> 0 | O31: =SUM(O19:O22) -> 0 | P31: =SUM(P19:P22) -> 0 | Q31: =SUM(Q19:Q22) -> 0 | R31: =SUM(R19:R22) -> 0 | ... AS31: =SUM(AS19:AS22) -> 0
E32: Subnational royalties (EITI) | G32: $ mn | I32: =SUM(K32:AA32) -> 53.714493 | K32: =K19 + K21 + K22 -> 0 | L32: =L19 + L21 + L22 -> 0 | M32: =M19 + M21 + M22 -> 0 | N32: =N19 + N21 + N22 -> 0 | O32: =O19 + O21 + O22 -> 0 | P32: =P19 + P21 + P22 -> 0 | Q32: =Q19 + Q21 + Q22 -> 0 | R32: =R19 + R21 + R22 -> 0 | ... AS32: =AS19 + AS21 + AS22 -> 0
A34: COMPARISON TO MODEL
B36: Royalties
E37: =E$31 -> Royalties (EITI) | F37: =F$31 -> 0 | G37: =G$31 -> $ mn | H37: =H$31 -> 0 | I37: =I$31 -> 101.27255 | J37: =J$31 -> 0 | K37: =K$31 -> 0 | L37: =L$31 -> 0 | ... AS37: =AS$31 -> 0
E38: =COMMUS_Model!E$450 -> Total royalty | F38: =COMMUS_Model!F$450 -> 0 | G38: =COMMUS_Model!G$450 -> $ mn | H38: =COMMUS_Model!H$450 -> 0 | I38: =COMMUS_Model!I$450 -> 457.74229 | J38: =COMMUS_Model!J$450 -> 0 | K38: =COMMUS_Model!K$450 -> 0 | L38: =COMMUS_Model!L$450 -> 0 | ... AS38: =COMMUS_Model!AS$450 -> 0
E39: difference | G39: $ mn | I39: =SUM(K39:AU39) -> -34.489025 | K39: =IF(K37 <> 0, K37 - K38, 0) -> 0 | L39: =IF(L37 <> 0, L37 - L38, 0) -> 0 | M39: =IF(M37 <> 0, M37 - M38, 0) -> 0 | N39: =IF(N37 <> 0, N37 - N38, 0) -> 0 | O39: =IF(O37 <> 0, O37 - O38, 0) -> 0 | P39: =IF(P37 <> 0, P37 - P38, 0) -> 0 | Q39: =IF(Q37 <> 0, Q37 - Q38, 0) -> 0 | R39: =IF(R37 <> 0, R37 - R38, 0) -> 0 | ... AS39: =IF(AS37 <> 0, AS37 - AS38, 0) -> 0
E41: Cumulative royalty difference: 2018 - 2022 | G41: Flag | K41: =IF(AND(K2 > 2017,K2 < 2023), 1, 0) -> 0 | L41: =IF(AND(L2 > 2017,L2 < 2023), 1, 0) -> 0 | M41: =IF(AND(M2 > 2017,M2 < 2023), 1, 0) -> 0 | N41: =IF(AND(N2 > 2017,N2 < 2023), 1, 0) -> 0 | O41: =IF(AND(O2 > 2017,O2 < 2023), 1, 0) -> 0 | P41: =IF(AND(P2 > 2017,P2 < 2023), 1, 0) -> 0 | Q41: =IF(AND(Q2 > 2017,Q2 < 2023), 1, 0) -> 0 | R41: =IF(AND(R2 > 2017,R2 < 2023), 1, 0) -> 0 | ... AS41: =IF(AND(AS2 > 2017,AS2 < 2023), 1, 0) -> 0
E42: Cumulative royalty difference: 2018 - 2022 | F42: =SUMPRODUCT(K41:AS41, K39:AS39) -> -34.489025 | G42: $ mn
B44: Subnational revenues (royalties)
E45: =COMMUS_Model!E$450 -> Total royalty | F45: =COMMUS_Model!F$450 -> 0 | G45: =COMMUS_Model!G$450 -> $ mn | H45: =COMMUS_Model!H$450 -> 0 | I45: =COMMUS_Model!I$450 -> 457.74229 | J45: =COMMUS_Model!J$450 -> 0 | K45: =COMMUS_Model!K$450 -> 0 | L45: =COMMUS_Model!L$450 -> 0 | ... AS45: =COMMUS_Model!AS$450 -> 0
E46: Total royalty (50%) | G46: $ mn | I46: =SUM(K46:AS46) -> 228.87115 | K46: =K45 * 0.5 -> 0 | L46: =L45 * 0.5 -> 0 | M46: =M45 * 0.5 -> 0 | N46: =N45 * 0.5 -> 0 | O46: =O45 * 0.5 -> 0 | P46: =P45 * 0.5 -> 0 | Q46: =Q45 * 0.5 -> 0 | R46: =R45 * 0.5 -> 0 | ... AS46: =AS45 * 0.5 -> 0
E48: =E$32 -> Subnational royalties (EITI) | F48: =F$32 -> 0 | G48: =G$32 -> $ mn | H48: =H$32 -> 0 | I48: =I$32 -> 53.714493 | J48: =J$32 -> 0 | K48: =K$32 -> 0 | L48: =L$32 -> 0 | ... AS48: =AS$32 -> 0
E49: =E$20 -> Redevance Minière: Quote-part Trésor (50%) | F49: =F$20 -> yes | G49: =G$20 -> $ mn | H49: =H$20 -> 0 | I49: =I$20 -> 47.558056 | J49: =J$20 -> 0 | K49: =K$20 -> 0 | L49: =L$20 -> 0 | ... AS49: =AS$20 -> 0
E50: Subnational royalty difference | G50: $ mn | I50: =SUM(K50:AU50) -> 6.1564373 | K50: =IF(K48 <> 0, K48 - K49, 0) -> 0 | L50: =IF(L48 <> 0, L48 - L49, 0) -> 0 | M50: =IF(M48 <> 0, M48 - M49, 0) -> 0 | N50: =IF(N48 <> 0, N48 - N49, 0) -> 0 | O50: =IF(O48 <> 0, O48 - O49, 0) -> 0 | P50: =IF(P48 <> 0, P48 - P49, 0) -> 0 | Q50: =IF(Q48 <> 0, Q48 - Q49, 0) -> 0 | R50: =IF(R48 <> 0, R48 - R49, 0) -> 0 | ... AS50: =IF(AS48 <> 0, AS48 - AS49, 0) -> 0
E52: Cumulative subnational royalties difference: 2018 - 2022 | G52: Flag | K52: =IF(AND(K2 > 2017,K2 < 2023), 1, 0) -> 0 | L52: =IF(AND(L2 > 2017,L2 < 2023), 1, 0) -> 0 | M52: =IF(AND(M2 > 2017,M2 < 2023), 1, 0) -> 0 | N52: =IF(AND(N2 > 2017,N2 < 2023), 1, 0) -> 0 | O52: =IF(AND(O2 > 2017,O2 < 2023), 1, 0) -> 0 | P52: =IF(AND(P2 > 2017,P2 < 2023), 1, 0) -> 0 | Q52: =IF(AND(Q2 > 2017,Q2 < 2023), 1, 0) -> 0 | R52: =IF(AND(R2 > 2017,R2 < 2023), 1, 0) -> 0 | ... AS52: =IF(AND(AS2 > 2017,AS2 < 2023), 1, 0) -> 0
E53: Cumulative subnational royalties difference: 2018 - 2022 | F53: =SUMPRODUCT(K52:AS52, K50:AS50) -> 6.1564373 | G53: $ mn
B55: Turnover Tax
E56: =COMMUS_Model!E$670 -> Turnover tax (Chiffre d'Affaires 0.3PC) | F56: =COMMUS_Model!F$670 -> 0 | G56: =COMMUS_Model!G$670 -> $ mn | H56: =COMMUS_Model!H$670 -> 0 | I56: =COMMUS_Model!I$670 -> 36.171682 | J56: =COMMUS_Model!J$670 -> 0 | K56: =COMMUS_Model!K$670 -> 0 | L56: =COMMUS_Model!L$670 -> 0 | ... AS56: =COMMUS_Model!AS$670 -> 0
E57: =E$10 -> Chiffre d'Affaires (EITI) | F57: =F$10 -> 0 | G57: =G$10 -> $ mn | H57: =H$10 -> 0 | I57: =SUM(K57:AS57) -> 0 | J57: =J$10 -> 0 | K57: =K$10 -> 0 | L57: =L$10 -> 0 | M57: =M$10 -> 0 | N57: =N$10 -> 0 | O57: =O$10 -> 0 | P57: =P$10 -> 0 | Q57: =Q$10 -> 0 | ... AS57: =AS$10 -> 0
E58: =B55 & " shortfall" -> Turnover Tax shortfall | G58: $ mn | I58: =SUM(K58:AS58) -> -36.171682 | K58: =K57 - K56 -> 0 | L58: =L57 - L56 -> 0 | M58: =M57 - M56 -> 0 | N58: =N57 - N56 -> 0 | O58: =O57 - O56 -> 0 | P58: =P57 - P56 -> 0 | Q58: =Q57 - Q56 -> 0 | R58: =R57 - R56 -> 0 | ... AS58: =AS57 - AS56 -> 0
B60: Subnational revenue streams
E61: =E$50 -> Subnational royalty difference | F61: =F$50 -> 0 | G61: =G$50 -> $ mn | H61: =H$50 -> 0 | I61: =I$50 -> 6.1564373 | J61: =J$50 -> 0 | K61: =K$50 -> 0 | L61: =L$50 -> 0 | ... AS61: =AS$50 -> 0
E62: =E$58 -> Turnover Tax shortfall | F62: =F$58 -> 0 | G62: =G$58 -> $ mn | H62: =H$58 -> 0 | I62: =I$58 -> -36.171682 | J62: =J$58 -> 0 | K62: =K$58 -> 0 | L62: =L$58 -> 0 | ... AS62: =AS$58 -> 0
E63: =B60 & " shortfall" -> Subnational revenue streams shortfall | G63: $ mn | I63: =SUM(K63:AS63) -> -30.015245 | K63: =K61 + K62 -> 0 | L63: =L61 + L62 -> 0 | M63: =M61 + M62 -> 0 | N63: =N61 + N62 -> 0 | O63: =O61 + O62 -> 0 | P63: =P61 + P62 -> 0 | Q63: =Q61 + Q62 -> 0 | R63: =R61 + R62 -> 0 | ... AS63: =AS61 + AS62 -> 0
E64: Cumulative subnational revenue shortfall 2018-22 | F64: =SUM(K63:AS63) -> -30.015245
B66: CIT
E67: =E$12 -> IBP / ISF (EITI) | F67: =F$12 -> yes | G67: =G$12 -> $ mn | H67: =H$12 -> 0 | I67: =I$12 -> 391.31411 | J67: =J$12 -> 0 | K67: =K$12 -> 0 | L67: =L$12 -> 0 | ... AS67: =AS$12 -> 0
E68: =E$8 -> AMR-A (EITI) | F68: =F$8 -> yes | G68: =G$8 -> $ mn | H68: =H$8 -> 0 | I68: =I$8 -> 13.512836 | J68: =J$8 -> 0 | K68: =K$8 -> 0.000105 | L68: =L$8 -> 0.000105 | ... AS68: =AS$8 -> 0
E69: =E$9 -> AMR-B (EITI) | F69: =F$9 -> yes | G69: =G$9 -> $ mn | H69: =H$9 -> 0 | I69: =I$9 -> 0.37848983 | J69: =J$9 -> 0 | K69: =K$9 -> 0.000149 | L69: =L$9 -> 0.000149 | ... AS69: =AS$9 -> 0
E70: Total Corporate income tax per EITI | G70: $ mn | I70: =SUM(K70:AU70) -> 405.20391 | J70: =SUM(Q70:AV70) -> 405.20391 | Q70: =SUM(Q67:Q69) -> 0 | R70: =SUM(R67:R69) -> 0.005809 | S70: =SUM(S67:S69) -> 0 | T70: =SUM(T67:T69) -> 0 | U70: =SUM(U67:U69) -> 0.0040275 | V70: =SUM(V67:V69) -> 0.01195991 | W70: =SUM(W67:W69) -> 13.112269 | X70: =SUM(X67:X69) -> 52.403418 | ... AS70: =SUM(AS67:AS69) -> 0
E71: =COMMUS_Model!E$795 -> CIT payable | F71: =COMMUS_Model!F$795 -> 0 | G71: =COMMUS_Model!G$795 -> $ mn | H71: =COMMUS_Model!H$795 -> 0 | I71: =COMMUS_Model!I$795 -> 1297.2944 | J71: =COMMUS_Model!J$795 -> 0 | K71: =COMMUS_Model!K$795 -> 0 | L71: =COMMUS_Model!L$795 -> 0 | ... AS71: =COMMUS_Model!AS$795 -> 0
E72: difference | G72: $ mn | I72: =SUM(K72:AU72) -> -72.041833 | J72: =SUM(Q72:AV72) -> -72.041833 | K72: =IF(K70 <> 0, K70 - K71, 0) -> 0 | L72: =IF(L70 <> 0, L70 - L71, 0) -> 0 | M72: =IF(M70 <> 0, M70 - M71, 0) -> 0 | N72: =IF(N70 <> 0, N70 - N71, 0) -> 0 | O72: =IF(O70 <> 0, O70 - O71, 0) -> 0 | P72: =IF(P70 <> 0, P70 - P71, 0) -> 0 | Q72: =IF(Q70 <> 0, Q70 - Q71, 0) -> 0 | R72: =IF(R70 <> 0, R70 - R71, 0) -> 0.005809 | ... AS72: =IF(AS70 <> 0, AS70 - AS71, 0) -> 0
E74: Cumulative CIT difference: 2018 - 2022 | G74: Flag | K74: =IF(AND(K2 > 2017, K2 < 2023), 1, 0) -> 0 | L74: =IF(AND(L2 > 2017, L2 < 2023), 1, 0) -> 0 | M74: =IF(AND(M2 > 2017, M2 < 2023), 1, 0) -> 0 | N74: =IF(AND(N2 > 2017, N2 < 2023), 1, 0) -> 0 | O74: =IF(AND(O2 > 2017, O2 < 2023), 1, 0) -> 0 | P74: =IF(AND(P2 > 2017, P2 < 2023), 1, 0) -> 0 | Q74: =IF(AND(Q2 > 2017, Q2 < 2023), 1, 0) -> 0 | R74: =IF(AND(R2 > 2017, R2 < 2023), 1, 0) -> 0 | ... AS74: =IF(AND(AS2 > 2017, AS2 < 2023), 1, 0) -> 0
E75: Cumulative CIT difference: 2018 - 2022 | F75: =SUMPRODUCT(K74:AS74, K72:AS72) -> -71.016824 | G75: $ mn
B77: DWT
E78: =E$15 -> Impôt mobilier (EITI) | F78: =F$15 -> yes | G78: =G$15 -> $ mn | H78: =H$15 -> 0 | I78: =I$15 -> 34.098046 | J78: =J$15 -> 0 | K78: =K$15 -> 0 | L78: =L$15 -> 0 | ... AS78: =AS$15 -> 0
E79: =COMMUS_Model!E$983 -> Dividend withholding tax | F79: =COMMUS_Model!F$983 -> 0 | G79: =COMMUS_Model!G$983 -> $ mn | H79: =COMMUS_Model!H$983 -> 0 | I79: =COMMUS_Model!I$983 -> 224.61816 | J79: =COMMUS_Model!J$983 -> 0 | K79: =COMMUS_Model!K$983 -> 0 | L79: =COMMUS_Model!L$983 -> 0 | ... AS79: =COMMUS_Model!AS$983 -> 0
E80: difference | G80: $ mn | I80: =SUM(K80:AU80) -> -49.482866 | J80: =SUM(Q80:AV80) -> -49.482866 | K80: =IF(K78 <> 0, K78 - K79, 0) -> 0 | L80: =IF(L78 <> 0, L78 - L79, 0) -> 0 | M80: =IF(M78 <> 0, M78 - M79, 0) -> 0 | N80: =IF(N78 <> 0, N78 - N79, 0) -> 0 | O80: =IF(O78 <> 0, O78 - O79, 0) -> 0 | P80: =IF(P78 <> 0, P78 - P79, 0) -> 0 | Q80: =IF(Q78 <> 0, Q78 - Q79, 0) -> 0 | R80: =IF(R78 <> 0, R78 - R79, 0) -> 0 | ... AS80: =IF(AS78 <> 0, AS78 - AS79, 0) -> 0
B82: Import Duties
E83: =E$27 -> Taxes a l'Importation (EITI) | F83: =F$27 -> yes | G83: =G$27 -> $ mn | H83: =H$27 -> 0 | I83: =I$27 -> 113.23984 | J83: =J$27 -> 0 | K83: =K$27 -> 0 | L83: =L$27 -> 0 | ... AS83: =AS$27 -> 0
E84: =COMMUS_Model!E$520 -> Operating costs, including Sens. | F84: =COMMUS_Model!F$520 -> FS | G84: =COMMUS_Model!G$520 -> $ mn | H84: =COMMUS_Model!H$520 -> 0 | I84: =COMMUS_Model!I$520 -> 6417.4732 | J84: =COMMUS_Model!J$520 -> 0 | K84: =COMMUS_Model!K$520 -> 0 | L84: =COMMUS_Model!L$520 -> 0 | ... AS84: =COMMUS_Model!AS$520 -> 0
E85: =COMMUS_Model!E$566 -> Capital costs, including Sens. | F85: =COMMUS_Model!F$566 -> FS | G85: =COMMUS_Model!G$566 -> $ mn | H85: =COMMUS_Model!H$566 -> 0 | I85: =COMMUS_Model!I$566 -> 831.2452 | J85: =COMMUS_Model!J$566 -> 0 | K85: =COMMUS_Model!K$566 -> 0 | L85: =COMMUS_Model!L$566 -> 0 | ... AS85: =COMMUS_Model!AS$566 -> 0
E86: =COMMUS_Model!E$655 -> Project costs | F86: =COMMUS_Model!F$655 -> 0 | G86: =COMMUS_Model!G$655 -> $ mn | H86: =COMMUS_Model!H$655 -> 0 | I86: =COMMUS_Model!I$655 -> 7248.7184 | J86: =COMMUS_Model!J$655 -> 0 | K86: =COMMUS_Model!K$655 -> 0 | L86: =COMMUS_Model!L$655 -> 0 | ... AS86: =COMMUS_Model!AS$655 -> 0
E87: Import duty paid | G87: flag | J87: =SUM(Q87:AV87) -> 8 | Q87: =(Q83 > 0) * 1 -> 0 | R87: =(R83 > 0) * 1 -> 1 | S87: =(S83 > 0) * 1 -> 0 | T87: =(T83 > 0) * 1 -> 1 | U87: =(U83 > 0) * 1 -> 1 | V87: =(V83 > 0) * 1 -> 1 | W87: =(W83 > 0) * 1 -> 1 | X87: =(X83 > 0) * 1 -> 1 | ... AS87: =(AS83 > 0) * 1 -> 0
C89: Import duties as % costs
E90: I.D. % Opex | G90: % | K90: =IFERROR(K83 / K84, 0) -> 0 | L90: =IFERROR(L83 / L84, 0) -> 0 | M90: =IFERROR(M83 / M84, 0) -> 0 | N90: =IFERROR(N83 / N84, 0) -> 0 | O90: =IFERROR(O83 / O84, 0) -> 0 | P90: =IFERROR(P83 / P84, 0) -> 0 | Q90: =IFERROR(Q83 / Q84, 0) -> 0 | R90: =IFERROR(R83 / R84, 0) -> 0 | ... AS90: =IFERROR(AS83 / AS84, 0) -> 0
E91: I.D. % Capex | G91: % | K91: =IFERROR(K83 / K85, 0) -> 0 | L91: =IFERROR(L83 / L85, 0) -> 0 | M91: =IFERROR(M83 / M85, 0) -> 0 | N91: =IFERROR(N83 / N85, 0) -> 0 | O91: =IFERROR(O83 / O85, 0) -> 0 | P91: =IFERROR(P83 / P85, 0) -> 0 | Q91: =IFERROR(Q83 / Q85, 0) -> 0 | R91: =IFERROR(R83 / R85, 0) -> 0 | ... AS91: =IFERROR(AS83 / AS85, 0) -> 0
E92: I.D. % Total costs | G92: % | K92: =IFERROR(K83 / K86, 0) -> 0 | L92: =IFERROR(L83 / L86, 0) -> 0 | M92: =IFERROR(M83 / M86, 0) -> 0 | N92: =IFERROR(N83 / N86, 0) -> 0 | O92: =IFERROR(O83 / O86, 0) -> 0 | P92: =IFERROR(P83 / P86, 0) -> 0 | Q92: =IFERROR(Q83 / Q86, 0) -> 0 | R92: =IFERROR(R83 / R86, 0) -> 0 | ... AS92: =IFERROR(AS83 / AS86, 0) -> 0
C94: Comparison to EITI
E95: =E$27 -> Taxes a l'Importation (EITI) | F95: =F$27 -> yes | G95: =G$27 -> $ mn | H95: =H$27 -> 0 | I95: =I$27 -> 113.23984 | J95: =J$27 -> 0 | K95: =K$27 -> 0 | L95: =L$27 -> 0 | ... AS95: =AS$27 -> 0
E96: =COMMUS_Model!E$823 -> Import duties (included in costs) | F96: =COMMUS_Model!F$823 -> 0 | G96: =COMMUS_Model!G$823 -> $ mn | H96: =COMMUS_Model!H$823 -> 0 | I96: =COMMUS_Model!I$823 -> 378.04054 | J96: =COMMUS_Model!J$823 -> 378.04054 | K96: =COMMUS_Model!K$823 -> 0 | L96: =COMMUS_Model!L$823 -> 0 | ... AS96: =COMMUS_Model!AS$823 -> 0
E97: difference | G97: $ mn | I97: =SUM(K97:AU97) -> 5.9968846 | J97: =SUM(Q97:AV97) -> 5.9968846 | K97: =IF(K95 <> 0, K95 - K96, 0) -> 0 | L97: =IF(L95 <> 0, L95 - L96, 0) -> 0 | M97: =IF(M95 <> 0, M95 - M96, 0) -> 0 | N97: =IF(N95 <> 0, N95 - N96, 0) -> 0 | O97: =IF(O95 <> 0, O95 - O96, 0) -> 0 | P97: =IF(P95 <> 0, P95 - P96, 0) -> 0 | Q97: =IF(Q95 <> 0, Q95 - Q96, 0) -> 0 | R97: =IF(R95 <> 0, R95 - R96, 0) -> 0.002306 | ... AS97: =IF(AS95 <> 0, AS95 - AS96, 0) -> 0
B99: Taxes on wages IPR
E100: =E$17 -> IPR / IER (EITI) | F100: =F$17 -> yes | G100: =G$17 -> $ mn | H100: =H$17 -> 0 | I100: =I$17 -> 16.798678 | J100: =J$17 -> 0 | K100: =K$17 -> 0 | L100: =L$17 -> 0 | ... AS100: =AS$17 -> 0
E101: =COMMUS_Model!E$520 -> Operating costs, including Sens. | F101: =COMMUS_Model!F$520 -> FS | G101: =COMMUS_Model!G$520 -> $ mn | H101: =COMMUS_Model!H$520 -> 0 | I101: =COMMUS_Model!I$520 -> 6417.4732 | J101: =COMMUS_Model!J$520 -> 0 | K101: =COMMUS_Model!K$520 -> 0 | L101: =COMMUS_Model!L$520 -> 0 | ... AS101: =COMMUS_Model!AS$520 -> 0
E102: IPR % opex | G102: % | K102: =IFERROR(K100 / K101, 0) -> 0 | L102: =IFERROR(L100 / L101, 0) -> 0 | M102: =IFERROR(M100 / M101, 0) -> 0 | N102: =IFERROR(N100 / N101, 0) -> 0 | O102: =IFERROR(O100 / O101, 0) -> 0 | P102: =IFERROR(P100 / P101, 0) -> 0 | Q102: =IFERROR(Q100 / Q101, 0) -> 0 | R102: =IFERROR(R100 / R101, 0) -> 0 | ... AS102: =IFERROR(AS100 / AS101, 0) -> 0
E104: =Inputs_Con!E$115 -> Payroll taxes as % of opex | F104: =Inputs_Con!F$115 -> 0.04 | G104: =Inputs_Con!G$115 -> %
C106: Comparison to EITI
E107: =E$17 -> IPR / IER (EITI) | F107: =F$17 -> yes | G107: =G$17 -> $ mn | H107: =H$17 -> 0 | I107: =I$17 -> 16.798678 | J107: =J$17 -> 0 | K107: =K$17 -> 0 | L107: =L$17 -> 0 | ... AS107: =AS$17 -> 0
E108: =COMMUS_Model!E$858 -> Payroll taxes (included in costs) | F108: =COMMUS_Model!F$858 -> 0 | G108: =COMMUS_Model!G$858 -> $ mn | H108: =COMMUS_Model!H$858 -> 0 | I108: =COMMUS_Model!I$858 -> 256.69893 | J108: =COMMUS_Model!J$858 -> 0 | K108: =COMMUS_Model!K$858 -> 0 | L108: =COMMUS_Model!L$858 -> 0 | ... AS108: =COMMUS_Model!AS$858 -> 0
E109: difference | G109: $ mn | I109: =SUM(K109:AU109) -> -41.595866 | J109: =SUM(Q109:AV109) -> -41.595866 | K109: =IF(K107 <> 0, K107 - K108, 0) -> 0 | L109: =IF(L107 <> 0, L107 - L108, 0) -> 0 | M109: =IF(M107 <> 0, M107 - M108, 0) -> 0 | N109: =IF(N107 <> 0, N107 - N108, 0) -> 0 | O109: =IF(O107 <> 0, O107 - O108, 0) -> 0 | P109: =IF(P107 <> 0, P107 - P108, 0) -> 0 | Q109: =IF(Q107 <> 0, Q107 - Q108, 0) -> 0.077245 | R109: =IF(R107 <> 0, R107 - R108, 0) -> 0.005431 | ... AS109: =IF(AS107 <> 0, AS107 - AS108, 0) -> 0
B112: SOC dividends
E113: =E$11 -> Dividendes SOC (EITI) | F113: =F$11 -> yes | G113: =G$11 -> $ mn | H113: =H$11 -> 0 | I113: =I$11 -> 119.57638 | J113: =J$11 -> 0 | K113: =K$11 -> 0 | L113: =L$11 -> 0 | ... AS113: =AS$11 -> 0
E114: =COMMUS_Model!E$971 -> Gecamines share of cashflows after repaying loan | F114: =COMMUS_Model!F$971 -> 0 | G114: =COMMUS_Model!G$971 -> $ mn | H114: =COMMUS_Model!H$971 -> 0 | I114: =COMMUS_Model!I$971 -> 921.83851 | J114: =COMMUS_Model!J$971 -> 0 | K114: =COMMUS_Model!K$971 -> 0 | L114: =COMMUS_Model!L$971 -> 0 | ... AS114: =COMMUS_Model!AS$971 -> 0
E115: difference | G115: $ mn | I115: =SUM(K115:AS115) -> -127.91217 | J115: =SUM(Q115:AV115) -> -127.91217 | K115: =(K113 - K114) * (K113 > 0) -> 0 | L115: =(L113 - L114) * (L113 > 0) -> 0 | M115: =(M113 - M114) * (M113 > 0) -> 0 | N115: =(N113 - N114) * (N113 > 0) -> 0 | O115: =(O113 - O114) * (O113 > 0) -> 0 | P115: =(P113 - P114) * (P113 > 0) -> 0 | Q115: =(Q113 - Q114) * (Q113 > 0) -> 0 | R115: =(R113 - R114) * (R113 > 0) -> 0 | ... AS115: =(AS113 - AS114) * (AS113 > 0) -> 0

Sheet T&E
A1: =RIGHT(CELL("filename", $A$3), LEN(CELL("filename", $A$3)) - SEARCH("]", CELL("filename", $A$3))) -> T&E
F2: =Inputs_TS!F$2 -> 0 | G2: Error chks | K2: ='T&E'!K$9 -> 2006 | L2: ='T&E'!L$9 -> 2007 | M2: ='T&E'!M$9 -> 2008 | N2: ='T&E'!N$9 -> 2009 | O2: ='T&E'!O$9 -> 2010 | P2: ='T&E'!P$9 -> 2011 | Q2: ='T&E'!Q$9 -> 2012 | R2: ='T&E'!R$9 -> 2013 | ... AS2: ='T&E'!AS$9 -> 2040
F3: =Inputs_Con!F$3 -> 0 | G3: Track chgs | K3: Actual | L3: Actual | M3: Actual | N3: Actual | O3: Actual | P3: Actual | Q3: Actual | R3: Actual | S3: Actual | T3: Actual | U3: Actual | V3: Actual | W3: Actual | X3: Actual | Y3: Actual | Z3: Actual | AA3: Actual | AB3: Actual | AC3: Actual | AD3: Forecast | AE3: Forecast | AF3: Forecast | AG3: Forecast | AH3: Forecast | AI3: Forecast | AJ3: Forecast | AK3: Forecast | AL3: Forecast | AM3: Forecast | AN3: Forecast | AO3: Forecast | AP3: Forecast | AQ3: Forecast | AR3: Forecast | AS3: Forecast
F4: Constant | G4: Units | H4: Source / Comments | K4: ='T&E'!K$11 -> 1 | L4: ='T&E'!L$11 -> 2 | M4: ='T&E'!M$11 -> 3 | N4: ='T&E'!N$11 -> 4 | O4: ='T&E'!O$11 -> 5 | P4: ='T&E'!P$11 -> 6 | Q4: ='T&E'!Q$11 -> 7 | R4: ='T&E'!R$11 -> 8 | ... AS4: ='T&E'!AS$11 -> 35
E8: Model first year | F8: 2006 | G8: year
E9: Model calendar year | G9: year | K9: =IF(K11 = 1, $F8,J9 + 1) -> 2006 | L9: =IF(L11 = 1, $F8,K9 + 1) -> 2007 | M9: =IF(M11 = 1, $F8,L9 + 1) -> 2008 | N9: =IF(N11 = 1, $F8,M9 + 1) -> 2009 | O9: =IF(O11 = 1, $F8,N9 + 1) -> 2010 | P9: =IF(P11 = 1, $F8,O9 + 1) -> 2011 | Q9: =IF(Q11 = 1, $F8,P9 + 1) -> 2012 | R9: =IF(R11 = 1, $F8,Q9 + 1) -> 2013 | ... AS9: =IF(AS11 = 1, $F8,AR9 + 1) -> 2040
E10: Model end of year
E11: model column | G11: # | K11: =J11 + 1 -> 1 | L11: =K11 + 1 -> 2 | M11: =L11 + 1 -> 3 | N11: =M11 + 1 -> 4 | O11: =N11 + 1 -> 5 | P11: =O11 + 1 -> 6 | Q11: =P11 + 1 -> 7 | R11: =Q11 + 1 -> 8 | ... AS11: =AR11 + 1 -> 35
E12: =Inputs_Con!E$29 -> Forecast / point forward year | F12: =Inputs_Con!F$29 -> 2025 | G12: =Inputs_Con!G$29 -> year
E14: Base year for real terms forecast | F14: 2023 | G14: year
E15: Forecast prices start from | F15: 2025 | G15: year
A17: INFLATION
B19: IMF WEO inflation
E20: Subject Descriptor | K20: 2000 | L20: 2001 | M20: 2002 | N20: 2003 | O20: 2004 | P20: 2005 | Q20: 2006 | R20: 2007 | S20: 2008 | T20: 2009 | U20: 2010 | V20: 2011 | W20: 2012 | X20: 2013 | Y20: 2014 | Z20: 2015 | AA20: 2016 | AB20: 2017 | AC20: 2018 | AD20: 2019 | AE20: 2020 | AF20: 2021 | AG20: 2022 | AH20: 2023 | AI20: 2024 | AJ20: 2025 | AK20: 2026 | AL20: 2027 | AM20: 2028 | AN20: 2029 | AO20: 2030
E21: USD CPI Inflation, average consumer prices | G21: Index | K21: 172.192 | L21: 177.042 | M21: 179.867 | N21: 184 | O21: 188.908 | P21: 195.267 | Q21: 201.558 | R21: 207.344 | S21: 215.254 | T21: 214.565 | U21: 218.076 | V21: 224.923 | W21: 229.586 | X21: 232.952 | Y21: 236.715 | Z21: 237.002 | AA21: 240.005 | AB21: 245.121 | AC21: 251.1 | AD21: 255.653 | AE21: 258.856 | AF21: 270.968 | AG21: 292.625 | AH21: 304.704 | AI21: 313.698 | AJ21: 323.07 | AK21: 331.035 | AL21: 338.021 | AM21: 345.307 | AN21: 352.797 | AO21: 360.47
E22: USD CPI Inflation | G22: Percent change | K22: 3.367 | L22: 2.817 | M22: 1.596 | N22: 2.298 | O22: 2.668 | P22: 3.366 | Q22: 3.222 | R22: 2.871 | S22: 3.815 | T22: -0.32 | U22: 1.637 | V22: 3.14 | W22: 2.073 | X22: 1.466 | Y22: 1.615 | Z22: 0.121 | AA22: 1.267 | AB22: 2.131 | AC22: 2.439 | AD22: 1.813 | AE22: 1.253 | AF22: 4.679 | AG22: 7.993 | AH22: 4.128 | AI22: 2.952 | AJ22: 2.988 | AK22: 2.466 | AL22: 2.11 | AM22: 2.155 | AN22: 2.169 | AO22: 2.175
E24: Last year Weo forecast | F24: =MAX(K20:AV20) -> 2030 | G24: year
E25: Inflation beyond WEO forecast | F25: 0.02 | G25: % p.a.
B27: Inflation index into model timeline
E28: =E$9 -> Model calendar year | F28: =F$9 -> 0 | G28: =G$9 -> year | H28: =H$9 -> 0 | I28: =I$9 -> 0 | J28: =J$9 -> 0 | K28: =K$9 -> 2006 | L28: =L$9 -> 2007 | ... AV28: =AV$9 -> 0
E29: =E22 -> USD CPI Inflation | G29: Index | K29: =INDEX($K$21:$AV$21, , MATCH(K28, $K20:$AV20, 0)) -> 201.558 | L29: =INDEX($K$21:$AV$21, , MATCH(L28, $K20:$AV20, 0)) -> 207.344 | M29: =INDEX($K$21:$AV$21, , MATCH(M28, $K20:$AV20, 0)) -> 215.254 | N29: =INDEX($K$21:$AV$21, , MATCH(N28, $K20:$AV20, 0)) -> 214.565 | O29: =INDEX($K$21:$AV$21, , MATCH(O28, $K20:$AV20, 0)) -> 218.076 | P29: =INDEX($K$21:$AV$21, , MATCH(P28, $K20:$AV20, 0)) -> 224.923 | Q29: =INDEX($K$21:$AV$21, , MATCH(Q28, $K20:$AV20, 0)) -> 229.586 | R29: =INDEX($K$21:$AV$21, , MATCH(R28, $K20:$AV20, 0)) -> 232.952 | ... AS29: =INDEX($K$21:$AV$21, , MATCH(AS28, $K20:$AV20, 0)) -> #N/A | AT29: =INDEX($L$19:$AV$19, , MATCH(AT28, $L20:$AV20, 0)) -> #N/A | AU29: =INDEX($L$19:$AV$19, , MATCH(AU28, $L20:$AV20, 0)) -> #N/A | AV29: =INDEX($L$19:$AV$19, , MATCH(AV28, $K20:$AV20, 0)) -> #N/A
E30: =E29 & " (incl forecast)" -> USD CPI Inflation (incl forecast) | G30: Index | K30: =IF(K28 > $F24, J30 * ( 1 + $F25), K29) -> 201.558 | L30: =IF(L28 > $F24, K30 * ( 1 + $F25), L29) -> 207.344 | M30: =IF(M28 > $F24, L30 * ( 1 + $F25), M29) -> 215.254 | N30: =IF(N28 > $F24, M30 * ( 1 + $F25), N29) -> 214.565 | O30: =IF(O28 > $F24, N30 * ( 1 + $F25), O29) -> 218.076 | P30: =IF(P28 > $F24, O30 * ( 1 + $F25), P29) -> 224.923 | Q30: =IF(Q28 > $F24, P30 * ( 1 + $F25), Q29) -> 229.586 | R30: =IF(R28 > $F24, Q30 * ( 1 + $F25), R29) -> 232.952 | ... AV30: =IF(AV28 > $F24, AU30 * ( 1 + $F25), AV29) -> #N/A
E31: =E30 -> USD CPI Inflation (incl forecast) | G31: % change | K31: =IF(K28 = $F8, $F25, K30 / J30 - 1) -> 0.02 | L31: =IF(L28 = $F8, $F25, L30 / K30 - 1) -> 0.028706377 | M31: =IF(M28 = $F8, $F25, M30 / L30 - 1) -> 0.038149163 | N31: =IF(N28 = $F8, $F25, N30 / M30 - 1) -> -0.0032008697 | O31: =IF(O28 = $F8, $F25, O30 / N30 - 1) -> 0.01636334 | P31: =IF(P28 = $F8, $F25, P30 / O30 - 1) -> 0.031397311 | Q31: =IF(Q28 = $F8, $F25, Q30 / P30 - 1) -> 0.020731539 | R31: =IF(R28 = $F8, $F25, R30 / Q30 - 1) -> 0.014661173 | ... AS31: =IF(AS28 = $F8, $F25, AS30 / AR30 - 1) -> 0.02 | AT31: =IF(AT28 = $F10, $F25, AT30 / AS30 - 1) -> 0.02 | AU31: =IF(AU28 = $F10, $F25, AU30 / AT30 - 1) -> 0.02 | AV31: =IF(AV28 = $F10, $F25, AV30 / AU30 - 1) -> 0.02
B33: Inflation Index into model
C34: Inflation index from first forecast year
E35: =Inputs_Con!E$28 -> First forecast year | F35: =Inputs_Con!F$28 -> 2025 | G35: =Inputs_Con!G$28 -> year
E36: ="Index value in " & F35 -> Index value in 2025 | F36: {=INDEX(K29:AV29, , MATCH(F35, K28:AV28, 0))} -> 323.07 | G36: index
E37: =Scenarios!B$47 -> Inflation switch (1 = on) | F37: =Scenarios!C$47 -> 1 | G37: =Scenarios!D$47 -> flag
E38: =E30 & " from " & $F35 -> USD CPI Inflation (incl forecast) from 2025 | G38: =G36 -> index | K38: =IF( $F37 = 1, IF(K28 <= $F35, 1, K30 / $F36), 1) -> 1 | L38: =IF( $F37 = 1, IF(L28 <= $F35, 1, L30 / $F36), 1) -> 1 | M38: =IF( $F37 = 1, IF(M28 <= $F35, 1, M30 / $F36), 1) -> 1 | N38: =IF( $F37 = 1, IF(N28 <= $F35, 1, N30 / $F36), 1) -> 1 | O38: =IF( $F37 = 1, IF(O28 <= $F35, 1, O30 / $F36), 1) -> 1 | P38: =IF( $F37 = 1, IF(P28 <= $F35, 1, P30 / $F36), 1) -> 1 | Q38: =IF( $F37 = 1, IF(Q28 <= $F35, 1, Q30 / $F36), 1) -> 1 | R38: =IF( $F37 = 1, IF(R28 <= $F35, 1, R30 / $F36), 1) -> 1 | ... AV38: =IF( $F37 = 1, IF(AV28 <= $F35, 1, AV30 / $F36), 1) -> 1
E40: Cost base year | F40: 2022 | G40: year
E41: ="Index value in " & F40 -> Index value in 2022 | F41: {=INDEX(K29:AV29, , MATCH(F40, K28:AV28, 0))} -> 292.625 | G41: index
E42: =Scenarios!B$47 -> Inflation switch (1 = on) | F42: =Scenarios!C$47 -> 1 | G42: =Scenarios!D$47 -> flag
E43: ="Cost inflation from " & $F40 -> Cost inflation from 2022 | G43: =G41 -> index | K43: =IF( $F42 = 1, IF(K28 <= $F40, 1, K30 / $F41), 1) -> 1 | L43: =IF( $F42 = 1, IF(L28 <= $F40, 1, L30 / $F41), 1) -> 1 | M43: =IF( $F42 = 1, IF(M28 <= $F40, 1, M30 / $F41), 1) -> 1 | N43: =IF( $F42 = 1, IF(N28 <= $F40, 1, N30 / $F41), 1) -> 1 | O43: =IF( $F42 = 1, IF(O28 <= $F40, 1, O30 / $F41), 1) -> 1 | P43: =IF( $F42 = 1, IF(P28 <= $F40, 1, P30 / $F41), 1) -> 1 | Q43: =IF( $F42 = 1, IF(Q28 <= $F40, 1, Q30 / $F41), 1) -> 1 | R43: =IF( $F42 = 1, IF(R28 <= $F40, 1, R30 / $F41), 1) -> 1 | ... AS43: =IF( $F42 = 1, IF(AS28 <= $F40, 1, AS30 / $F41), 1) -> 1.5016178 | AT43: =IF( $F42 = 1, IF(AT33 <= $F40, 1, AT35 / $F41), 1) -> 1 | AU43: =IF( $F42 = 1, IF(AU33 <= $F40, 1, AU35 / $F41), 1) -> 1 | AV43: =IF( $F42 = 1, IF(AV33 <= $F40, 1, AV35 / $F41), 1) -> 1
B45: Deflation index into model
E46: =Inputs_Con!E$31 -> Real terms conversion year | F46: =Inputs_Con!F$31 -> 2023 | G46: =Inputs_Con!G$31 -> year
E47: =Scenarios!B$47 -> Inflation switch (1 = on) | F47: =Scenarios!C$47 -> 1 | G47: =Scenarios!D$47 -> flag
E48: ="Index value in " & F46 -> Index value in 2023 | F48: {=INDEX(K30:AV30, , MATCH(F46, K28:AV28, 0))} -> 304.704 | G48: index
E50: ="Deflation index rebased to " & F46 -> Deflation index rebased to 2023 | G50: index | K50: =IF( $F47 = 1, K30 / $F48, 1) -> 0.66148787 | L50: =IF( $F47 = 1, L30 / $F48, 1) -> 0.68047679 | M50: =IF( $F47 = 1, M30 / $F48, 1) -> 0.70643641 | N50: =IF( $F47 = 1, N30 / $F48, 1) -> 0.7041752 | O50: =IF( $F47 = 1, O30 / $F48, 1) -> 0.71569786 | P50: =IF( $F47 = 1, P30 / $F48, 1) -> 0.73816885 | Q50: =IF( $F47 = 1, Q30 / $F48, 1) -> 0.75347222 | R50: =IF( $F47 = 1, R30 / $F48, 1) -> 0.76451901 | ... AV50: =IF( $F47 = 1, AV30 / $F48, 1) -> #N/A
A53: LIBOR / SOFR
E55: =E$9 -> Model calendar year | F55: =F$9 -> 0 | G55: =G$9 -> year | H55: =H$9 -> 0 | I55: =I$9 -> 0 | J55: =J$9 -> 0 | K55: =K$9 -> 2006 | L55: =L$9 -> 2007 | ... AV55: =AV$9 -> 0
E56: 6 Month LIBOR | G56: % | K56: 0.052762302 | L56: 0.052522925 | M56: 0.030601575 | N56: 0.011142292 | O56: 0.005186166 | P56: 0.0050713147 | Q56: 0.0068694444 | R56: 0.0040881423 | S56: 0.0032919249 | T56: 0.0048515257 | U56: 0.010590187 | V56: 0.014752335 | W56: 0.024859275 | X56: 0.023175798 | Y56: 0.0089388713
E57: 6 Month SOFR | G57: % | Z57: 0.000476942 | AA57: 0.0081812538 | AB57: 0.045826553 | AC57: 0.053465279 | AD57: 0.046147064
E58: LIBOR / SOFR history | G58: % | K58: =K56 + K57 -> 0.052762302 | L58: =L56 + L57 -> 0.052522925 | M58: =M56 + M57 -> 0.030601575 | N58: =N56 + N57 -> 0.011142292 | O58: =O56 + O57 -> 0.005186166 | P58: =P56 + P57 -> 0.0050713147 | Q58: =Q56 + Q57 -> 0.0068694444 | R58: =R56 + R57 -> 0.0040881423 | ... AD58: =AD56 + AD57 -> 0.046147064
E61: =E$29 -> USD CPI Inflation | F61: =F$29 -> 0 | G61: =G$29 -> Index | H61: =H$29 -> 0 | I61: =I$29 -> 0 | J61: =J$29 -> 0 | K61: =K$31 -> 0.02 | L61: =L$31 -> 0.028706377 | M61: =M$31 -> 0.038149163 | N61: =N$31 -> -0.0032008697 | O61: =O$31 -> 0.01636334 | P61: =P$31 -> 0.031397311 | Q61: =Q$31 -> 0.020731539 | R61: =R$31 -> 0.014661173 | ... AS61: =AS$31 -> 0.02 | AT61: =AT$29 -> #N/A | AU61: =AU$29 -> #N/A | AV61: =AV$29 -> #N/A
E62: Implied real LIBOR / SOFR | G62: % | K62: =( 1 +K58) / ( 1 + K61) -1 -> 0.032119904 | L62: =( 1 +L58) / ( 1 + L61) -1 -> 0.023151939 | M62: =( 1 +M58) / ( 1 + M61) -1 -> -0.0072702346 | N62: =( 1 +N58) / ( 1 + N61) -1 -> 0.01438922 | O62: =( 1 +O58) / ( 1 + O61) -1 -> -0.010997222 | P62: =( 1 +P58) / ( 1 + P61) -1 -> -0.025524593 | Q62: =( 1 +Q58) / ( 1 + Q61) -1 -> -0.013580549 | R62: =( 1 +R58) / ( 1 + R61) -1 -> -0.010420257 | ... AD62: =( 1 +AD58) / ( 1 + AD61) -1 -> 0.015799182
E64: =Inputs_Con!E$23 -> Real SOFR forecast | F64: =Inputs_Con!F$23 -> 0.015 | G64: =Inputs_Con!G$23 -> %
E65: SOFR forecast nominal | G65: % | K65: =IF( K58 <> 0, 0, ( 1 + K61) * ( 1 + $F64) - 1) -> 0 | L65: =IF( L58 <> 0, 0, ( 1 + L61) * ( 1 + $F64) - 1) -> 0 | M65: =IF( M58 <> 0, 0, ( 1 + M61) * ( 1 + $F64) - 1) -> 0 | N65: =IF( N58 <> 0, 0, ( 1 + N61) * ( 1 + $F64) - 1) -> 0 | O65: =IF( O58 <> 0, 0, ( 1 + O61) * ( 1 + $F64) - 1) -> 0 | P65: =IF( P58 <> 0, 0, ( 1 + P61) * ( 1 + $F64) - 1) -> 0 | Q65: =IF( Q58 <> 0, 0, ( 1 + Q61) * ( 1 + $F64) - 1) -> 0 | R65: =IF( R58 <> 0, 0, ( 1 + R61) * ( 1 + $F64) - 1) -> 0 | ... AV65: =IF( AV58 <> 0, 0, ( 1 + AV61) * ( 1 + $F64) - 1) -> #N/A
E67: LIBOR / SOFR history & forecast | G67: % | K67: =IF( K58 <> 0, K58, K65) -> 0.052762302 | L67: =IF( L58 <> 0, L58, L65) -> 0.052522925 | M67: =IF( M58 <> 0, M58, M65) -> 0.030601575 | N67: =IF( N58 <> 0, N58, N65) -> 0.011142292 | O67: =IF( O58 <> 0, O58, O65) -> 0.005186166 | P67: =IF( P58 <> 0, P58, P65) -> 0.0050713147 | Q67: =IF( Q58 <> 0, Q58, Q65) -> 0.0068694444 | R67: =IF( R58 <> 0, R58, R65) -> 0.0040881423 | ... AV67: =IF( AV58 <> 0, AV58, AV65) -> #N/A
A69: END

Sheet Inputs_Con
A1: =RIGHT(CELL("filename", $A$3), LEN(CELL("filename", $A$3)) - SEARCH("]", CELL("filename", $A$3))) -> Inputs_Con
F2: =Track!F$80 -> 0 | G2: Error chks | K2: ='T&E'!K$9 -> 2006 | L2: ='T&E'!L$9 -> 2007 | M2: ='T&E'!M$9 -> 2008 | N2: ='T&E'!N$9 -> 2009 | O2: ='T&E'!O$9 -> 2010 | P2: ='T&E'!P$9 -> 2011 | Q2: ='T&E'!Q$9 -> 2012 | R2: ='T&E'!R$9 -> 2013 | ... AS2: ='T&E'!AS$9 -> 2040
F3: =EITI_Rev!F3 -> 0 | G3: Track chgs | K3: Actual | L3: Actual | M3: Actual | N3: Actual | O3: Actual | P3: Actual | Q3: Actual | R3: Actual | S3: Actual | T3: Actual | U3: Actual | V3: Actual | W3: Actual | X3: Actual | Y3: Actual | Z3: Actual | AA3: Actual | AB3: Actual | AC3: Actual | AD3: Forecast | AE3: Forecast | AF3: Forecast | AG3: Forecast | AH3: Forecast | AI3: Forecast | AJ3: Forecast | AK3: Forecast | AL3: Forecast | AM3: Forecast | AN3: Forecast | AO3: Forecast | AP3: Forecast | AQ3: Forecast | AR3: Forecast | AS3: Forecast
F4: Constant | G4: Units | H4: Source / Comments | K4: ='T&E'!K$11 -> 1 | L4: ='T&E'!L$11 -> 2 | M4: ='T&E'!M$11 -> 3 | N4: ='T&E'!N$11 -> 4 | O4: ='T&E'!O$11 -> 5 | P4: ='T&E'!P$11 -> 6 | Q4: ='T&E'!Q$11 -> 7 | R4: ='T&E'!R$11 -> 8 | ... AS4: ='T&E'!AS$11 -> 35
A6: MODEL INFORMATION
E8: Model name | F8: COMMUS Copper Mine
E9: Model date | F9: 45839
A11: DATA CHOICES
E13: =Scenarios!B$28 -> Production case: FS or original | F13: =Scenarios!C$28 -> FS | G13: =Scenarios!D$28 -> selected
E14: =Scenarios!B$29 -> Operating costs: FS or original | F14: =Scenarios!C$29 -> FS | G14: =Scenarios!D$29 -> selected
E15: =Scenarios!B$30 -> Capital costs: FS or original | F15: =Scenarios!C$30 -> FS | G15: =Scenarios!D$30 -> selected
E16: =Scenarios!B$31 -> Depreciation: calculated or per FS | F16: =Scenarios!C$31 -> Calculated | G16: =Scenarios!D$31 -> selected
A18: ECONOMIC ASSUMPTIONS
E20: USD CPI beyond IMF WEO | F20: 0.02
E21: =Scenarios!B$45 -> Discount rate | F21: =Scenarios!C$45 -> 0.1 | G21: =Scenarios!D$45 -> %nominal
E23: Real SOFR forecast | F23: 0.015 | G23: %
A26: SENSITIVITIES
E28: First forecast year | F28: 2025 | G28: year
E29: =Scenarios!B$46 -> Forecast / point forward year | F29: =Scenarios!C$46 -> 2025 | G29: =Scenarios!D$46 -> year
E30: =Scenarios!B$53 -> Focus year for sensitivity analysis | F30: =Scenarios!C$53 -> 2022 | G30: =Scenarios!D$53 -> year
E31: Real terms conversion year | F31: 2023 | G31: year
E33: =Scenarios!B$23 -> Copper production sensitivity (forecast period) | F33: =Scenarios!C23 -> 1 | G33: =Scenarios!D$23 -> %
E34: =Scenarios!B$24 -> Cobalt production sensitivity (forecast period) | F34: =Scenarios!C24 -> 1 | G34: =Scenarios!D$24 -> %
E35: =Scenarios!B$25 -> Operating cost Sensitivity (forecast period) | F35: =Scenarios!C25 -> 1 | G35: =Scenarios!D$25 -> %
E36: =Scenarios!B$26 -> Capital cost sensitivity (forecast period) | F36: =Scenarios!C26 -> 1 | G36: =Scenarios!D$26 -> %
A38: PRICES
E40: =Scenarios!B$11 -> Copper forecast price | F40: =Scenarios!C11 -> IMF_WEO | G40: =Scenarios!D$11 -> option selected
E41: =Scenarios!B$12 -> Cobalt forecast price | F41: =Scenarios!C12 -> IMF_WEO | G41: =Scenarios!D$12 -> option selected
E42: =Scenarios!B$13 -> Cu realized price method | F42: =Scenarios!C13 -> SOM_Contract | G42: =Scenarios!D$13 -> selected
E43: =Scenarios!B$14 -> Copper: Realised Price vs LME for "LMEAssumed" | F43: =Scenarios!C14 -> 0.95 | G43: =Scenarios!D$14 -> %
E44: =Scenarios!B$15 -> Co realized price method | F44: =Scenarios!C15 -> SOM_Contract | G44: =Scenarios!D$15 -> selected
E45: =Scenarios!B$18 -> Cobalt: Realised Price vs LME for "LMEAssumed" | F45: =Scenarios!C18 -> 0.9 | G45: =Scenarios!D$18 -> %
E46: =Scenarios!B$19 -> Apply selling costs FS23 | F46: =Scenarios!C19 -> no | G46: =Scenarios!D$19 -> selected
E48: =Scenarios!B$16 -> Apply Cu transport / quality discount (1 = yes) | F48: =Scenarios!C$16 -> 1 | G48: =Scenarios!D$16 -> flag
E50: Constant real terms Cu price forecast | F50: 8500 | G50: $ / tonne
E51: Constant real terms Co price forecast | F51: 35000 | G51: $ / tonne
A53: FISCAL REGIME
B55: Lists for drop-down
E56: yes/no | F56: yes | G56: option
E57: yes/no | F57: no | G57: option
E60: inflation | F60: nominal | G60: option
E61: inflation | F61: real | G61: option
B63: Royalties
E64: Copper royalty pre-2018 Mining Code | F64: 0.02 | G64: Net | H64: =Sources!I$30 -> XXV
E65: Copper royalty post-2018 Mining Code | F65: 0.035 | G65: Gross | H65: =Sources!I$24 -> XIX
E66: Copper royalty 2018 average rate | F66: =AVERAGE(F64:F65) -> 0.0275 | G66: %
E68: Cobalt royalty rate | F68: 0.1 | G68: Gross | H68: =Sources!I$24 -> XIX
E70: Options for royalty base | F70: Net | G70: option
E71: Options for royalty base | F71: Gross | G71: option
B73: Tax amortization
E74: First year allowance | F74: 0.6 | G74: %
E75: Declining balance thereafter | F75: 0.3 | G75: %
E77: =Scenarios!B$32 -> Straight line depreciation years (AVERAGE) | F77: =Scenarios!C$32 -> 7 | G77: =Scenarios!D$32 -> years
B79: Corporate income tax
E80: Cu + Co private royalty deductible | F80: No | G80: Selected
E82: =Scenarios!B$27 -> Interest deductible for CIT | F82: =Scenarios!C$27 -> 1 | G82: =Scenarios!D$27 -> %
E84: CIT rate | F84: 0.3 | G84: %
E86: Minimum income tax | F86: 0.01 | G86: % of turnover
B88: Special Tax on Excess Profits (EPT)
E89: EPT price and operating surplus trigger | F89: 1.25 | G89: ratio
E90: EPT rate | F90: 0.5 | G90: %
E91: =Scenarios!B$34 -> Excess Profits Tax applied (1 = yes) | F91: =Scenarios!C$34 -> 1 | G91: =Scenarios!D$34 -> flag
E92: =Scenarios!B$35 -> EPT: Apply inflation to FS prices and Operating Surplus | F92: =Scenarios!C$35 -> no | G92: =Scenarios!D$35 -> selected
E93: FS base year | F93: 2019 | G93: year
B95: Management fee
E96: =Scenarios!B$33 -> Management fees added to operating costs | F96: =Scenarios!C$33 -> 0 | G96: =Scenarios!D$33 -> %
B98: Import duties
E99: Import duties as % aggregate opex + capex | F99: 0.05 | G99: %
E100: =Scenarios!B$37 -> Include Import Duties in forecast (1 = yes) | F100: =Scenarios!C$37 -> 1 | G100: =Scenarios!D$37 -> flag
B102: Debt financing
E103: =Scenarios!B$36 -> FS or alternative debt interest rates | F103: =Scenarios!C$36 -> FS | G103: =Scenarios!D$36 -> selected
E104: Alternative interest rate: Margin over Libor/SOFR | F104: 0.04 | G104: %
B106: Withholding taxes
E107: Interest withholding tax applicable | F107: No | G107: Selected
E109: =Scenarios!B$38 -> Interest withholding tax | F109: =Scenarios!C$38 -> 0.1 | G109: =Scenarios!D$38 -> %
E110: =Scenarios!B$39 -> Dividend withholding tax | F110: =Scenarios!C$39 -> 0.1 | G110: =Scenarios!D$39 -> %
E111: Investment treaty Dividend Witholding Tax | F111: 0.05 | G111: %
E112: =Scenarios!B$40 -> WHT rate non-resident services | F112: =Scenarios!C$40 -> 0.14 | G112: =Scenarios!D$40 -> %
B114: Taxes on wages
E115: Payroll taxes as % of opex | F115: 0.04 | G115: %
E116: =Scenarios!B$41 -> Include Payroll taxes in forecast (1 = yes) | F116: =Scenarios!C$41 -> 1 | G116: =Scenarios!D$41 -> flag
B118: Gecamines
E119: Gecamines share of project pre 2024 | F119: 0.28 | G119: % | H119: =Sources!I$13 -> IX
E120: =Scenarios!B$42 -> Gecamines share of project post 2024 | F120: =Scenarios!C$42 -> 0.33 | G120: =Scenarios!D$42 -> % | H120: =Sources!I$13 -> IX
E121: Proportion Gecamines cashflows used to repay loan | F121: 1 | G121: %
E123: Gecamines carry loan opening balance | F123: 0 | G123: $ mn
E124: Opening balance Gecamines loan year | F124: 2017 | G124: year
E126: Gecamines interest rate (margin over libor/SOFR) | F126: 0.03 | G126: %
E128: =Scenarios!B$43 -> Apply opening balance on Gecamines loan | F128: =Scenarios!C$43 -> 1 | G128: =Scenarios!D$43 -> flag
E129: =Scenarios!B$44 -> Apply interest on Gecamines loan | F129: =Scenarios!C$44 -> 1 | G129: =Scenarios!D$44 -> flag
A132: MODEL TECHNICAL INPUTS - DO NOT CHANGE
E134: Units in thousand | F134: 1000 | G134: thousand
E136: Units in million | F136: 1000000 | G136: mn
E138: Model check tolerance level | F138: 1e-06 | G138: tolerance
E140: Model track tolerance level | F140: 0.001 | G140: tolerance
E142: % model check tolerance level | F142: 1e-05 | G142: %
E144: Production days per year | F144: 365 | G144: days
E146: Standard Monetary Unit | F146: USD | G146: name
E148: Standard Monetary Unit | F148: USD (mn) | G148: name
E150: Convert lb / tonnes | F150: 2204.62 | G150: lb / tonne
...

Sheet Inputs_TS
A1: =RIGHT(CELL("filename", $A$3), LEN(CELL("filename", $A$3)) - SEARCH("]", CELL("filename", $A$3))) -> Inputs_TS
F2: =Track!F$80 -> 0 | G2: Error chks | K2: ='T&E'!K$9 -> 2006 | L2: ='T&E'!L$9 -> 2007 | M2: ='T&E'!M$9 -> 2008 | N2: ='T&E'!N$9 -> 2009 | O2: ='T&E'!O$9 -> 2010 | P2: ='T&E'!P$9 -> 2011 | Q2: ='T&E'!Q$9 -> 2012 | R2: ='T&E'!R$9 -> 2013 | ... AS2: ='T&E'!AS$9 -> 2040
F3: =Inputs_Con!F3 -> 0 | G3: Track chgs | K3: Actual | L3: Actual | M3: Actual | N3: Actual | O3: Actual | P3: Actual | Q3: Actual | R3: Actual | S3: Actual | T3: Forecast | U3: Forecast | V3: Forecast | W3: Forecast | X3: Forecast | Y3: Forecast | Z3: Forecast | AA3: Forecast | AB3: Forecast | AC3: Forecast | AD3: Forecast | AE3: Forecast | AF3: Forecast | AG3: Forecast | AH3: Forecast | AI3: Forecast | AJ3: Forecast | AK3: Forecast | AL3: Forecast | AM3: Forecast | AN3: Forecast | AO3: Forecast | AP3: Forecast | AQ3: Forecast | AR3: Forecast | AS3: Forecast
F4: Constant | G4: Units | H4: Source / Comments | K4: ='T&E'!K$11 -> 1 | L4: ='T&E'!L$11 -> 2 | M4: ='T&E'!M$11 -> 3 | N4: ='T&E'!N$11 -> 4 | O4: ='T&E'!O$11 -> 5 | P4: ='T&E'!P$11 -> 6 | Q4: ='T&E'!Q$11 -> 7 | R4: ='T&E'!R$11 -> 8 | ... AS4: ='T&E'!AS$11 -> 35
A6: INFLATION
E8: US Inflation, average consumer prices | G8: index | I8: to add, from WEO file | K8: 201.558 | L8: 207.344 | M8: 215.254 | N8: 214.565 | O8: 218.076 | P8: 224.923 | Q8: 229.586 | R8: 232.952 | S8: 236.715 | T8: 237.002 | U8: 240.005 | V8: 245.121 | W8: 251.1 | X8: 255.653 | Y8: 258.846 | Z8: 270.966 | AA8: 292.621 | AB8: 304.701 | AC8: 313.559 | AD8: 319.831 | AE8: 326.416 | AF8: 333.27 | AG8: 340.324 | AH8: 347.617
E9: =Inputs_Con!E$20 -> USD CPI beyond IMF WEO | F9: =Inputs_Con!F$20 -> 0.02 | I9: to add, from WEO file
E10: =E8 & " Act + forecast" -> US Inflation, average consumer prices Act + forecast | G10: =G8 -> index | I10: to add, from WEO file | K10: =IF(K8 <> 0, K8, J10 * ( 1 + $F9)) -> 201.558 | L10: =IF(L8 <> 0, L8, K10 * ( 1 + $F9)) -> 207.344 | M10: =IF(M8 <> 0, M8, L10 * ( 1 + $F9)) -> 215.254 | N10: =IF(N8 <> 0, N8, M10 * ( 1 + $F9)) -> 214.565 | O10: =IF(O8 <> 0, O8, N10 * ( 1 + $F9)) -> 218.076 | P10: =IF(P8 <> 0, P8, O10 * ( 1 + $F9)) -> 224.923 | Q10: =IF(Q8 <> 0, Q8, P10 * ( 1 + $F9)) -> 229.586 | R10: =IF(R8 <> 0, R8, Q10 * ( 1 + $F9)) -> 232.952 | S10: =IF(S8 <> 0, S8, J10 * ( 1 + $F9)) -> 236.715 | T10: =IF(T8 <> 0, T8, S10 * ( 1 + $F9)) -> 237.002 | U10: =IF(U8 <> 0, U8, T10 * ( 1 + $F9)) -> 240.005 | V10: =IF(V8 <> 0, V8, U10 * ( 1 + $F9)) -> 245.121 | W10: =IF(W8 <> 0, W8, V10 * ( 1 + $F9)) -> 251.1 | X10: =IF(X8 <> 0, X8, W10 * ( 1 + $F9)) -> 255.653 | Y10: =IF(Y8 <> 0, Y8, X10 * ( 1 + $F9)) -> 258.846 | Z10: =IF(Z8 <> 0, Z8, Y10 * ( 1 + $F9)) -> 270.966 | AA10: =IF(AA8 <> 0, AA8, Z10 * ( 1 + $F9)) -> 292.621 | ... AH10: =IF(AH8 <> 0, AH8, AG10 * ( 1 + $F9)) -> 347.617
E11: =E8 -> US Inflation, average consumer prices | G11: % | I11: to add, from WEO file | L11: =IFERROR(L10 / K10 - 1, 0) -> 0.028706377 | M11: =IFERROR(M10 / L10 - 1, 0) -> 0.038149163 | N11: =IFERROR(N10 / M10 - 1, 0) -> -0.0032008697 | O11: =IFERROR(O10 / N10 - 1, 0) -> 0.01636334 | P11: =IFERROR(P10 / O10 - 1, 0) -> 0.031397311 | Q11: =IFERROR(Q10 / P10 - 1, 0) -> 0.020731539 | R11: =IFERROR(R10 / Q10 - 1, 0) -> 0.014661173 | S11: =IFERROR(S10 / R10 - 1, 0) -> 0.016153542 | ... AH11: =IFERROR(AH10 / AG10 - 1, 0) -> 0.021429579
A14: SENSITIVITY FACTORS
E16: ='T&E'!E$9 -> Model calendar year | F16: ='T&E'!F$9 -> 0 | G16: ='T&E'!G$9 -> year | H16: ='T&E'!H$9 -> 0 | I16: ='T&E'!I$9 -> 0 | J16: ='T&E'!J$9 -> 0 | K16: ='T&E'!F$9 -> 0 | L16: ='T&E'!G$9 -> year | M16: ='T&E'!H$9 -> 0 | N16: ='T&E'!I$9 -> 0 | O16: ='T&E'!J$9 -> 0 | P16: ='T&E'!K$9 -> 2006 | Q16: ='T&E'!L$9 -> 2007 | R16: ='T&E'!M$9 -> 2008 | ... AS16: ='T&E'!AN$9 -> 2035
E17: =Inputs_Con!E$33 -> Copper production sensitivity (forecast period) | G17: % | K17: =IF(K16 < Inputs_Con!$F29, 1, Inputs_Con!$F33) -> 1 | L17: =IF(L16 < Inputs_Con!$F29, 1, Inputs_Con!$F33) -> 1 | M17: =IF(M16 < Inputs_Con!$F29, 1, Inputs_Con!$F33) -> 1 | N17: =IF(N16 < Inputs_Con!$F29, 1, Inputs_Con!$F33) -> 1 | O17: =IF(O16 < Inputs_Con!$F29, 1, Inputs_Con!$F33) -> 1 | P17: =IF(P16 < Inputs_Con!$F29, 1, Inputs_Con!$F33) -> 1 | Q17: =IF(Q16 < Inputs_Con!$F29, 1, Inputs_Con!$F33) -> 1 | R17: =IF(R16 < Inputs_Con!$F29, 1, Inputs_Con!$F33) -> 1 | ... AS17: =IF(AS16 < Inputs_Con!$F29, 1, Inputs_Con!$F33) -> 1
E18: =Inputs_Con!E$34 -> Cobalt production sensitivity (forecast period) | G18: % | K18: =IF(K17 < Inputs_Con!$F33, 1, Inputs_Con!$F34) -> 1 | L18: =IF(L17 < Inputs_Con!$F33, 1, Inputs_Con!$F34) -> 1 | M18: =IF(M17 < Inputs_Con!$F33, 1, Inputs_Con!$F34) -> 1 | N18: =IF(N17 < Inputs_Con!$F33, 1, Inputs_Con!$F34) -> 1 | O18: =IF(O17 < Inputs_Con!$F33, 1, Inputs_Con!$F34) -> 1 | P18: =IF(P17 < Inputs_Con!$F33, 1, Inputs_Con!$F34) -> 1 | Q18: =IF(Q17 < Inputs_Con!$F33, 1, Inputs_Con!$F34) -> 1 | R18: =IF(R17 < Inputs_Con!$F33, 1, Inputs_Con!$F34) -> 1 | ... AS18: =IF(AS17 < Inputs_Con!$F33, 1, Inputs_Con!$F34) -> 1
E19: =Inputs_Con!E$35 -> Operating cost Sensitivity (forecast period) | G19: % | K19: =IF(K18 < Inputs_Con!$F34, 1, Inputs_Con!$F35) -> 1 | L19: =IF(L18 < Inputs_Con!$F34, 1, Inputs_Con!$F35) -> 1 | M19: =IF(M18 < Inputs_Con!$F34, 1, Inputs_Con!$F35) -> 1 | N19: =IF(N18 < Inputs_Con!$F34, 1, Inputs_Con!$F35) -> 1 | O19: =IF(O18 < Inputs_Con!$F34, 1, Inputs_Con!$F35) -> 1 | P19: =IF(P18 < Inputs_Con!$F34, 1, Inputs_Con!$F35) -> 1 | Q19: =IF(Q18 < Inputs_Con!$F34, 1, Inputs_Con!$F35) -> 1 | R19: =IF(R18 < Inputs_Con!$F34, 1, Inputs_Con!$F35) -> 1 | ... AS19: =IF(AS18 < Inputs_Con!$F34, 1, Inputs_Con!$F35) -> 1
E20: =Inputs_Con!E$36 -> Capital cost sensitivity (forecast period) | G20: % | K20: =IF(K19 < Inputs_Con!$F35, 1, Inputs_Con!$F36) -> 1 | L20: =IF(L19 < Inputs_Con!$F35, 1, Inputs_Con!$F36) -> 1 | M20: =IF(M19 < Inputs_Con!$F35, 1, Inputs_Con!$F36) -> 1 | N20: =IF(N19 < Inputs_Con!$F35, 1, Inputs_Con!$F36) -> 1 | O20: =IF(O19 < Inputs_Con!$F35, 1, Inputs_Con!$F36) -> 1 | P20: =IF(P19 < Inputs_Con!$F35, 1, Inputs_Con!$F36) -> 1 | Q20: =IF(Q19 < Inputs_Con!$F35, 1, Inputs_Con!$F36) -> 1 | R20: =IF(R19 < Inputs_Con!$F35, 1, Inputs_Con!$F36) -> 1 | ... AS20: =IF(AS19 < Inputs_Con!$F35, 1, Inputs_Con!$F36) -> 1
A22: Resources and reserves
C24: Zijin [Annual Report 2014]
E25: Copper resources | F25: 1.54 | G25: MT | H25: =Sources!I$13 -> IX
E26: Copper resources average grade | F26: 0.0393 | G26: % | H26: =Sources!I$13 -> IX
C28: Zijin website [2021 Performance/ 2021 Annual Report]
E29: Copper resources | F29: 1.68626 | G29: MT | H29: =Sources!I$12 -> VIII
E30: Copper average grade | F30: 0.0288 | G30: % | H30: =Sources!I$12 -> VIII
E31: Cobalt resources | F31: 0.048 | G31: MT | H31: =Sources!I$13 -> IX
E32: Cobalt average grade | F32: 0.0008 | G32: % | H32: =Sources!I$13 -> IX
C34: Zijin website [June 2022]
E35: Copper resources | F35: 1.08 | G35: MT | H35: =Sources!I$8 -> IV
E36: Copper average grade | F36: 0.0417 | G36: % | H36: =Sources!I$8 -> IV
E37: Cobalt resources | F37: 0.13 | G37: MT | H37: =Sources!I$8 -> IV
E38: Cobalt average grade | F38: 0.0012 | G38: % | H38: =Sources!I$8 -> IV
C40: Zijin website [Sept 2023]
E41: Copper resources | F41: 2.41 | G41: MT | H41: =Sources!I$8 -> IV
E42: Copper average grade | F42: 0.0391 | G42: % | H42: =Sources!I$8 -> IV
E43: Cobalt resources | F43: 0.0647 | G43: MT | H43: =Sources!I$8 -> IV
E44: Cobalt average grade | F44: 0.0011 | G44: % | H44: =Sources!I$8 -> IV
C46: Zijin [April 2025/ 2023 Annual report]
E47: Copper resources | F47: 2.51 | G47: MT | H47: =Sources!I$8 -> IV
E48: Copper average grade | F48: 0.033 | G48: % | H48: =Sources!I$8 -> IV
E49: Cobalt resources | F49: 0.038 | G49: MT | H49: =Sources!I$8 -> IV
E50: Cobalt average grade | F50: 0.0005 | G50: % | H50: =Sources!I$8 -> IV
C52: Zijin [2024 Annual Results]
E53: Copper resources | F53: 1.429695 | G53: MT | H53: =Sources!I$13 -> IX
E54: Copper resources average grade | F54: 0.0305 | G54: % | H54: =Sources!I$13 -> IX
E55: Cobalt resources | F55: 0.0342 | G55: MT | H55: =Sources!I$13 -> IX
E57: Copper reserves | F57: 0.816218 | G57: MT | H57: =Sources!I$13 -> IX
E58: Copper reserves average grade | F58: 0.0313 | G58: % | H58: =Sources!I$13 -> IX
A60: Production
B62: Production capacity
E63: Copper production capacity | F63: 120000 | G63: tonnes pa | H63: =Sources!I$8 -> IV
E64: Cobalt production capacity | F64: 3000 | G64: tonnes pa | H64: =Sources!I$8 -> IV
E66: Planned copper production (in year previously) | H66: =Sources!I$13 -> IX | AA66: 127000 | AB66: 126000 | AC66: 128000
E67: Planned copper production average | F67: =AVERAGE(U66:AP66) -> 127000
E68: Planned cobalt production (in year previously) | H68: =Sources!I$13 -> IX | AA68: 1973 | AB68: 2387 | AC68: 2305
E69: Planned cobalt production average | F69: =AVERAGE(U68:AP68) -> 2221.6667
E71: 2025 forecast copper production | F71: 110000 | G71: tonnes pa | H71: =Sources!I$13 -> IX
E72: 2025 forecast cobalt production | F72: 243 | G72: tonnes pa | H72: =Sources!I$13 -> IX
E73: Life of Mine (as of end 2024) | F73: 9 | G73: years | H73: =Sources!I$13 -> IX
E75: Copper (resources) 2026 onwards annual production | F75: =((F53*10^6) - F71) / (F73-1) -> 164961.88 | G75: tonnes pa
E76: Cobalt (resources) 2026 onwards annual production | F76: =((F55*10^6) - F72) / (F73-1) -> 4244.625 | G76: tonnes pa
E78: Copper (reserves) 2026 onwards annual production | F78: =((F57*10^6) - F71) / (F73-1) -> 88277.25 | G78: tonnes pa
B80: Production
E81: Total copper (MoM) | G81: tonnes | H81: =Sources!I$5 -> I | AB81: 129150.83 | AC81: 86859.55
E82: Copper cathode exports (MoM) | G82: tonnes | H82: =Sources!I$5 -> I | Z82: 56947.84 | AA82: 72904.14 | AB82: 72558.63 | AC82: 52515.19
E83: Cobalt (MoM) | G83: tonnes | H83: =Sources!I$5 -> I | AB83: 2179.73 | AC83: 778.15
E85: Total copper (EITI data) | G85: tonnes | H85: =Sources!I$19 -> XIV | W85: 48875.353 | X85: 77156.183 | Y85: 100832.08
E86: Copper cathode (EITI data) | G86: tonnes | H86: =Sources!I$19 -> XIV | X86: 25476.111 | Y86: 55196.509
E87: Copper concentrate (EITI data) | G87: tonnes | H87: =Sources!I$19 -> XIV | W87: 13914.275 | X87: 15833.915 | Y87: 11934.314
E88: Copper black (EITI data) | G88: tonnes | H88: =Sources!I$19 -> XIV | W88: 31464.846 | X88: 32793.026 | Y88: 30646.246
E89: Copper matt (EITI data) | G89: tonnes | H89: =Sources!I$19 -> XIV | W89: 3496.2327 | X89: 3053.1313 | Y89: 3055.0091
E90: Other copper | G90: tonnes | K90: =K87 + K88 + K89 -> 0 | L90: =L87 + L88 + L89 -> 0 | M90: =M87 + M88 + M89 -> 0 | N90: =N87 + N88 + N89 -> 0 | O90: =O87 + O88 + O89 -> 0 | P90: =P87 + P88 + P89 -> 0 | Q90: =Q87 + Q88 + Q89 -> 0 | R90: =R87 + R88 + R89 -> 0 | ... AS90: =AS87 + AS88 + AS89 -> 0
E91: Cobalt (EITI data) | G91: tonnes | H91: =Sources!I$19 -> XIV | X91: 404.70775 | Y91: 1583
E93: Total copper (CongoMines data) | G93: tonnes | H93: =Sources!I$18 -> XIII | Y93: 117817.06 | Z93: 115427.95 | AA93: 143925.8 | AB93: 143927.04
E94: Copper cathode (CongoMines data) | G94: tonnes | H94: =Sources!I$18 -> XIII | Y94: 57878.16 | Z94: 58374.64 | AA94: 72499.96 | AB94: 72558.63
E95: Copper concentrate (CongoMines data) | G95: tonnes | H95: =Sources!I$18 -> XIII | Y95: 21206.41 | Z95: 29916.13 | AA95: 44633.35 | AB95: 28150.31
E96: Copper black (CongoMines data) | G96: tonnes | H96: =Sources!I$18 -> XIII | Y96: 33114.32 | Z96: 24190.74 | AA96: 23122.91 | AB96: 40777.94
E97: Copper matt (CongoMinesdata) | G97: tonnes | H97: =Sources!I$18 -> XIII | Y97: 5618.167 | Z97: 2946.44 | AA97: 3669.58 | AB97: 2440.16
E98: Cobalt hydroxide (CongoMines data) | G98: tonnes | H98: =Sources!I$18 -> XIII | Y98: 5563.8381 | Z98: 5366.24 | AA98: 9064.42 | AB98: 7195.28
E100: Total historic copper production (Zijin annual reports) | G100: tonnes | H100: =Sources!I$13 -> IX | V100: 21940 | W100: 53235 | X100: 84286 | Y100: 114265 | Z100: 121072 | AA100: 128233 | AB100: 127018 | AC100: 94584
E101: Copper cathode (Zijin annual reports) | G101: tonnes | H101: =Sources!I$13 -> IX | X101: 26173 | Y101: 57400 | Z101: 59928 | AA101: 73834 | AB101: 72921 | AC101: 51914
E102: Cobalt (Zijin annual reports) | G102: tonnes | H102: =Sources!I$13 -> IX | Z102: 1607 | AA102: 2506 | AB102: 2306 | AC102: 830
E104: Copper cathode to total copper (2020 onwards) | F104: =AVERAGE(Y104:AC104) -> 0.53921312 | G104: % | Y104: =Y101/Y100 -> 0.50234105 | Z104: =Z101/Z100 -> 0.49497819 | AA104: =AA101/AA100 -> 0.57578003 | AB104: =AB101/AB100 -> 0.57409973 | AC104: =AC101/AC100 -> 0.54886662
E106: Copper total (Zijin annual results) | G106: tonnes | H106: =Sources!I$9 -> V | Z106: 121072 | AA106: 128230 | AB106: 127018 | AC106: 94600
E107: Copper cathode (Zijin annual results) | G107: tonnes | H107: =Sources!I$9 -> V | AA107: 73834 | AB107: 72921 | AC107: 51914
E109: Constructed historic cobalt production | G109: tonnes | H109: =Sources!I$13 & ", " & Sources!I19 -> IX, XIV | X109: 404.70775 | Y109: 1583 | Z109: 1607 | AA109: 2506 | AB109: 2306 | AC109: 778.15
B111: Somidez 2020 Copper Sales Agreement Terms
E112: Level 2 discount | F112: 317 | G112: $/tonne | H112: =Sources!I$33 -> XXVII
E113: =Scenarios!B$17 -> Third Party Marketing Charge: Cu & Co | F113: =Scenarios!C$17 -> 0.008 | G113: =Scenarios!D$17 -> % | H113: =Sources!I$33 -> XXVII
E114: =Scenarios!B$21 -> Som contract: placeholder assumption of third party sales: Cu | F114: =Scenarios!C$21 -> 0.5 | G114: =Scenarios!D$21 -> % | H114: =Sources!I$33 -> XXVII
B116: Somidez 2020 Cobalt Sales Agreement Terms
E117: Freight Allowance (per wet metric ton) | F117: 520 | G117: $ / tonne | H117: =Sources!I$32 -> XXVI
E118: Cobalt Payable Rate (Co Hydroxide) | F118: 0.95 | G118: % | H118: =Sources!I$32 -> XXVI | I118: not applied
E119: =Scenarios!B$17 -> Third Party Marketing Charge: Cu & Co | F119: =Scenarios!C$17 -> 0.008 | G119: =Scenarios!D$17 -> % | H119: =Sources!I$32 -> XXVI
E121: =Scenarios!B$22 -> Som contract: placeholder assumption of third party sales: Co | F121: =Scenarios!C$22 -> 0.9 | G121: =Scenarios!D$22 -> % | H121: =Sources!I$32 -> XXVI
E122: =Scenarios!B$20 -> Cobalt Payable Rate applied in model | F122: =Scenarios!C$20 -> 0.7 | G122: =Scenarios!D$20 -> %
E124: Cobalt mean grade | F124: =AVERAGE(S125:AQ125) -> 0.27762162 | G124: % | H124: =Sources!I$19 -> XIV
E125: Cobalt grade | G125: % | H125: =Sources!I$19 -> XIV | X125: 0.26230485 | Y125: 0.29293839
A127: Prices and reported revenues
B129: Copper Price
C130: Ministry of Mining Estimated Realised Prices
E131: Total copper revenue | G131: $ mn | H131: =Sources!I$19 -> XIV | W131: 277.0195 | X131: 423.14585 | Y131: 609.58172
E132: Total copper realized price | G132: $ / tonne | H132: =Sources!I$19 -> XIV | W132: =(W131*10^6)/W85 -> 5667.8773 | X132: =(X131*10^6)/X85 -> 5484.2765 | Y132: =(Y131*10^6)/Y85 -> 6045.5138
...

Sheet COMMUS_23FS_Model
A1: =RIGHT(CELL("filename", $A$3), LEN(CELL("filename", $A$3)) - SEARCH("]", CELL("filename", $A$3))) -> COMMUS_23FS_Model
F2: =Inputs_TS!F$2 -> 0 | G2: Error chks | K2: ='T&E'!K$9 -> 2006 | L2: ='T&E'!L$9 -> 2007 | M2: ='T&E'!M$9 -> 2008 | N2: ='T&E'!N$9 -> 2009 | O2: ='T&E'!O$9 -> 2010 | P2: ='T&E'!P$9 -> 2011 | Q2: ='T&E'!Q$9 -> 2012 | R2: ='T&E'!R$9 -> 2013 | ... AS2: ='T&E'!AS$9 -> 2040
F3: ='T&E'!F3 -> 0 | G3: Track chgs | K3: Actual | L3: Actual | M3: Actual | N3: Actual | O3: Actual | P3: Actual | Q3: Actual | R3: Actual | S3: Actual | T3: Actual | U3: Actual | V3: Actual | W3: Actual | X3: Actual | Y3: Actual | Z3: Actual | AA3: Actual | AB3: Actual | AC3: Actual | AD3: Forecast | AE3: Forecast | AF3: Forecast | AG3: Forecast | AH3: Forecast | AI3: Forecast | AJ3: Forecast | AK3: Forecast | AL3: Forecast | AM3: Forecast | AN3: Forecast | AO3: Forecast | AP3: Forecast | AQ3: Forecast | AR3: Forecast | AS3: Forecast
F4: Constant | G4: Units | H4: Source / Comments | K4: ='T&E'!K$11 -> 1 | L4: ='T&E'!L$11 -> 2 | M4: ='T&E'!M$11 -> 3 | N4: ='T&E'!N$11 -> 4 | O4: ='T&E'!O$11 -> 5 | P4: ='T&E'!P$11 -> 6 | Q4: ='T&E'!Q$11 -> 7 | R4: ='T&E'!R$11 -> 8 | ... AS4: ='T&E'!AS$11 -> 35
A6: CASHFLOWS BEFORE FISCAL REGIME
B8: Production
C10: Production - Table 7.36
E11: ='Inputs_ FS'!E$10 -> Copper cathode: FS table | F11: ='Inputs_ FS'!F$10 -> 0 | G11: ='Inputs_ FS'!G$10 -> tonnes | H11: ='Inputs_ FS'!H$10 -> M | I11: ='Inputs_ FS'!I$10 -> 443825 | J11: ='Inputs_ FS'!J$10 -> 0 | K11: ='Inputs_ FS'!K$10 -> 0 | L11: ='Inputs_ FS'!L$10 -> 0 | ... AS11: ='Inputs_ FS'!AS$10 -> 0
E12: ='Inputs_ FS'!E$11 -> Blister copper: FS table | F12: ='Inputs_ FS'!F$11 -> 0 | G12: ='Inputs_ FS'!G$11 -> tonnes | H12: ='Inputs_ FS'!H$11 -> M | I12: ='Inputs_ FS'!I$11 -> 223496 | J12: ='Inputs_ FS'!J$11 -> 0 | K12: ='Inputs_ FS'!K$11 -> 0 | L12: ='Inputs_ FS'!L$11 -> 0 | ... AS12: ='Inputs_ FS'!AS$11 -> 0
E13: ='Inputs_ FS'!E$12 -> Copper matt: FS table | F13: ='Inputs_ FS'!F$12 -> 0 | G13: ='Inputs_ FS'!G$12 -> tonnes | H13: ='Inputs_ FS'!H$12 -> M | I13: ='Inputs_ FS'!I$12 -> 25209 | J13: ='Inputs_ FS'!J$12 -> 0 | K13: ='Inputs_ FS'!K$12 -> 0 | L13: ='Inputs_ FS'!L$12 -> 0 | ... AS13: ='Inputs_ FS'!AS$12 -> 0
E14: ='Inputs_ FS'!E$13 -> Copper sulfide concentrates: FS table | F14: ='Inputs_ FS'!F$13 -> 0 | G14: ='Inputs_ FS'!G$13 -> tonnes | H14: ='Inputs_ FS'!H$13 -> M | I14: ='Inputs_ FS'!I$13 -> 372689 | J14: ='Inputs_ FS'!J$13 -> 0 | K14: ='Inputs_ FS'!K$13 -> 0 | L14: ='Inputs_ FS'!L$13 -> 0 | ... AS14: ='Inputs_ FS'!AS$13 -> 0
E15: ='Inputs_ FS'!E$14 -> Copper oxide concentrates: FS table | F15: ='Inputs_ FS'!F$14 -> 0 | G15: ='Inputs_ FS'!G$14 -> tonnes | H15: ='Inputs_ FS'!H$14 -> M | I15: ='Inputs_ FS'!I$14 -> 42057 | J15: ='Inputs_ FS'!J$14 -> 0 | K15: ='Inputs_ FS'!K$14 -> 0 | L15: ='Inputs_ FS'!L$14 -> 0 | ... AS15: ='Inputs_ FS'!AS$14 -> 0
E17: ='Inputs_ FS'!E$16 -> Cobalt: FS table | F17: ='Inputs_ FS'!F$16 -> 0 | G17: ='Inputs_ FS'!G$16 -> tonnes | H17: ='Inputs_ FS'!H$16 -> M | I17: ='Inputs_ FS'!I$16 -> 10015.26 | J17: ='Inputs_ FS'!J$16 -> 0 | K17: ='Inputs_ FS'!K$16 -> 0 | L17: ='Inputs_ FS'!L$16 -> 0 | ... AS17: ='Inputs_ FS'!AS$16 -> 0
E19: Copper cathode: FS table sum | F19: =I11 -> 443825 | G19: tonnes
E20: Blister copper: FS table sum | F20: =I12 -> 223496 | G20: tonnes
E21: Copper matt: FS table sum | F21: =I13 -> 25209 | G21: tonnes
E22: Copper sulfide concentrates: FS table sum | F22: =I14 -> 372689 | G22: tonnes
E23: Copper oxide concentrates: FS table sum | F23: =I15 -> 42057 | G23: tonnes
E25: Cobalt: FS table sum | F25: =I17 -> 10015.26 | G25: tonnes
C27: Production totals
E28: ='Inputs_ FS'!E$18 -> Copper cathode: FS totals | F28: ='Inputs_ FS'!F$18 -> 939749 | G28: ='Inputs_ FS'!G$18 -> tonnes | H28: ='Inputs_ FS'!H$18 -> M
E29: ='Inputs_ FS'!E$19 -> Blister copper: FS totals | F29: ='Inputs_ FS'!F$19 -> 364525 | G29: ='Inputs_ FS'!G$19 -> tonnes | H29: ='Inputs_ FS'!H$19 -> M
E30: ='Inputs_ FS'!E$20 -> Copper matt: FS totals | F30: ='Inputs_ FS'!F$20 -> 40880 | G30: ='Inputs_ FS'!G$20 -> tonnes | H30: ='Inputs_ FS'!H$20 -> M
E31: ='Inputs_ FS'!E$21 -> Copper sulfide concentrates: FS totals | F31: ='Inputs_ FS'!F$21 -> 372689 | G31: ='Inputs_ FS'!G$21 -> tonnes | H31: ='Inputs_ FS'!H$21 -> M
E32: ='Inputs_ FS'!E$22 -> Copper oxide concentrates: FS totals | F32: ='Inputs_ FS'!F$22 -> 50936 | G32: ='Inputs_ FS'!G$22 -> tonnes | H32: ='Inputs_ FS'!H$22 -> M
E34: ='Inputs_ FS'!E$24 -> Cobalt: FS totals | F34: ='Inputs_ FS'!F$24 -> 22151 | G34: ='Inputs_ FS'!G$24 -> tonnes | H34: ='Inputs_ FS'!H$24 -> M
C36: Production inferred
E37: 2024-2029 flag | G37: flag | K37: =IF(AND(K2 > 2023, K2 < 2030), 1, 0) -> 0 | L37: =IF(AND(L2 > 2023, L2 < 2030), 1, 0) -> 0 | M37: =IF(AND(M2 > 2023, M2 < 2030), 1, 0) -> 0 | N37: =IF(AND(N2 > 2023, N2 < 2030), 1, 0) -> 0 | O37: =IF(AND(O2 > 2023, O2 < 2030), 1, 0) -> 0 | P37: =IF(AND(P2 > 2023, P2 < 2030), 1, 0) -> 0 | Q37: =IF(AND(Q2 > 2023, Q2 < 2030), 1, 0) -> 0 | R37: =IF(AND(R2 > 2023, R2 < 2030), 1, 0) -> 0 | ... AS37: =IF(AND(AS2 > 2023, AS2 < 2030), 1, 0) -> 0
E39: Copper cathode: interpolated | G39: tonnes | K39: =K$37 * (($F28 - $F19) / SUM($K$37:$AS$37)) -> 0 | L39: =L$37 * (($F28 - $F19) / SUM($K$37:$AS$37)) -> 0 | M39: =M$37 * (($F28 - $F19) / SUM($K$37:$AS$37)) -> 0 | N39: =N$37 * (($F28 - $F19) / SUM($K$37:$AS$37)) -> 0 | O39: =O$37 * (($F28 - $F19) / SUM($K$37:$AS$37)) -> 0 | P39: =P$37 * (($F28 - $F19) / SUM($K$37:$AS$37)) -> 0 | Q39: =Q$37 * (($F28 - $F19) / SUM($K$37:$AS$37)) -> 0 | R39: =R$37 * (($F28 - $F19) / SUM($K$37:$AS$37)) -> 0 | ... AS39: =AS$37 * (($F28 - $F19) / SUM($K$37:$AS$37)) -> 0
E40: Blister copper: interpolated | G40: tonnes | K40: =K$37 * (($F29 - $F20) / SUM($K$37:$AS$37)) -> 0 | L40: =L$37 * (($F29 - $F20) / SUM($K$37:$AS$37)) -> 0 | M40: =M$37 * (($F29 - $F20) / SUM($K$37:$AS$37)) -> 0 | N40: =N$37 * (($F29 - $F20) / SUM($K$37:$AS$37)) -> 0 | O40: =O$37 * (($F29 - $F20) / SUM($K$37:$AS$37)) -> 0 | P40: =P$37 * (($F29 - $F20) / SUM($K$37:$AS$37)) -> 0 | Q40: =Q$37 * (($F29 - $F20) / SUM($K$37:$AS$37)) -> 0 | R40: =R$37 * (($F29 - $F20) / SUM($K$37:$AS$37)) -> 0 | ... AS40: =AS$37 * (($F29 - $F20) / SUM($K$37:$AS$37)) -> 0
E41: Copper matt: interpolated | G41: tonnes | K41: =K$37 * (($F30 - $F21) / SUM($K$37:$AS$37)) -> 0 | L41: =L$37 * (($F30 - $F21) / SUM($K$37:$AS$37)) -> 0 | M41: =M$37 * (($F30 - $F21) / SUM($K$37:$AS$37)) -> 0 | N41: =N$37 * (($F30 - $F21) / SUM($K$37:$AS$37)) -> 0 | O41: =O$37 * (($F30 - $F21) / SUM($K$37:$AS$37)) -> 0 | P41: =P$37 * (($F30 - $F21) / SUM($K$37:$AS$37)) -> 0 | Q41: =Q$37 * (($F30 - $F21) / SUM($K$37:$AS$37)) -> 0 | R41: =R$37 * (($F30 - $F21) / SUM($K$37:$AS$37)) -> 0 | ... AS41: =AS$37 * (($F30 - $F21) / SUM($K$37:$AS$37)) -> 0
E42: Copper sulfide concentrates: interpolated | G42: tonnes | K42: =K$37 * (($F31 - $F22) / SUM($K$37:$AS$37)) -> 0 | L42: =L$37 * (($F31 - $F22) / SUM($K$37:$AS$37)) -> 0 | M42: =M$37 * (($F31 - $F22) / SUM($K$37:$AS$37)) -> 0 | N42: =N$37 * (($F31 - $F22) / SUM($K$37:$AS$37)) -> 0 | O42: =O$37 * (($F31 - $F22) / SUM($K$37:$AS$37)) -> 0 | P42: =P$37 * (($F31 - $F22) / SUM($K$37:$AS$37)) -> 0 | Q42: =Q$37 * (($F31 - $F22) / SUM($K$37:$AS$37)) -> 0 | R42: =R$37 * (($F31 - $F22) / SUM($K$37:$AS$37)) -> 0 | ... AS42: =AS$37 * (($F31 - $F22) / SUM($K$37:$AS$37)) -> 0
E43: Copper oxide concentrates: interpolated | G43: tonnes | K43: =K$37 * (($F32 - $F23) / SUM($K$37:$AS$37)) -> 0 | L43: =L$37 * (($F32 - $F23) / SUM($K$37:$AS$37)) -> 0 | M43: =M$37 * (($F32 - $F23) / SUM($K$37:$AS$37)) -> 0 | N43: =N$37 * (($F32 - $F23) / SUM($K$37:$AS$37)) -> 0 | O43: =O$37 * (($F32 - $F23) / SUM($K$37:$AS$37)) -> 0 | P43: =P$37 * (($F32 - $F23) / SUM($K$37:$AS$37)) -> 0 | Q43: =Q$37 * (($F32 - $F23) / SUM($K$37:$AS$37)) -> 0 | R43: =R$37 * (($F32 - $F23) / SUM($K$37:$AS$37)) -> 0 | ... AS43: =AS$37 * (($F32 - $F23) / SUM($K$37:$AS$37)) -> 0
E45: 2024-2030 flag | F45: =F$37 -> 0 | G45: =G$37 -> flag | H45: =H$37 -> 0 | I45: =I$37 -> 0 | K45: =IF(AND(K2 > 2023, K2 < 2031), 1, 0) -> 0 | L45: =IF(AND(L2 > 2023, L2 < 2031), 1, 0) -> 0 | M45: =IF(AND(M2 > 2023, M2 < 2031), 1, 0) -> 0 | N45: =IF(AND(N2 > 2023, N2 < 2031), 1, 0) -> 0 | O45: =IF(AND(O2 > 2023, O2 < 2031), 1, 0) -> 0 | P45: =IF(AND(P2 > 2023, P2 < 2031), 1, 0) -> 0 | Q45: =IF(AND(Q2 > 2023, Q2 < 2031), 1, 0) -> 0 | R45: =IF(AND(R2 > 2023, R2 < 2031), 1, 0) -> 0 | ... AS45: =IF(AND(AS2 > 2023, AS2 < 2031), 1, 0) -> 0
E47: Cobalt: interpolated | G47: tonnes | K47: =K$45 * (($F34 - $F25) / SUM($K$45:$AS$45)) -> 0 | L47: =L$45 * (($F34 - $F25) / SUM($K$45:$AS$45)) -> 0 | M47: =M$45 * (($F34 - $F25) / SUM($K$45:$AS$45)) -> 0 | N47: =N$45 * (($F34 - $F25) / SUM($K$45:$AS$45)) -> 0 | O47: =O$45 * (($F34 - $F25) / SUM($K$45:$AS$45)) -> 0 | P47: =P$45 * (($F34 - $F25) / SUM($K$45:$AS$45)) -> 0 | Q47: =Q$45 * (($F34 - $F25) / SUM($K$45:$AS$45)) -> 0 | R47: =R$45 * (($F34 - $F25) / SUM($K$45:$AS$45)) -> 0 | ... AS47: =AS$45 * (($F34 - $F25) / SUM($K$45:$AS$45)) -> 0
C49: Production combined
E50: Copper cathode | G50: tonnes | I50: =SUM(K50:AS50) -> 939749 | K50: =IF(K11 > 0, K11, K39) -> 0 | L50: =IF(L11 > 0, L11, L39) -> 0 | M50: =IF(M11 > 0, M11, M39) -> 0 | N50: =IF(N11 > 0, N11, N39) -> 0 | O50: =IF(O11 > 0, O11, O39) -> 0 | P50: =IF(P11 > 0, P11, P39) -> 0 | Q50: =IF(Q11 > 0, Q11, Q39) -> 0 | R50: =IF(R11 > 0, R11, R39) -> 0 | ... AS50: =IF(AS11 > 0, AS11, AS39) -> 0
E51: Blister copper | G51: tonnes | I51: =SUM(K51:AS51) -> 364525 | K51: =IF(K12 > 0, K12, K40) -> 0 | L51: =IF(L12 > 0, L12, L40) -> 0 | M51: =IF(M12 > 0, M12, M40) -> 0 | N51: =IF(N12 > 0, N12, N40) -> 0 | O51: =IF(O12 > 0, O12, O40) -> 0 | P51: =IF(P12 > 0, P12, P40) -> 0 | Q51: =IF(Q12 > 0, Q12, Q40) -> 0 | R51: =IF(R12 > 0, R12, R40) -> 0 | ... AS51: =IF(AS12 > 0, AS12, AS40) -> 0
E52: Copper matt | G52: tonnes | I52: =SUM(K52:AS52) -> 40880 | K52: =IF(K13 > 0, K13, K41) -> 0 | L52: =IF(L13 > 0, L13, L41) -> 0 | M52: =IF(M13 > 0, M13, M41) -> 0 | N52: =IF(N13 > 0, N13, N41) -> 0 | O52: =IF(O13 > 0, O13, O41) -> 0 | P52: =IF(P13 > 0, P13, P41) -> 0 | Q52: =IF(Q13 > 0, Q13, Q41) -> 0 | R52: =IF(R13 > 0, R13, R41) -> 0 | ... AS52: =IF(AS13 > 0, AS13, AS41) -> 0
E53: Copper sulfide concentrates | G53: tonnes | I53: =SUM(K53:AS53) -> 372689 | K53: =IF(K14 > 0, K14, K42) -> 0 | L53: =IF(L14 > 0, L14, L42) -> 0 | M53: =IF(M14 > 0, M14, M42) -> 0 | N53: =IF(N14 > 0, N14, N42) -> 0 | O53: =IF(O14 > 0, O14, O42) -> 0 | P53: =IF(P14 > 0, P14, P42) -> 0 | Q53: =IF(Q14 > 0, Q14, Q42) -> 0 | R53: =IF(R14 > 0, R14, R42) -> 0 | ... AS53: =IF(AS14 > 0, AS14, AS42) -> 0
E54: Copper oxide concentrates | G54: tonnes | I54: =SUM(K54:AS54) -> 50936 | K54: =IF(K15 > 0, K15, K43) -> 0 | L54: =IF(L15 > 0, L15, L43) -> 0 | M54: =IF(M15 > 0, M15, M43) -> 0 | N54: =IF(N15 > 0, N15, N43) -> 0 | O54: =IF(O15 > 0, O15, O43) -> 0 | P54: =IF(P15 > 0, P15, P43) -> 0 | Q54: =IF(Q15 > 0, Q15, Q43) -> 0 | R54: =IF(R15 > 0, R15, R43) -> 0 | ... AS54: =IF(AS15 > 0, AS15, AS43) -> 0
E55: Total copper production | G55: tonnes | I55: =SUM(K55:AS55) -> 1768779 | K55: =SUM(K50:K54) -> 0 | L55: =SUM(L50:L54) -> 0 | M55: =SUM(M50:M54) -> 0 | N55: =SUM(N50:N54) -> 0 | O55: =SUM(O50:O54) -> 0 | P55: =SUM(P50:P54) -> 0 | Q55: =SUM(Q50:Q54) -> 0 | R55: =SUM(R50:R54) -> 0 | ... AS55: =SUM(AS50:AS54) -> 0
E57: Production year | G57: flag | K57: =(K55 > 0) * 1 -> 0 | L57: =(L55 > 0) * 1 -> 0 | M57: =(M55 > 0) * 1 -> 0 | N57: =(N55 > 0) * 1 -> 0 | O57: =(O55 > 0) * 1 -> 0 | P57: =(P55 > 0) * 1 -> 0 | Q57: =(Q55 > 0) * 1 -> 0 | R57: =(R55 > 0) * 1 -> 0 | ... AS57: =(AS55 > 0) * 1 -> 0
E58: Production year cumulative | G58: years | K58: =K57 + J58 -> 0 | L58: =L57 + K58 -> 0 | M58: =M57 + L58 -> 0 | N58: =N57 + M58 -> 0 | O58: =O57 + N58 -> 0 | P58: =P57 + O58 -> 0 | Q58: =Q57 + P58 -> 0 | R58: =R57 + Q58 -> 0 | ... AS58: =AS57 + AR58 -> 16
E60: Cobalt | G60: tonnes | I60: =SUM(K60:AS60) -> 22151 | K60: =IF(K17 > 0, K17, K47) -> 0 | L60: =IF(L17 > 0, L17, L47) -> 0 | M60: =IF(M17 > 0, M17, M47) -> 0 | N60: =IF(N17 > 0, N17, N47) -> 0 | O60: =IF(O17 > 0, O17, O47) -> 0 | P60: =IF(P17 > 0, P17, P47) -> 0 | Q60: =IF(Q17 > 0, Q17, Q47) -> 0 | R60: =IF(R17 > 0, R17, R47) -> 0 | ... AS60: =IF(AS17 > 0, AS17, AS47) -> 0
B62: Prices
C63: Table 7.36
E64: ='Inputs_ FS'!E$28 -> Copper price: FS | F64: ='Inputs_ FS'!F$28 -> 0 | G64: ='Inputs_ FS'!G$28 -> $ /tCu | H64: ='Inputs_ FS'!H$28 -> M | I64: ='Inputs_ FS'!I$28 -> 0 | J64: ='Inputs_ FS'!J$28 -> 0 | K64: ='Inputs_ FS'!K$28 -> 0 | L64: ='Inputs_ FS'!L$28 -> 0 | ... AS64: ='Inputs_ FS'!AS$28 -> 0
E65: ='Inputs_ FS'!E$29 -> Copper cathode price | F65: ='Inputs_ FS'!F$29 -> 0 | G65: ='Inputs_ FS'!G$29 -> $ /tCu | H65: ='Inputs_ FS'!H$29 -> M | I65: ='Inputs_ FS'!I$29 -> 0 | J65: ='Inputs_ FS'!J$29 -> 0 | K65: ='Inputs_ FS'!K$29 -> 0 | L65: ='Inputs_ FS'!L$29 -> 0 | ... AS65: ='Inputs_ FS'!AS$29 -> 0
E66: ='Inputs_ FS'!E$30 -> Blister copper price | F66: ='Inputs_ FS'!F$30 -> 0 | G66: ='Inputs_ FS'!G$30 -> $ /tCu | H66: ='Inputs_ FS'!H$30 -> M | I66: ='Inputs_ FS'!I$30 -> 0 | J66: ='Inputs_ FS'!J$30 -> 0 | K66: ='Inputs_ FS'!K$30 -> 0 | L66: ='Inputs_ FS'!L$30 -> 0 | ... AS66: ='Inputs_ FS'!AS$30 -> 0
E67: ='Inputs_ FS'!E$31 -> Copper matt price | F67: ='Inputs_ FS'!F$31 -> 0 | G67: ='Inputs_ FS'!G$31 -> $ /tCu | H67: ='Inputs_ FS'!H$31 -> M | I67: ='Inputs_ FS'!I$31 -> 0 | J67: ='Inputs_ FS'!J$31 -> 0 | K67: ='Inputs_ FS'!K$31 -> 0 | L67: ='Inputs_ FS'!L$31 -> 0 | ... AS67: ='Inputs_ FS'!AS$31 -> 0
E68: ='Inputs_ FS'!E$32 -> Copper sulfide concentrates price | F68: ='Inputs_ FS'!F$32 -> 0 | G68: ='Inputs_ FS'!G$32 -> $ /tCu | H68: ='Inputs_ FS'!H$32 -> M | I68: ='Inputs_ FS'!I$32 -> 0 | J68: ='Inputs_ FS'!J$32 -> 0 | K68: ='Inputs_ FS'!K$32 -> 0 | L68: ='Inputs_ FS'!L$32 -> 0 | ... AS68: ='Inputs_ FS'!AS$32 -> 0
E69: ='Inputs_ FS'!E$33 -> Copper oxide concentrates price | F69: ='Inputs_ FS'!F$33 -> 0 | G69: ='Inputs_ FS'!G$33 -> $ /tCu | H69: ='Inputs_ FS'!H$33 -> M | I69: ='Inputs_ FS'!I$33 -> 0 | J69: ='Inputs_ FS'!J$33 -> 0 | K69: ='Inputs_ FS'!K$33 -> 0 | L69: ='Inputs_ FS'!L$33 -> 0 | ... AS69: ='Inputs_ FS'!AS$33 -> 0
E71: ='Inputs_ FS'!E$35 -> Cobalt | F71: ='Inputs_ FS'!F$35 -> 0 | G71: ='Inputs_ FS'!G$35 -> $ /lbCo | H71: ='Inputs_ FS'!H$35 -> M | I71: ='Inputs_ FS'!I$35 -> 0 | J71: ='Inputs_ FS'!J$35 -> 0 | K71: ='Inputs_ FS'!K$35 -> 0 | L71: ='Inputs_ FS'!L$35 -> 0 | ... AS71: ='Inputs_ FS'!AS$35 -> 0
E72: ='Inputs_ FS'!E$36 -> Payable rate | F72: ='Inputs_ FS'!F$36 -> 0.7 | G72: ='Inputs_ FS'!G$36 -> % | H72: ='Inputs_ FS'!H$36 -> M
E73: Cobalt price: FS payable | G73: $ /lbCo | K73: =K71 * $F72 -> 0 | L73: =L71 * $F72 -> 0 | M73: =M71 * $F72 -> 0 | N73: =N71 * $F72 -> 0 | O73: =O71 * $F72 -> 0 | P73: =P71 * $F72 -> 0 | Q73: =Q71 * $F72 -> 0 | R73: =R71 * $F72 -> 0 | ... AS73: =AS71 * $F72 -> 0
B76: Revenue: calculated
E78: =E$50 -> Copper cathode | F78: =F$50 -> 0 | G78: =G$50 -> tonnes | H78: =H$50 -> 0 | I78: =I$50 -> 939749 | K78: =K$50 -> 0 | L78: =L$50 -> 0 | M78: =M$50 -> 0 | N78: =N$50 -> 0 | O78: =O$50 -> 0 | P78: =P$50 -> 0 | Q78: =Q$50 -> 0 | R78: =R$50 -> 0 | ... AS78: =AS$50 -> 0
E79: =E$65 -> Copper cathode price | F79: =F$65 -> 0 | G79: =G$65 -> $ /tCu | H79: =H$65 -> M | I79: =I$65 -> 0 | K79: =K$65 -> 0 | L79: =L$65 -> 0 | M79: =M$65 -> 0 | N79: =N$65 -> 0 | O79: =O$65 -> 0 | P79: =P$65 -> 0 | Q79: =Q$65 -> 0 | R79: =R$65 -> 0 | ... AS79: =AS$65 -> 0
E80: Copper cathode revenue | G80: $ mn | I80: =SUM(K80:AS80) -> 7272.9942 | K80: =K78 * K79 * 10^-6 -> 0 | L80: =L78 * L79 * 10^-6 -> 0 | M80: =M78 * M79 * 10^-6 -> 0 | N80: =N78 * N79 * 10^-6 -> 0 | O80: =O78 * O79 * 10^-6 -> 0 | P80: =P78 * P79 * 10^-6 -> 0 | Q80: =Q78 * Q79 * 10^-6 -> 0 | R80: =R78 * R79 * 10^-6 -> 0 | ... AS80: =AS78 * AS79 * 10^-6 -> 0
E82: =E$51 -> Blister copper | F82: =F$51 -> 0 | G82: =G$51 -> tonnes | H82: =H$51 -> 0 | I82: =I$51 -> 364525 | K82: =K$51 -> 0 | L82: =L$51 -> 0 | M82: =M$51 -> 0 | N82: =N$51 -> 0 | O82: =O$51 -> 0 | P82: =P$51 -> 0 | Q82: =Q$51 -> 0 | R82: =R$51 -> 0 | ... AS82: =AS$51 -> 0
E83: =E$66 -> Blister copper price | F83: =F$66 -> 0 | G83: =G$66 -> $ /tCu | H83: =H$66 -> M | I83: =I$66 -> 0 | K83: =K$66 -> 0 | L83: =L$66 -> 0 | M83: =M$66 -> 0 | N83: =N$66 -> 0 | O83: =O$66 -> 0 | P83: =P$66 -> 0 | Q83: =Q$66 -> 0 | R83: =R$66 -> 0 | ... AS83: =AS$66 -> 0
E84: Blister copper revenue | G84: $ mn | I84: =SUM(K84:AS84) -> 2652.5493 | K84: =K82 * K83 * 10^-6 -> 0 | L84: =L82 * L83 * 10^-6 -> 0 | M84: =M82 * M83 * 10^-6 -> 0 | N84: =N82 * N83 * 10^-6 -> 0 | O84: =O82 * O83 * 10^-6 -> 0 | P84: =P82 * P83 * 10^-6 -> 0 | Q84: =Q82 * Q83 * 10^-6 -> 0 | R84: =R82 * R83 * 10^-6 -> 0 | ... AS84: =AS82 * AS83 * 10^-6 -> 0
E86: =E$52 -> Copper matt | F86: =F$52 -> 0 | G86: =G$52 -> tonnes | H86: =H$52 -> 0 | I86: =I$52 -> 40880 | K86: =K$52 -> 0 | L86: =L$52 -> 0 | M86: =M$52 -> 0 | N86: =N$52 -> 0 | O86: =O$52 -> 0 | P86: =P$52 -> 0 | Q86: =Q$52 -> 0 | R86: =R$52 -> 0 | ... AS86: =AS$52 -> 0
E87: =E$67 -> Copper matt price | F87: =F$67 -> 0 | G87: =G$67 -> $ /tCu | H87: =H$67 -> M | I87: =I$67 -> 0 | K87: =K$67 -> 0 | L87: =L$67 -> 0 | M87: =M$67 -> 0 | N87: =N$67 -> 0 | O87: =O$67 -> 0 | P87: =P$67 -> 0 | Q87: =Q$67 -> 0 | R87: =R$67 -> 0 | ... AS87: =AS$67 -> 0
E88: Copper matt revenue | G88: $ mn | I88: =SUM(K88:AS88) -> 238.49071 | K88: =K86 * K87 * 10^-6 -> 0 | L88: =L86 * L87 * 10^-6 -> 0 | M88: =M86 * M87 * 10^-6 -> 0 | N88: =N86 * N87 * 10^-6 -> 0 | O88: =O86 * O87 * 10^-6 -> 0 | P88: =P86 * P87 * 10^-6 -> 0 | Q88: =Q86 * Q87 * 10^-6 -> 0 | R88: =R86 * R87 * 10^-6 -> 0 | ... AS88: =AS86 * AS87 * 10^-6 -> 0
E90: =E$53 -> Copper sulfide concentrates | F90: =F$53 -> 0 | G90: =G$53 -> tonnes | H90: =H$53 -> 0 | I90: =I$53 -> 372689 | K90: =K$53 -> 0 | L90: =L$53 -> 0 | M90: =M$53 -> 0 | N90: =N$53 -> 0 | O90: =O$53 -> 0 | P90: =P$53 -> 0 | Q90: =Q$53 -> 0 | R90: =R$53 -> 0 | ... AS90: =AS$53 -> 0
E91: =E$68 -> Copper sulfide concentrates price | F91: =F$68 -> 0 | G91: =G$68 -> $ /tCu | H91: =H$68 -> M | I91: =I$68 -> 0 | K91: =K$68 -> 0 | L91: =L$68 -> 0 | M91: =M$68 -> 0 | N91: =N$68 -> 0 | O91: =O$68 -> 0 | P91: =P$68 -> 0 | Q91: =Q$68 -> 0 | R91: =R$68 -> 0 | ... AS91: =AS$68 -> 0
E92: Copper sulfide concentrates revenue | G92: $ mn | I92: =SUM(K92:AS92) -> 910.84263 | K92: =K90 * K91 * 10^-6 -> 0 | L92: =L90 * L91 * 10^-6 -> 0 | M92: =M90 * M91 * 10^-6 -> 0 | N92: =N90 * N91 * 10^-6 -> 0 | O92: =O90 * O91 * 10^-6 -> 0 | P92: =P90 * P91 * 10^-6 -> 0 | Q92: =Q90 * Q91 * 10^-6 -> 0 | R92: =R90 * R91 * 10^-6 -> 0 | ... AS92: =AS90 * AS91 * 10^-6 -> 0
E94: =E$54 -> Copper oxide concentrates | F94: =F$54 -> 0 | G94: =G$54 -> tonnes | H94: =H$54 -> 0 | I94: =I$54 -> 50936 | K94: =K$54 -> 0 | L94: =L$54 -> 0 | M94: =M$54 -> 0 | N94: =N$54 -> 0 | O94: =O$54 -> 0 | P94: =P$54 -> 0 | Q94: =Q$54 -> 0 | R94: =R$54 -> 0 | ... AS94: =AS$54 -> 0
E95: =E$69 -> Copper oxide concentrates price | F95: =F$69 -> 0 | G95: =G$69 -> $ /tCu | H95: =H$69 -> M | I95: =I$69 -> 0 | K95: =K$69 -> 0 | L95: =L$69 -> 0 | M95: =M$69 -> 0 | N95: =N$69 -> 0 | O95: =O$69 -> 0 | P95: =P$69 -> 0 | Q95: =Q$69 -> 0 | R95: =R$69 -> 0 | ... AS95: =AS$69 -> 0
E96: Copper oxide concentrates revenue | G96: $ mn | I96: =SUM(K96:AS96) -> 179.069 | K96: =K94 * K95 * 10^-6 -> 0 | L96: =L94 * L95 * 10^-6 -> 0 | M96: =M94 * M95 * 10^-6 -> 0 | N96: =N94 * N95 * 10^-6 -> 0 | O96: =O94 * O95 * 10^-6 -> 0 | P96: =P94 * P95 * 10^-6 -> 0 | Q96: =Q94 * Q95 * 10^-6 -> 0 | R96: =R94 * R95 * 10^-6 -> 0 | ... AS96: =AS94 * AS95 * 10^-6 -> 0
E98: =E$80 -> Copper cathode revenue | F98: =F$80 -> 0 | G98: =G$80 -> $ mn | H98: =H$80 -> 0 | I98: =I$80 -> 7272.9942 | K98: =K$80 -> 0 | L98: =L$80 -> 0 | M98: =M$80 -> 0 | N98: =N$80 -> 0 | O98: =O$80 -> 0 | P98: =P$80 -> 0 | Q98: =Q$80 -> 0 | R98: =R$80 -> 0 | ... AS98: =AS$80 -> 0
E99: =E$84 -> Blister copper revenue | F99: =F$84 -> 0 | G99: =G$84 -> $ mn | H99: =H$84 -> 0 | I99: =I$84 -> 2652.5493 | K99: =K$84 -> 0 | L99: =L$84 -> 0 | M99: =M$84 -> 0 | N99: =N$84 -> 0 | O99: =O$84 -> 0 | P99: =P$84 -> 0 | Q99: =Q$84 -> 0 | R99: =R$84 -> 0 | ... AS99: =AS$84 -> 0
E100: =E$88 -> Copper matt revenue | F100: =F$88 -> 0 | G100: =G$88 -> $ mn | H100: =H$88 -> 0 | I100: =I$88 -> 238.49071 | K100: =K$88 -> 0 | L100: =L$88 -> 0 | M100: =M$88 -> 0 | N100: =N$88 -> 0 | O100: =O$88 -> 0 | P100: =P$88 -> 0 | Q100: =Q$88 -> 0 | R100: =R$88 -> 0 | ... AS100: =AS$88 -> 0
E101: =E$92 -> Copper sulfide concentrates revenue | F101: =F$92 -> 0 | G101: =G$92 -> $ mn | H101: =H$92 -> 0 | I101: =I$92 -> 910.84263 | K101: =K$92 -> 0 | L101: =L$92 -> 0 | M101: =M$92 -> 0 | N101: =N$92 -> 0 | O101: =O$92 -> 0 | P101: =P$92 -> 0 | Q101: =Q$92 -> 0 | R101: =R$92 -> 0 | ... AS101: =AS$92 -> 0
E102: =E$96 -> Copper oxide concentrates revenue | F102: =F$96 -> 0 | G102: =G$96 -> $ mn | H102: =H$96 -> 0 | I102: =I$96 -> 179.069 | K102: =K$96 -> 0 | L102: =L$96 -> 0 | M102: =M$96 -> 0 | N102: =N$96 -> 0 | O102: =O$96 -> 0 | P102: =P$96 -> 0 | Q102: =Q$96 -> 0 | R102: =R$96 -> 0 | ... AS102: =AS$96 -> 0
E103: Total copper revenue | G103: $ mn | I103: =SUM(K103:AS103) -> 11253.946 | K103: =SUM(K98:K102) -> 0 | L103: =SUM(L98:L102) -> 0 | M103: =SUM(M98:M102) -> 0 | N103: =SUM(N98:N102) -> 0 | O103: =SUM(O98:O102) -> 0 | P103: =SUM(P98:P102) -> 0 | Q103: =SUM(Q98:Q102) -> 0 | R103: =SUM(R98:R102) -> 0 | ... AS103: =SUM(AS98:AS102) -> 0
E105: =Inputs_Con!E$150 -> Convert lb / tonnes | F105: =Inputs_Con!F$150 -> 2204.62 | G105: =Inputs_Con!G$150 -> lb / tonne
E106: =E$60 -> Cobalt | F106: =F$60 -> 0 | G106: =G$60 -> tonnes | H106: =H$60 -> 0 | I106: =I$60 -> 22151 | K106: =K$60 -> 0 | L106: =L$60 -> 0 | M106: =M$60 -> 0 | N106: =N$60 -> 0 | O106: =O$60 -> 0 | P106: =P$60 -> 0 | Q106: =Q$60 -> 0 | R106: =R$60 -> 0 | ... AS106: =AS$60 -> 0
E107: =E$73 -> Cobalt price: FS payable | F107: =F$73 -> 0 | G107: =G$73 -> $ /lbCo | H107: =H$73 -> 0 | I107: =I$73 -> 0 | K107: =K$73 -> 0 | L107: =L$73 -> 0 | M107: =M$73 -> 0 | N107: =N$73 -> 0 | O107: =O$73 -> 0 | P107: =P$73 -> 0 | Q107: =Q$73 -> 0 | R107: =R$73 -> 0 | ... AS107: =AS$73 -> 0
E108: Cobalt revenue | G108: =G$92 -> $ mn | I108: =SUM(K108:AS108) -> 656.22924 | K108: =K106 * K107 * 10^-6 * $F105 -> 0 | L108: =L106 * L107 * 10^-6 * $F105 -> 0 | M108: =M106 * M107 * 10^-6 * $F105 -> 0 | N108: =N106 * N107 * 10^-6 * $F105 -> 0 | O108: =O106 * O107 * 10^-6 * $F105 -> 0 | P108: =P106 * P107 * 10^-6 * $F105 -> 0 | Q108: =Q106 * Q107 * 10^-6 * $F105 -> 0 | R108: =R106 * R107 * 10^-6 * $F105 -> 0 | ... AS108: =AS106 * AS107 * 10^-6 * $F105 -> 0
E110: =E$103 -> Total copper revenue | F110: =F$103 -> 0 | G110: =G$103 -> $ mn | H110: =H$103 -> 0 | I110: =I$103 -> 11253.946 | K110: =K$103 -> 0 | L110: =L$103 -> 0 | M110: =M$103 -> 0 | N110: =N$103 -> 0 | O110: =O$103 -> 0 | P110: =P$103 -> 0 | Q110: =Q$103 -> 0 | R110: =R$103 -> 0 | ... AS110: =AS$103 -> 0
E111: =E$108 -> Cobalt revenue | F111: =F$108 -> 0 | G111: =G$108 -> $ mn | H111: =H$108 -> 0 | I111: =I$108 -> 656.22924 | K111: =K$108 -> 0 | L111: =L$108 -> 0 | M111: =M$108 -> 0 | N111: =N$108 -> 0 | O111: =O$108 -> 0 | P111: =P$108 -> 0 | Q111: =Q$108 -> 0 | R111: =R$108 -> 0 | ... AS111: =AS$108 -> 0
E112: Total revenue | G112: $ mn | I112: =SUM(K112:AS112) -> 11910.175 | K112: =K110 + K111 -> 0 | L112: =L110 + L111 -> 0 | M112: =M110 + M111 -> 0 | N112: =N110 + N111 -> 0 | O112: =O110 + O111 -> 0 | P112: =P110 + P111 -> 0 | Q112: =Q110 + Q111 -> 0 | R112: =R110 + R111 -> 0 | ... AS112: =AS110 + AS111 -> 0
B114: Revenue: FS
E115: ='Inputs_ FS'!E$41 -> Copper | F115: ='Inputs_ FS'!F$41 -> 11253.87 | G115: ='Inputs_ FS'!G$41 -> $ mn | H115: ='Inputs_ FS'!H$41 -> M | I115: ='Inputs_ FS'!I$41 -> 0 | J115: ='Inputs_ FS'!J$41 -> 0 | K115: ='Inputs_ FS'!K$41 -> 0 | L115: ='Inputs_ FS'!L$41 -> 0 | ... AS115: ='Inputs_ FS'!AS$41 -> 0
E116: ='Inputs_ FS'!E$42 -> Cobalt | F116: ='Inputs_ FS'!F$42 -> 656.708 | G116: ='Inputs_ FS'!G$42 -> $ mn | H116: ='Inputs_ FS'!H$42 -> M | I116: ='Inputs_ FS'!I$42 -> 0 | J116: ='Inputs_ FS'!J$42 -> 0 | K116: ='Inputs_ FS'!K$42 -> 0 | L116: ='Inputs_ FS'!L$42 -> 0 | ... AS116: ='Inputs_ FS'!AS$42 -> 0
B118: Operating costs
E119: ='Inputs_ FS'!E$58 -> Production costs: FS table | F119: ='Inputs_ FS'!F$58 -> 0 | G119: ='Inputs_ FS'!G$58 -> $ mn | H119: ='Inputs_ FS'!H$58 -> M | I119: ='Inputs_ FS'!I$58 -> 2587.9798 | J119: ='Inputs_ FS'!J$58 -> 0 | K119: ='Inputs_ FS'!K$58 -> 0 | L119: ='Inputs_ FS'!L$58 -> 0 | ... AS119: ='Inputs_ FS'!AS$58 -> 0
E120: ='Inputs_ FS'!E$59 -> Personnel expenses: FS table | F120: ='Inputs_ FS'!F$59 -> 0 | G120: ='Inputs_ FS'!G$59 -> $ mn | H120: ='Inputs_ FS'!H$59 -> M | I120: ='Inputs_ FS'!I$59 -> 185.895 | J120: ='Inputs_ FS'!J$59 -> 0 | K120: ='Inputs_ FS'!K$59 -> 0 | L120: ='Inputs_ FS'!L$59 -> 0 | ... AS120: ='Inputs_ FS'!AS$59 -> 0
E121: ='Inputs_ FS'!E$60 -> Selling costs: FS table | F121: ='Inputs_ FS'!F$60 -> 0 | G121: ='Inputs_ FS'!G$60 -> $ mn | H121: ='Inputs_ FS'!H$60 -> M | I121: ='Inputs_ FS'!I$60 -> 550.07167 | J121: ='Inputs_ FS'!J$60 -> 0 | K121: ='Inputs_ FS'!K$60 -> 0 | L121: ='Inputs_ FS'!L$60 -> 0 | ... AS121: ='Inputs_ FS'!AS$60 -> 0
E123: Production costs: FS table sum | F123: =I119 -> 2587.9798 | G123: $ mn
E124: Personnel expenses: FS table sum | F124: =I120 -> 185.895 | G124: $ mn
E125: Selling costs: FS table sum | F125: =I121 -> 550.07167 | G125: $ mn
C127: Operating costs totals
E128: ='Inputs_ FS'!E$62 -> Production costs | F128: ='Inputs_ FS'!F$62 -> 5849.9964 | G128: ='Inputs_ FS'!G$62 -> $ mn | H128: ='Inputs_ FS'!H$62 -> M
E129: ='Inputs_ FS'!E$63 -> Personnel expenses | F129: ='Inputs_ FS'!F$63 -> 343.43 | G129: ='Inputs_ FS'!G$63 -> $ mn | H129: ='Inputs_ FS'!H$63 -> M
E130: ='Inputs_ FS'!E$64 -> Selling costs | F130: ='Inputs_ FS'!F$64 -> 1007.0272 | G130: ='Inputs_ FS'!G$64 -> $ mn | H130: ='Inputs_ FS'!H$64 -> M
C132: Operating costs inferred
...

Sheet Sources
A1: =RIGHT(CELL("filename", $A$1), LEN(CELL("filename", $A$1)) - SEARCH("]", CELL("filename", $A$1))) -> Sources
E3: Subject | G3: Source Note | I3: Source Note (in Roman) | K3: Source | M3: Page | O3: Comments | Q3: Hyperlink | S3: Discussion
G5: =MAX(G$4:G4) + 1 -> 1 | I5: =ROMAN(G5, 0) -> I | K5: Multi-year mine production statistics | O5: Ministry of Mining | Q5: https://drive.google.com/file/d/1OzCsq8__T_l2W0nNZaBrVAnx72Q19Gu7/view?usp=drive_link | S5: 2017 - 2020 figures missing
G6: =MAX(G$4:G5) + 1 -> 2 | I6: =ROMAN(G6, 0) -> II | K6: Ministry of Mining Access Database
G7: =MAX(G$4:G6) + 1 -> 3 | I7: =ROMAN(G7, 0) -> III | K7: Proposed Acquisition of 51% Shareholding in COMMUS | Q7: https://drive.google.com/file/d/11MKgSHdcDMoO6aKSDLXZTe7ByMWCic92/view?usp=drive_link
G8: =MAX(G$4:G7) + 1 -> 4 | I8: =ROMAN(G8, 0) -> IV | K8: Zijin website Kolwezi page | Q8: https://www.zijinmining.com/global/program-detail-71736.htm, https://web.archive.org/web/20230922003459/https://www.zijinmining.com/global/program-detail-71736.htm, https://web.archive.org/web/20220629060205/https://www.zijinmining.com/global/program-detail-71736.htm
G9: =MAX(G$4:G8) + 1 -> 5 | I9: =ROMAN(G9, 0) -> V | K9: Zijin website 2024 performance | Q9: https://www.zijinmining.com/investor/2024-newyeji.htm
G10: =MAX(G$4:G9) + 1 -> 6 | I10: =ROMAN(G10, 0) -> VI | K10: Zijin website 2023 performance | Q10: https://www.zijinmining.com/investor/2023-newyeji.htm
G11: =MAX(G$4:G10) + 1 -> 7 | I11: =ROMAN(G11, 0) -> VII | K11: Zijin website 2022 performance | Q11: https://www.zijinmining.com/investor/newyeji.htm
G12: =MAX(G$4:G11) + 1 -> 8 | I12: =ROMAN(G12, 0) -> VIII | K12: Zijin website 2021 performance | Q12: https://www.zijinmining.com/investor/2021yeji.htm
G13: =MAX(G$4:G12) + 1 -> 9 | I13: =ROMAN(G13, 0) -> IX | K13: Zijin annual reports | Q13: https://drive.google.com/drive/folders/17oki8G8Vmo45rzShhMDmcW7ZetjbbETX?usp=drive_link | S13: 2014-2023, 2024 Annual Results
G14: =MAX(G$4:G13) + 1 -> 10 | I14: =ROMAN(G14, 0) -> X | K14: EITI reports | Q14: https://drive.google.com/file/d/1zZNAJjpQVCpyfZ60ADflVlYikCZCBHJp/view?usp=drive_link , https://drive.google.com/file/d/1VjfXcMp5uo7Y9Lf48i959TJuUdmc6wW4/view?usp=drive_link , https://drive.google.com/file/d/1O9SGqUhwlJVytfyFjEFzggj8DKo6uoPA/view?usp=drive_link | S14: EITI 2019-20, 2020-21, 2022 reports
G15: =MAX(G$4:G14) + 1 -> 11 | I15: =ROMAN(G15, 0) -> XI | K15: EITI fiscal payments | Q15: https://drive.google.com/file/d/1mkyMn_ETxnGRquTUADlD_NRemvXZjSBg/view?usp=drive_link
G16: =MAX(G$4:G15) + 1 -> 12 | I16: =ROMAN(G16, 0) -> XII | K16: EITI payments data 2018-2021 | Q16: https://docs.google.com/spreadsheets/d/15p_FH1FX15mGqfy-HsV0N7aZcp1vR_GT5r9PKbpJkLw/edit?usp=drive_link
G18: =MAX(G$4:G17) + 1 -> 13 | I18: =ROMAN(G18, 0) -> XIII | K18: Congo mines data | Q18: https://drive.google.com/drive/folders/1AP5l7brreAImnxNxYKJ1ACR5ruVFrPAR?usp=drive_link
G19: =MAX(G$4:G18) + 1 -> 14 | I19: =ROMAN(G19, 0) -> XIV | K19: Ministry of Mining Access Database | Q19: https://drive.google.com/file/d/1acgOf_gu5P4NKngfUx6VoiFMh3rdHRVK/view?usp=drive_link
G20: =MAX(G$4:G19) + 1 -> 15 | I20: =ROMAN(G20, 0) -> XV | K20: IMF commodity historic price | Q20: https://www.imf.org/en/Research/commodity-prices
G21: =MAX(G$4:G20) + 1 -> 16 | I21: =ROMAN(G21, 0) -> XVI | K21: Cobalt historic prices | Q21: https://www.investing.com/commodities/cobalt-historical-data
G22: =MAX(G$4:G21) + 1 -> 17 | I22: =ROMAN(G22, 0) -> XVII | K22: Cobalt forecast prices | Q22: https://tradingeconomics.com/commodity/cobalt
G23: =MAX(G$4:G22) + 1 -> 18 | I23: =ROMAN(G23, 0) -> XVIII | K23: Old first year capital allowance | Q23: https://leganet.cd/Legislation/Droit%20economique/Code%20Minier/cd-codeminier.pdf | S23: Article 249
G24: =MAX(G$4:G23) + 1 -> 19 | I24: =ROMAN(G24, 0) -> XIX | K24: 2018 Mining Code (english) | Q24: https://drive.google.com/file/d/1-WFN0pMjh-QOiPF27wHR3alSun3vEqt6/view?usp=drive_link | S24: Article 246 for Dividend WHT rate
G25: =MAX(G$4:G24) + 1 -> 20 | I25: =ROMAN(G25, 0) -> XX | K25: Global Commodity Price File | O25: "LME Cu" sheet, Derived from KME Copper Trading | Q25: https://drive.google.com/file/d/1KbnkjA1oTHUDlzlAB16U0qADPtBLKndD/view?usp=drive_link
G26: =MAX(G$4:G25) + 1 -> 21 | I26: =ROMAN(G26, 0) -> XXI | K26: Global Commodity Price File | O26: "Comex_Cu_M" sheet, Derived from Macrotrends | Q26: https://drive.google.com/file/d/1KbnkjA1oTHUDlzlAB16U0qADPtBLKndD/view?usp=drive_link
G27: =MAX(G$4:G26) + 1 -> 22 | I27: =ROMAN(G27, 0) -> XXII | K27: Global Commodity Price File | O27: "Comex_Fut_M" sheet, Derived from Investing.com | Q27: https://drive.google.com/file/d/1KbnkjA1oTHUDlzlAB16U0qADPtBLKndD/view?usp=drive_link
G28: =MAX(G$4:G27) + 1 -> 23 | I28: =ROMAN(G28, 0) -> XXIII | K28: Global Commodity Price File | O28: "DRC CB Cob" sheet, Derived from Banque Centrale website | Q28: https://drive.google.com/file/d/1KbnkjA1oTHUDlzlAB16U0qADPtBLKndD/view?usp=drive_link
G29: =MAX(G$4:G28) + 1 -> 24 | I29: =ROMAN(G29, 0) -> XXIV | K29: Global Commodity Price File | O29: "Cu IMF" sheet, derived from IMF Commodity Portal | Q29: https://drive.google.com/file/d/1KbnkjA1oTHUDlzlAB16U0qADPtBLKndD/view?usp=drive_link
G30: =MAX(G$4:G29) + 1 -> 25 | I30: =ROMAN(G30, 0) -> XXV | K30: 2002 Mining Code | Q30: https://drive.google.com/file/d/17WHverCLef8_VEt29b79k6DddrgRFoIU/view?usp=drive_link
G32: =MAX(G$4:G31) + 1 -> 26 | I32: =ROMAN(G32, 0) -> XXVI | K32: Somidez cobalt purchase agreement | Q32: https://drive.google.com/file/d/1iGSo1zWx-mD1FaeMFQS9ppss_Som0xcB/view?usp=drive_link
G33: 27 | I33: =ROMAN(G33, 0) -> XXVII | K33: Somidez copper purchase agreement | Q33: https://drive.google.com/file/d/15zIZUZZ3R_BnIYOTD-HrOYBCElQMt3ZR/view
G39: 1000 | I39: =ROMAN(G39, 0) -> M | K39: COMMUS Feasibility Study

Sheet Inputs_ FS
A1: =RIGHT(CELL("filename", $A$3), LEN(CELL("filename", $A$3)) - SEARCH("]", CELL("filename", $A$3))) -> Inputs_ FS
F2: =Inputs_TS!F2 -> 0 | G2: Error chks | K2: ='T&E'!K$9 -> 2006 | L2: ='T&E'!L$9 -> 2007 | M2: ='T&E'!M$9 -> 2008 | N2: ='T&E'!N$9 -> 2009 | O2: ='T&E'!O$9 -> 2010 | P2: ='T&E'!P$9 -> 2011 | Q2: ='T&E'!Q$9 -> 2012 | R2: ='T&E'!R$9 -> 2013 | ... AS2: ='T&E'!AS$9 -> 2040
F3: =Inputs_Con!F$3 -> 0 | G3: Track chgs | K3: Actual | L3: Actual | M3: Actual | N3: Actual | O3: Actual | P3: Actual | Q3: Actual | R3: Actual | S3: Actual | T3: Actual | U3: Actual | V3: Actual | W3: Actual | X3: Actual | Y3: Actual | Z3: Actual | AA3: Actual | AB3: Actual | AC3: Actual | AD3: Forecast | AE3: Forecast | AF3: Forecast | AG3: Forecast | AH3: Forecast | AI3: Forecast | AJ3: Forecast | AK3: Forecast | AL3: Forecast | AM3: Forecast | AN3: Forecast | AO3: Forecast | AP3: Forecast | AQ3: Forecast | AR3: Forecast | AS3: Forecast
F4: Constant | G4: Units | H4: Source / Comments | K4: ='T&E'!K$11 -> 1 | L4: ='T&E'!L$11 -> 2 | M4: ='T&E'!M$11 -> 3 | N4: ='T&E'!N$11 -> 4 | O4: ='T&E'!O$11 -> 5 | P4: ='T&E'!P$11 -> 6 | Q4: ='T&E'!Q$11 -> 7 | R4: ='T&E'!R$11 -> 8 | ... AS4: ='T&E'!AS$11 -> 35
A6: 2022 Feasibility Study
B8: Production
C9: Table 7.36
E10: Copper cathode: FS table | G10: tonnes | H10: =Sources!I$39 -> M | I10: =SUM(K10:AP10) -> 443825 | X10: 26145 | Y10: 57390 | Z10: 59899 | AA10: 73852 | AB10: 60290 | AI10: 68878 | AJ10: 68878 | AK10: 28493
E11: Blister copper: FS table | G11: tonnes | H11: =Sources!I$39 -> M | I11: =SUM(K11:AP11) -> 223496 | V11: 11808 | W11: 29048 | X11: 34233 | Y11: 32411 | Z11: 24924 | AA11: 22433 | AB11: 21362 | AI11: 19587 | AJ11: 19587 | AK11: 8103
E12: Copper matt: FS table | G12: tonnes | H12: =Sources!I$39 -> M | I12: =SUM(K12:AP12) -> 25209 | V12: 735 | W12: 4026 | X12: 3910 | Y12: 3656 | Z12: 1848 | AA12: 2275 | AB12: 3507 | AI12: 2176 | AJ12: 2176 | AK12: 900
E13: Copper sulfide concentrates: FS table | G13: tonnes | H13: =Sources!I$39 -> M | I13: =SUM(K13:AP13) -> 372689 | V13: 22146 | W13: 71511 | X13: 61170 | Y13: 36712 | Z13: 116222 | AA13: 40314 | AB13: 24614
E14: Copper oxide concentrates: FS table | G14: tonnes | H14: =Sources!I$39 -> M | I14: =SUM(K14:AP14) -> 42057 | V14: 5003 | W14: 7379 | X14: 5794 | Y14: 1079 | Z14: 12902 | AA14: 8220 | AB14: 1680
E16: Cobalt: FS table | G16: tonnes | H16: =Sources!I$39 -> M | I16: =SUM(K16:AP16) -> 10015.26 | X16: 708.03 | Y16: 1423.08 | Z16: 1606.93 | AA16: 2506.18 | AB16: 1678.94 | AJ16: 1479.91 | AK16: 612.19
E18: Copper cathode: FS totals | F18: 939749 | G18: tonnes | H18: =Sources!I$39 -> M
E19: Blister copper: FS totals | F19: 364525 | G19: tonnes | H19: =Sources!I$39 -> M
E20: Copper matt: FS totals | F20: 40880 | G20: tonnes | H20: =Sources!I$39 -> M
E21: Copper sulfide concentrates: FS totals | F21: 372689 | G21: tonnes | H21: =Sources!I$39 -> M
E22: Copper oxide concentrates: FS totals | F22: 50936 | G22: tonnes | H22: =Sources!I$39 -> M
E24: Cobalt: FS totals | F24: 22151 | G24: tonnes | H24: =Sources!I$39 -> M
B26: Prices
C27: Table 7.36
E28: Copper price: FS | G28: $ /tCu | H28: =Sources!I$39 -> M | V28: 5370 | W28: 6009 | X28: 5535 | Y28: 5998 | Z28: 8360 | AA28: 6819 | AB28: 8000 | AC28: 8000 | AD28: 8000 | AE28: 8000 | AF28: 8000 | AG28: 8000 | AH28: 8000 | AI28: 8000 | AJ28: 8000 | AK28: 8000
E29: Copper cathode price | G29: $ /tCu | H29: =Sources!I$39 -> M | X29: 5535 | Y29: 5998 | Z29: 8360 | AA29: 6819 | AB29: 8000 | AC29: 8000 | AD29: 8000 | AE29: 8000 | AF29: 8000 | AG29: 8000 | AH29: 8000 | AI29: 8000 | AJ29: 8000 | AK29: 8000
E30: Blister copper price | G30: $ /tCu | H30: =Sources!I$39 -> M | V30: 5354 | W30: 5991 | X30: 5519 | Y30: 5980 | Z30: 8335 | AA30: 6798 | AB30: 7976 | AC30: 7976 | AD30: 7976 | AE30: 7976 | AF30: 7976 | AG30: 7976 | AH30: 7976 | AI30: 7976 | AJ30: 7976 | AK30: 7976
E31: Copper matt price | G31: $ /tCu | H31: =Sources!I$39 -> M | V31: 4296 | W31: 4807 | X31: 4428 | Y31: 4799 | Z31: 6688 | AA31: 5455 | AB31: 6400 | AC31: 6400 | AD31: 6400 | AE31: 6400 | AF31: 6400 | AG31: 6400 | AH31: 6400 | AI31: 6400 | AJ31: 6400 | AK31: 6400
